Workbook
Name DSGDEB: #REF!
Name DSGDEB: #REF!
Name qsel_DeutschlandtarifLayouts: #REF!
Name qsel_DeutschlandtarifLayouts: #REF!
Name TM1REBUILDOPTION: 1

Sheet intern_Zuordnung_Angebot_Cluste
A1: RowNum | B1: Verkehr | C1: Gattung | D1: Datumsindex | E1: Mandant | F1: gueltig_von | G1: gueltig_bis | H1: Ticketcluster | K1: Check: | L1: Anzahl Datensätze auf "VerkGatt" | O1: =COUNTA(VerkGatt!E:E)-1 -> 338
B2: number(3) | C2: number(3) | D2: number(2) | E2: number(7) | F2: datetime(dd-mm-yyyy 00:00:00) | G2: datetime(dd-mm-yyyy 00:00:00) | H2: number(3) | L2: Anzahl Datensätze hier | O2: =COUNTA(C:C)-4 -> 2407
B3: Index_1 | C3: Index_2 | D3: Index_3 | E3: Index_4 | F3: Result_1 | G3: Result_2 | H3: Result_3
B4: ja | C4: ja | D4: nein | E4: ja | F4: ja | G4: ja | H4: ja
A5: bleibt leer | D5: Konstante 1 | E5: Konstante 10000
B6: =+VerkGatt!#REF! -> #REF! | C6: =+VerkGatt!#REF! -> #REF! | D6: 1 | E6: 10000 | F6: =+VerkGatt!#REF! -> #REF! | G6: =+VerkGatt!#REF! -> #REF! | H6: =+VerkGatt!#REF! -> #REF!
B7: =+VerkGatt!#REF! -> #REF! | C7: =+VerkGatt!#REF! -> #REF! | D7: 1 | E7: 10000 | F7: =+VerkGatt!#REF! -> #REF! | G7: =+VerkGatt!#REF! -> #REF! | H7: =+VerkGatt!#REF! -> #REF!
B8: =+VerkGatt!#REF! -> #REF! | C8: =+VerkGatt!#REF! -> #REF! | D8: 1 | E8: 10000 | F8: =+VerkGatt!#REF! -> #REF! | G8: =+VerkGatt!#REF! -> #REF! | H8: =+VerkGatt!#REF! -> #REF!
B9: =+VerkGatt!#REF! -> #REF! | C9: =+VerkGatt!#REF! -> #REF! | D9: 1 | E9: 10000 | F9: =+VerkGatt!#REF! -> #REF! | G9: =+VerkGatt!#REF! -> #REF! | H9: =+VerkGatt!#REF! -> #REF!
B10: =+VerkGatt!#REF! -> #REF! | C10: =+VerkGatt!#REF! -> #REF! | D10: 1 | E10: 10000 | F10: =+VerkGatt!#REF! -> #REF! | G10: =+VerkGatt!#REF! -> #REF! | H10: =+VerkGatt!#REF! -> #REF!
B11: =+VerkGatt!#REF! -> #REF! | C11: =+VerkGatt!#REF! -> #REF! | D11: 1 | E11: 10000 | F11: =+VerkGatt!#REF! -> #REF! | G11: =+VerkGatt!#REF! -> #REF! | H11: =+VerkGatt!#REF! -> #REF!
B12: =+VerkGatt!#REF! -> #REF! | C12: =+VerkGatt!#REF! -> #REF! | D12: 1 | E12: 10000 | F12: =+VerkGatt!#REF! -> #REF! | G12: =+VerkGatt!#REF! -> #REF! | H12: =+VerkGatt!#REF! -> #REF!
B13: =+VerkGatt!#REF! -> #REF! | C13: =+VerkGatt!#REF! -> #REF! | D13: 1 | E13: 10000 | F13: =+VerkGatt!#REF! -> #REF! | G13: =+VerkGatt!#REF! -> #REF! | H13: =+VerkGatt!#REF! -> #REF!
B14: =+VerkGatt!#REF! -> #REF! | C14: =+VerkGatt!#REF! -> #REF! | D14: 1 | E14: 10000 | F14: =+VerkGatt!#REF! -> #REF! | G14: =+VerkGatt!#REF! -> #REF! | H14: =+VerkGatt!#REF! -> #REF!
B15: =+VerkGatt!#REF! -> #REF! | C15: =+VerkGatt!#REF! -> #REF! | D15: 1 | E15: 10000 | F15: =+VerkGatt!#REF! -> #REF! | G15: =+VerkGatt!#REF! -> #REF! | H15: =+VerkGatt!#REF! -> #REF!
B16: =+VerkGatt!#REF! -> #REF! | C16: =+VerkGatt!#REF! -> #REF! | D16: 1 | E16: 10000 | F16: =+VerkGatt!#REF! -> #REF! | G16: =+VerkGatt!#REF! -> #REF! | H16: =+VerkGatt!#REF! -> #REF!
B17: =+VerkGatt!#REF! -> #REF! | C17: =+VerkGatt!#REF! -> #REF! | D17: 1 | E17: 10000 | F17: =+VerkGatt!#REF! -> #REF! | G17: =+VerkGatt!#REF! -> #REF! | H17: =+VerkGatt!#REF! -> #REF!
B18: =+VerkGatt!C2 -> 3 | C18: =+VerkGatt!E2 -> 179 | D18: 1 | E18: 10000 | F18: =+VerkGatt!V2 -> 44562 | G18: =+VerkGatt!W2 -> 54788 | H18: =+VerkGatt!S2 -> 5
B19: =+VerkGatt!C3 -> 35 | C19: =+VerkGatt!E3 -> 850 | D19: 1 | E19: 10000 | F19: =+VerkGatt!V3 -> 44562 | G19: =+VerkGatt!W3 -> 45639 | H19: =+VerkGatt!S3 -> 2
B20: =+VerkGatt!#REF! -> #REF! | C20: =+VerkGatt!#REF! -> #REF! | D20: 1 | E20: 10000 | F20: =+VerkGatt!#REF! -> #REF! | G20: =+VerkGatt!#REF! -> #REF! | H20: =+VerkGatt!#REF! -> #REF!
B21: =+VerkGatt!#REF! -> #REF! | C21: =+VerkGatt!#REF! -> #REF! | D21: 1 | E21: 10000 | F21: =+VerkGatt!#REF! -> #REF! | G21: =+VerkGatt!#REF! -> #REF! | H21: =+VerkGatt!#REF! -> #REF!
B22: =+VerkGatt!#REF! -> #REF! | C22: =+VerkGatt!#REF! -> #REF! | D22: 1 | E22: 10000 | F22: =+VerkGatt!#REF! -> #REF! | G22: =+VerkGatt!#REF! -> #REF! | H22: =+VerkGatt!#REF! -> #REF!
B23: =+VerkGatt!C4 -> 35 | C23: =+VerkGatt!E4 -> 846 | D23: 1 | E23: 10000 | F23: =+VerkGatt!V4 -> 44562 | G23: =+VerkGatt!W4 -> 45639 | H23: =+VerkGatt!S4 -> 2
B24: =+VerkGatt!C5 -> 154 | C24: =+VerkGatt!E5 -> 31 | D24: 1 | E24: 10000 | F24: =+VerkGatt!V5 -> 44562 | G24: =+VerkGatt!W5 -> 54788 | H24: =+VerkGatt!S5 -> 2
B25: =+VerkGatt!#REF! -> #REF! | C25: =+VerkGatt!#REF! -> #REF! | D25: 1 | E25: 10000 | F25: =+VerkGatt!#REF! -> #REF! | G25: =+VerkGatt!#REF! -> #REF! | H25: =+VerkGatt!#REF! -> #REF!
B26: =+VerkGatt!C6 -> 154 | C26: =+VerkGatt!E6 -> 30 | D26: 1 | E26: 10000 | F26: =+VerkGatt!V6 -> 44562 | G26: =+VerkGatt!W6 -> 54788 | H26: =+VerkGatt!S6 -> 2
B27: =+VerkGatt!C7 -> 154 | C27: =+VerkGatt!E7 -> 107 | D27: 1 | E27: 10000 | F27: =+VerkGatt!V7 -> 44562 | G27: =+VerkGatt!W7 -> 54788 | H27: =+VerkGatt!S7 -> 2
B28: =+VerkGatt!#REF! -> #REF! | C28: =+VerkGatt!#REF! -> #REF! | D28: 1 | E28: 10000 | F28: =+VerkGatt!#REF! -> #REF! | G28: =+VerkGatt!#REF! -> #REF! | H28: =+VerkGatt!#REF! -> #REF!
B29: =+VerkGatt!C8 -> 154 | C29: =+VerkGatt!E8 -> 106 | D29: 1 | E29: 10000 | F29: =+VerkGatt!V8 -> 44562 | G29: =+VerkGatt!W8 -> 54788 | H29: =+VerkGatt!S8 -> 2
B30: =+VerkGatt!#REF! -> #REF! | C30: =+VerkGatt!#REF! -> #REF! | D30: 1 | E30: 10000 | F30: =+VerkGatt!#REF! -> #REF! | G30: =+VerkGatt!#REF! -> #REF! | H30: =+VerkGatt!#REF! -> #REF!
B31: =+VerkGatt!C9 -> 154 | C31: =+VerkGatt!E9 -> 108 | D31: 1 | E31: 10000 | F31: =+VerkGatt!V9 -> 44562 | G31: =+VerkGatt!W9 -> 54788 | H31: =+VerkGatt!S9 -> 2
B32: =+VerkGatt!C10 -> 154 | C32: =+VerkGatt!E10 -> 21 | D32: 1 | E32: 10000 | F32: =+VerkGatt!V10 -> 44562 | G32: =+VerkGatt!W10 -> 54788 | H32: =+VerkGatt!S10 -> 2
B33: =+VerkGatt!#REF! -> #REF! | C33: =+VerkGatt!#REF! -> #REF! | D33: 1 | E33: 10000 | F33: =+VerkGatt!#REF! -> #REF! | G33: =+VerkGatt!#REF! -> #REF! | H33: =+VerkGatt!#REF! -> #REF!
B34: =+VerkGatt!#REF! -> #REF! | C34: =+VerkGatt!#REF! -> #REF! | D34: 1 | E34: 10000 | F34: =+VerkGatt!#REF! -> #REF! | G34: =+VerkGatt!#REF! -> #REF! | H34: =+VerkGatt!#REF! -> #REF!
B35: =+VerkGatt!C11 -> 154 | C35: =+VerkGatt!E11 -> 20 | D35: 1 | E35: 10000 | F35: =+VerkGatt!V11 -> 44562 | G35: =+VerkGatt!W11 -> 45639 | H35: =+VerkGatt!S11 -> 2
B36: =+VerkGatt!#REF! -> #REF! | C36: =+VerkGatt!#REF! -> #REF! | D36: 1 | E36: 10000 | F36: =+VerkGatt!#REF! -> #REF! | G36: =+VerkGatt!#REF! -> #REF! | H36: =+VerkGatt!#REF! -> #REF!
B37: =+VerkGatt!C12 -> 154 | C37: =+VerkGatt!E12 -> 104 | D37: 1 | E37: 10000 | F37: =+VerkGatt!V12 -> 44562 | G37: =+VerkGatt!W12 -> 45639 | H37: =+VerkGatt!S12 -> 2
B38: =+VerkGatt!C13 -> 154 | C38: =+VerkGatt!E13 -> 103 | D38: 1 | E38: 10000 | F38: =+VerkGatt!V13 -> 44562 | G38: =+VerkGatt!W13 -> 45639 | H38: =+VerkGatt!S13 -> 2
B39: =+VerkGatt!C14 -> 154 | C39: =+VerkGatt!E14 -> 105 | D39: 1 | E39: 10000 | F39: =+VerkGatt!V14 -> 44562 | G39: =+VerkGatt!W14 -> 54788 | H39: =+VerkGatt!S14 -> 2
B40: =+VerkGatt!C15 -> 154 | C40: =+VerkGatt!E15 -> 41 | D40: 1 | E40: 10000 | F40: =+VerkGatt!V15 -> 44562 | G40: =+VerkGatt!W15 -> 54788 | H40: =+VerkGatt!S15 -> 2
B41: =+VerkGatt!C16 -> 154 | C41: =+VerkGatt!E16 -> 40 | D41: 1 | E41: 10000 | F41: =+VerkGatt!V16 -> 44562 | G41: =+VerkGatt!W16 -> 54788 | H41: =+VerkGatt!S16 -> 2
B42: =+VerkGatt!C17 -> 154 | C42: =+VerkGatt!E17 -> 110 | D42: 1 | E42: 10000 | F42: =+VerkGatt!V17 -> 44562 | G42: =+VerkGatt!W17 -> 54788 | H42: =+VerkGatt!S17 -> 2
B43: =+VerkGatt!C18 -> 154 | C43: =+VerkGatt!E18 -> 109 | D43: 1 | E43: 10000 | F43: =+VerkGatt!V18 -> 44562 | G43: =+VerkGatt!W18 -> 54788 | H43: =+VerkGatt!S18 -> 2
B44: =+VerkGatt!#REF! -> #REF! | C44: =+VerkGatt!#REF! -> #REF! | D44: 1 | E44: 10000 | F44: =+VerkGatt!#REF! -> #REF! | G44: =+VerkGatt!#REF! -> #REF! | H44: =+VerkGatt!#REF! -> #REF!
B45: =+VerkGatt!#REF! -> #REF! | C45: =+VerkGatt!#REF! -> #REF! | D45: 1 | E45: 10000 | F45: =+VerkGatt!#REF! -> #REF! | G45: =+VerkGatt!#REF! -> #REF! | H45: =+VerkGatt!#REF! -> #REF!
B46: =+VerkGatt!C19 -> 154 | C46: =+VerkGatt!E19 -> 111 | D46: 1 | E46: 10000 | F46: =+VerkGatt!V19 -> 44562 | G46: =+VerkGatt!W19 -> 54788 | H46: =+VerkGatt!S19 -> 2
B47: =+VerkGatt!#REF! -> #REF! | C47: =+VerkGatt!#REF! -> #REF! | D47: 1 | E47: 10000 | F47: =+VerkGatt!#REF! -> #REF! | G47: =+VerkGatt!#REF! -> #REF! | H47: =+VerkGatt!#REF! -> #REF!
B48: =+VerkGatt!#REF! -> #REF! | C48: =+VerkGatt!#REF! -> #REF! | D48: 1 | E48: 10000 | F48: =+VerkGatt!#REF! -> #REF! | G48: =+VerkGatt!#REF! -> #REF! | H48: =+VerkGatt!#REF! -> #REF!
B49: =+VerkGatt!C20 -> 154 | C49: =+VerkGatt!E20 -> 1 | D49: 1 | E49: 10000 | F49: =+VerkGatt!V20 -> 44562 | G49: =+VerkGatt!W20 -> 54788 | H49: =+VerkGatt!S20 -> 1
B50: =+VerkGatt!#REF! -> #REF! | C50: =+VerkGatt!#REF! -> #REF! | D50: 1 | E50: 10000 | F50: =+VerkGatt!#REF! -> #REF! | G50: =+VerkGatt!#REF! -> #REF! | H50: =+VerkGatt!#REF! -> #REF!
B51: =+VerkGatt!C21 -> 154 | C51: =+VerkGatt!E21 -> 2 | D51: 1 | E51: 10000 | F51: =+VerkGatt!V21 -> 44562 | G51: =+VerkGatt!W21 -> 54788 | H51: =+VerkGatt!S21 -> 1
B52: =+VerkGatt!C22 -> 154 | C52: =+VerkGatt!E22 -> 3 | D52: 1 | E52: 10000 | F52: =+VerkGatt!V22 -> 44562 | G52: =+VerkGatt!W22 -> 54788 | H52: =+VerkGatt!S22 -> 4
B53: =+VerkGatt!C23 -> 154 | C53: =+VerkGatt!E23 -> 4 | D53: 1 | E53: 10000 | F53: =+VerkGatt!V23 -> 44562 | G53: =+VerkGatt!W23 -> 54788 | H53: =+VerkGatt!S23 -> 1
B54: =+VerkGatt!C24 -> 154 | C54: =+VerkGatt!E24 -> 11 | D54: 1 | E54: 10000 | F54: =+VerkGatt!V24 -> 44562 | G54: =+VerkGatt!W24 -> 54788 | H54: =+VerkGatt!S24 -> 1
B55: =+VerkGatt!C25 -> 154 | C55: =+VerkGatt!E25 -> 12 | D55: 1 | E55: 10000 | F55: =+VerkGatt!V25 -> 44562 | G55: =+VerkGatt!W25 -> 54788 | H55: =+VerkGatt!S25 -> 1
B56: =+VerkGatt!C26 -> 154 | C56: =+VerkGatt!E26 -> 101 | D56: 1 | E56: 10000 | F56: =+VerkGatt!V26 -> 44562 | G56: =+VerkGatt!W26 -> 54788 | H56: =+VerkGatt!S26 -> 1
B57: =+VerkGatt!#REF! -> #REF! | C57: =+VerkGatt!#REF! -> #REF! | D57: 1 | E57: 10000 | F57: =+VerkGatt!#REF! -> #REF! | G57: =+VerkGatt!#REF! -> #REF! | H57: =+VerkGatt!#REF! -> #REF!
B58: =+VerkGatt!C27 -> 154 | C58: =+VerkGatt!E27 -> 102 | D58: 1 | E58: 10000 | F58: =+VerkGatt!V27 -> 44562 | G58: =+VerkGatt!W27 -> 54788 | H58: =+VerkGatt!S27 -> 1
B59: =+VerkGatt!C28 -> 3 | C59: =+VerkGatt!E28 -> 393 | D59: 1 | E59: 10000 | F59: =+VerkGatt!V28 -> 44562 | G59: =+VerkGatt!W28 -> 45640 | H59: =+VerkGatt!S28 -> 4
B60: =+VerkGatt!C29 -> 3 | C60: =+VerkGatt!E29 -> 85 | D60: 1 | E60: 10000 | F60: =+VerkGatt!V29 -> 44562 | G60: =+VerkGatt!W29 -> 54788 | H60: =+VerkGatt!S29 -> 5
B61: =+VerkGatt!#REF! -> #REF! | C61: =+VerkGatt!#REF! -> #REF! | D61: 1 | E61: 10000 | F61: =+VerkGatt!#REF! -> #REF! | G61: =+VerkGatt!#REF! -> #REF! | H61: =+VerkGatt!#REF! -> #REF!
B62: =+VerkGatt!#REF! -> #REF! | C62: =+VerkGatt!#REF! -> #REF! | D62: 1 | E62: 10000 | F62: =+VerkGatt!#REF! -> #REF! | G62: =+VerkGatt!#REF! -> #REF! | H62: =+VerkGatt!#REF! -> #REF!
B63: =+VerkGatt!C30 -> 30 | C63: =+VerkGatt!E30 -> 47 | D63: 1 | E63: 10000 | F63: =+VerkGatt!V30 -> 44562 | G63: =+VerkGatt!W30 -> 54788 | H63: =+VerkGatt!S30 -> 5
B64: =+VerkGatt!#REF! -> #REF! | C64: =+VerkGatt!#REF! -> #REF! | D64: 1 | E64: 10000 | F64: =+VerkGatt!#REF! -> #REF! | G64: =+VerkGatt!#REF! -> #REF! | H64: =+VerkGatt!#REF! -> #REF!
B65: =+VerkGatt!C31 -> 30 | C65: =+VerkGatt!E31 -> 48 | D65: 1 | E65: 10000 | F65: =+VerkGatt!V31 -> 44562 | G65: =+VerkGatt!W31 -> 54788 | H65: =+VerkGatt!S31 -> 5
B66: =+VerkGatt!C32 -> 30 | C66: =+VerkGatt!E32 -> 57 | D66: 1 | E66: 10000 | F66: =+VerkGatt!V32 -> 44562 | G66: =+VerkGatt!W32 -> 54788 | H66: =+VerkGatt!S32 -> 5
B67: =+VerkGatt!C33 -> 30 | C67: =+VerkGatt!E33 -> 58 | D67: 1 | E67: 10000 | F67: =+VerkGatt!V33 -> 44562 | G67: =+VerkGatt!W33 -> 54788 | H67: =+VerkGatt!S33 -> 5
B68: =+VerkGatt!#REF! -> #REF! | C68: =+VerkGatt!#REF! -> #REF! | D68: 1 | E68: 10000 | F68: =+VerkGatt!#REF! -> #REF! | G68: =+VerkGatt!#REF! -> #REF! | H68: =+VerkGatt!#REF! -> #REF!
B69: =+VerkGatt!#REF! -> #REF! | C69: =+VerkGatt!#REF! -> #REF! | D69: 1 | E69: 10000 | F69: =+VerkGatt!#REF! -> #REF! | G69: =+VerkGatt!#REF! -> #REF! | H69: =+VerkGatt!#REF! -> #REF!
B70: =+VerkGatt!#REF! -> #REF! | C70: =+VerkGatt!#REF! -> #REF! | D70: 1 | E70: 10000 | F70: =+VerkGatt!#REF! -> #REF! | G70: =+VerkGatt!#REF! -> #REF! | H70: =+VerkGatt!#REF! -> #REF!
B71: =+VerkGatt!#REF! -> #REF! | C71: =+VerkGatt!#REF! -> #REF! | D71: 1 | E71: 10000 | F71: =+VerkGatt!#REF! -> #REF! | G71: =+VerkGatt!#REF! -> #REF! | H71: =+VerkGatt!#REF! -> #REF!
B72: =+VerkGatt!#REF! -> #REF! | C72: =+VerkGatt!#REF! -> #REF! | D72: 1 | E72: 10000 | F72: =+VerkGatt!#REF! -> #REF! | G72: =+VerkGatt!#REF! -> #REF! | H72: =+VerkGatt!#REF! -> #REF!
B73: =+VerkGatt!#REF! -> #REF! | C73: =+VerkGatt!#REF! -> #REF! | D73: 1 | E73: 10000 | F73: =+VerkGatt!#REF! -> #REF! | G73: =+VerkGatt!#REF! -> #REF! | H73: =+VerkGatt!#REF! -> #REF!
B74: =+VerkGatt!#REF! -> #REF! | C74: =+VerkGatt!#REF! -> #REF! | D74: 1 | E74: 10000 | F74: =+VerkGatt!#REF! -> #REF! | G74: =+VerkGatt!#REF! -> #REF! | H74: =+VerkGatt!#REF! -> #REF!
B75: =+VerkGatt!C34 -> 180 | C75: =+VerkGatt!E34 -> 32 | D75: 1 | E75: 10000 | F75: =+VerkGatt!V34 -> 44805 | G75: =+VerkGatt!W34 -> 54788 | H75: =+VerkGatt!S34 -> 4
B76: =+VerkGatt!#REF! -> #REF! | C76: =+VerkGatt!#REF! -> #REF! | D76: 1 | E76: 10000 | F76: =+VerkGatt!#REF! -> #REF! | G76: =+VerkGatt!#REF! -> #REF! | H76: =+VerkGatt!#REF! -> #REF!
B77: =+VerkGatt!#REF! -> #REF! | C77: =+VerkGatt!#REF! -> #REF! | D77: 1 | E77: 10000 | F77: =+VerkGatt!#REF! -> #REF! | G77: =+VerkGatt!#REF! -> #REF! | H77: =+VerkGatt!#REF! -> #REF!
B78: =+VerkGatt!#REF! -> #REF! | C78: =+VerkGatt!#REF! -> #REF! | D78: 1 | E78: 10000 | F78: =+VerkGatt!#REF! -> #REF! | G78: =+VerkGatt!#REF! -> #REF! | H78: =+VerkGatt!#REF! -> #REF!
B79: =+VerkGatt!#REF! -> #REF! | C79: =+VerkGatt!#REF! -> #REF! | D79: 1 | E79: 10000 | F79: =+VerkGatt!#REF! -> #REF! | G79: =+VerkGatt!#REF! -> #REF! | H79: =+VerkGatt!#REF! -> #REF!
B80: =+VerkGatt!#REF! -> #REF! | C80: =+VerkGatt!#REF! -> #REF! | D80: 1 | E80: 10000 | F80: =+VerkGatt!#REF! -> #REF! | G80: =+VerkGatt!#REF! -> #REF! | H80: =+VerkGatt!#REF! -> #REF!
B81: =+VerkGatt!#REF! -> #REF! | C81: =+VerkGatt!#REF! -> #REF! | D81: 1 | E81: 10000 | F81: =+VerkGatt!#REF! -> #REF! | G81: =+VerkGatt!#REF! -> #REF! | H81: =+VerkGatt!#REF! -> #REF!
B82: =+VerkGatt!#REF! -> #REF! | C82: =+VerkGatt!#REF! -> #REF! | D82: 1 | E82: 10000 | F82: =+VerkGatt!#REF! -> #REF! | G82: =+VerkGatt!#REF! -> #REF! | H82: =+VerkGatt!#REF! -> #REF!
B83: =+VerkGatt!#REF! -> #REF! | C83: =+VerkGatt!#REF! -> #REF! | D83: 1 | E83: 10000 | F83: =+VerkGatt!#REF! -> #REF! | G83: =+VerkGatt!#REF! -> #REF! | H83: =+VerkGatt!#REF! -> #REF!
B84: =+VerkGatt!#REF! -> #REF! | C84: =+VerkGatt!#REF! -> #REF! | D84: 1 | E84: 10000 | F84: =+VerkGatt!#REF! -> #REF! | G84: =+VerkGatt!#REF! -> #REF! | H84: =+VerkGatt!#REF! -> #REF!
B85: =+VerkGatt!#REF! -> #REF! | C85: =+VerkGatt!#REF! -> #REF! | D85: 1 | E85: 10000 | F85: =+VerkGatt!#REF! -> #REF! | G85: =+VerkGatt!#REF! -> #REF! | H85: =+VerkGatt!#REF! -> #REF!
B86: =+VerkGatt!#REF! -> #REF! | C86: =+VerkGatt!#REF! -> #REF! | D86: 1 | E86: 10000 | F86: =+VerkGatt!#REF! -> #REF! | G86: =+VerkGatt!#REF! -> #REF! | H86: =+VerkGatt!#REF! -> #REF!
B87: =+VerkGatt!#REF! -> #REF! | C87: =+VerkGatt!#REF! -> #REF! | D87: 1 | E87: 10000 | F87: =+VerkGatt!#REF! -> #REF! | G87: =+VerkGatt!#REF! -> #REF! | H87: =+VerkGatt!#REF! -> #REF!
... B144: =+VerkGatt!#REF! -> #REF! | C144: =+VerkGatt!#REF! -> #REF! | D144: 1 | E144: 10000 | F144: =+VerkGatt!#REF! -> #REF! | G144: =+VerkGatt!#REF! -> #REF! | H144: =+VerkGatt!#REF! -> #REF!
B145: =+VerkGatt!C35 -> 180 | C145: =+VerkGatt!E35 -> 6 | D145: 1 | E145: 10000 | F145: =+VerkGatt!V35 -> 44562 | G145: =+VerkGatt!W35 -> 44770 | H145: =+VerkGatt!S35 -> 5
B146: =+VerkGatt!C36 -> 180 | C146: =+VerkGatt!E36 -> 7 | D146: 1 | E146: 10000 | F146: =+VerkGatt!V36 -> 44562 | G146: =+VerkGatt!W36 -> 44770 | H146: =+VerkGatt!S36 -> 5
B147: =+VerkGatt!#REF! -> #REF! | C147: =+VerkGatt!#REF! -> #REF! | D147: 1 | E147: 10000 | F147: =+VerkGatt!#REF! -> #REF! | G147: =+VerkGatt!#REF! -> #REF! | H147: =+VerkGatt!#REF! -> #REF!
B148: =+VerkGatt!#REF! -> #REF! | C148: =+VerkGatt!#REF! -> #REF! | D148: 1 | E148: 10000 | F148: =+VerkGatt!#REF! -> #REF! | G148: =+VerkGatt!#REF! -> #REF! | H148: =+VerkGatt!#REF! -> #REF!
B149: =+VerkGatt!#REF! -> #REF! | C149: =+VerkGatt!#REF! -> #REF! | D149: 1 | E149: 10000 | F149: =+VerkGatt!#REF! -> #REF! | G149: =+VerkGatt!#REF! -> #REF! | H149: =+VerkGatt!#REF! -> #REF!
B150: =+VerkGatt!#REF! -> #REF! | C150: =+VerkGatt!#REF! -> #REF! | D150: 1 | E150: 10000 | F150: =+VerkGatt!#REF! -> #REF! | G150: =+VerkGatt!#REF! -> #REF! | H150: =+VerkGatt!#REF! -> #REF!
B151: =+VerkGatt!#REF! -> #REF! | C151: =+VerkGatt!#REF! -> #REF! | D151: 1 | E151: 10000 | F151: =+VerkGatt!#REF! -> #REF! | G151: =+VerkGatt!#REF! -> #REF! | H151: =+VerkGatt!#REF! -> #REF!
B152: =+VerkGatt!#REF! -> #REF! | C152: =+VerkGatt!#REF! -> #REF! | D152: 1 | E152: 10000 | F152: =+VerkGatt!#REF! -> #REF! | G152: =+VerkGatt!#REF! -> #REF! | H152: =+VerkGatt!#REF! -> #REF!
B153: =+VerkGatt!C37 -> 180 | C153: =+VerkGatt!E37 -> 8 | D153: 1 | E153: 10000 | F153: =+VerkGatt!V37 -> 44562 | G153: =+VerkGatt!W37 -> 44770 | H153: =+VerkGatt!S37 -> 5
B154: =+VerkGatt!#REF! -> #REF! | C154: =+VerkGatt!#REF! -> #REF! | D154: 1 | E154: 10000 | F154: =+VerkGatt!#REF! -> #REF! | G154: =+VerkGatt!#REF! -> #REF! | H154: =+VerkGatt!#REF! -> #REF!
B155: =+VerkGatt!C38 -> 180 | C155: =+VerkGatt!E38 -> 9 | D155: 1 | E155: 10000 | F155: =+VerkGatt!V38 -> 44562 | G155: =+VerkGatt!W38 -> 44770 | H155: =+VerkGatt!S38 -> 5
B156: =+VerkGatt!C39 -> 180 | C156: =+VerkGatt!E39 -> 10 | D156: 1 | E156: 10000 | F156: =+VerkGatt!V39 -> 44562 | G156: =+VerkGatt!W39 -> 44770 | H156: =+VerkGatt!S39 -> 5
...

Sheet intern_daMAXX_VL_AG09_DTV_LART
A1: RowNum | B1: BASISVERKEHR | C1: BASISGATTUNG | D1: DATUMSINDEX | E1: MANDANT | F1: GUELTIG_VON | G1: GUELTIG_BIS | H1: VERKEHR_DTV | I1: GATTUNG_DTV | K1: Check: | L1: Anzahl Datensätze auf "VerkGatt" | O1: =COUNTA(VerkGatt!E:E)-1 -> 338
B2: number(3) | C2: number(3) | D2: number(2) | E2: number(7) | F2: datetime(dd-mm-yyyy 00:00:00) | G2: datetime(dd-mm-yyyy 00:00:00) | H2: number(3) | I2: number(3) | L2: Anzahl Datensätze hier | O2: =COUNTA(C:C)-4 -> 2442
B3: Index_1 | C3: Index_2 | D3: Index_3 | E3: Index_4 | F3: Result_1 | G3: Result_2 | H3: Result_3 | I3: Result_4
B4: ja | C4: ja | D4: ja | E4: ja | F4: ja | G4: ja | H4: ja | I4: ja
A5: bleibt leer | D5: Konstante 1 | E5: Konstante 10000
B6: =+VerkGatt!#REF! -> #REF! | C6: =+VerkGatt!#REF! -> #REF! | D6: 1 | E6: 10000 | F6: =+VerkGatt!#REF! -> #REF! | G6: =+VerkGatt!#REF! -> #REF! | H6: =+VerkGatt!#REF! -> #REF! | I6: =+VerkGatt!#REF! -> #REF!
B7: =+VerkGatt!#REF! -> #REF! | C7: =+VerkGatt!#REF! -> #REF! | D7: 1 | E7: 10000 | F7: =+VerkGatt!#REF! -> #REF! | G7: =+VerkGatt!#REF! -> #REF! | H7: =+VerkGatt!#REF! -> #REF! | I7: =+VerkGatt!#REF! -> #REF!
B8: =+VerkGatt!#REF! -> #REF! | C8: =+VerkGatt!#REF! -> #REF! | D8: 1 | E8: 10000 | F8: =+VerkGatt!#REF! -> #REF! | G8: =+VerkGatt!#REF! -> #REF! | H8: =+VerkGatt!#REF! -> #REF! | I8: =+VerkGatt!#REF! -> #REF!
B9: =+VerkGatt!#REF! -> #REF! | C9: =+VerkGatt!#REF! -> #REF! | D9: 1 | E9: 10000 | F9: =+VerkGatt!#REF! -> #REF! | G9: =+VerkGatt!#REF! -> #REF! | H9: =+VerkGatt!#REF! -> #REF! | I9: =+VerkGatt!#REF! -> #REF!
B10: =+VerkGatt!#REF! -> #REF! | C10: =+VerkGatt!#REF! -> #REF! | D10: 1 | E10: 10000 | F10: =+VerkGatt!#REF! -> #REF! | G10: =+VerkGatt!#REF! -> #REF! | H10: =+VerkGatt!#REF! -> #REF! | I10: =+VerkGatt!#REF! -> #REF!
B11: =+VerkGatt!#REF! -> #REF! | C11: =+VerkGatt!#REF! -> #REF! | D11: 1 | E11: 10000 | F11: =+VerkGatt!#REF! -> #REF! | G11: =+VerkGatt!#REF! -> #REF! | H11: =+VerkGatt!#REF! -> #REF! | I11: =+VerkGatt!#REF! -> #REF!
B12: =+VerkGatt!#REF! -> #REF! | C12: =+VerkGatt!#REF! -> #REF! | D12: 1 | E12: 10000 | F12: =+VerkGatt!#REF! -> #REF! | G12: =+VerkGatt!#REF! -> #REF! | H12: =+VerkGatt!#REF! -> #REF! | I12: =+VerkGatt!#REF! -> #REF!
B13: =+VerkGatt!#REF! -> #REF! | C13: =+VerkGatt!#REF! -> #REF! | D13: 1 | E13: 10000 | F13: =+VerkGatt!#REF! -> #REF! | G13: =+VerkGatt!#REF! -> #REF! | H13: =+VerkGatt!#REF! -> #REF! | I13: =+VerkGatt!#REF! -> #REF!
B14: =+VerkGatt!#REF! -> #REF! | C14: =+VerkGatt!#REF! -> #REF! | D14: 1 | E14: 10000 | F14: =+VerkGatt!#REF! -> #REF! | G14: =+VerkGatt!#REF! -> #REF! | H14: =+VerkGatt!#REF! -> #REF! | I14: =+VerkGatt!#REF! -> #REF!
B15: =+VerkGatt!#REF! -> #REF! | C15: =+VerkGatt!#REF! -> #REF! | D15: 1 | E15: 10000 | F15: =+VerkGatt!#REF! -> #REF! | G15: =+VerkGatt!#REF! -> #REF! | H15: =+VerkGatt!#REF! -> #REF! | I15: =+VerkGatt!#REF! -> #REF!
B16: =+VerkGatt!#REF! -> #REF! | C16: =+VerkGatt!#REF! -> #REF! | D16: 1 | E16: 10000 | F16: =+VerkGatt!#REF! -> #REF! | G16: =+VerkGatt!#REF! -> #REF! | H16: =+VerkGatt!#REF! -> #REF! | I16: =+VerkGatt!#REF! -> #REF!
B17: =+VerkGatt!#REF! -> #REF! | C17: =+VerkGatt!#REF! -> #REF! | D17: 1 | E17: 10000 | F17: =+VerkGatt!#REF! -> #REF! | G17: =+VerkGatt!#REF! -> #REF! | H17: =+VerkGatt!#REF! -> #REF! | I17: =+VerkGatt!#REF! -> #REF!
B18: =+VerkGatt!C2 -> 3 | C18: =+VerkGatt!E2 -> 179 | D18: 1 | E18: 10000 | F18: =+VerkGatt!V2 -> 44562 | G18: =+VerkGatt!W2 -> 54788 | H18: =+VerkGatt!#REF! -> #REF! | I18: =+VerkGatt!#REF! -> #REF!
B19: =+VerkGatt!C3 -> 35 | C19: =+VerkGatt!E3 -> 850 | D19: 1 | E19: 10000 | F19: =+VerkGatt!V3 -> 44562 | G19: =+VerkGatt!W3 -> 45639 | H19: =+VerkGatt!#REF! -> #REF! | I19: =+VerkGatt!#REF! -> #REF!
B20: =+VerkGatt!#REF! -> #REF! | C20: =+VerkGatt!#REF! -> #REF! | D20: 1 | E20: 10000 | F20: =+VerkGatt!#REF! -> #REF! | G20: =+VerkGatt!#REF! -> #REF! | H20: =+VerkGatt!#REF! -> #REF! | I20: =+VerkGatt!#REF! -> #REF!
B21: =+VerkGatt!#REF! -> #REF! | C21: =+VerkGatt!#REF! -> #REF! | D21: 1 | E21: 10000 | F21: =+VerkGatt!#REF! -> #REF! | G21: =+VerkGatt!#REF! -> #REF! | H21: =+VerkGatt!#REF! -> #REF! | I21: =+VerkGatt!#REF! -> #REF!
B22: =+VerkGatt!#REF! -> #REF! | C22: =+VerkGatt!#REF! -> #REF! | D22: 1 | E22: 10000 | F22: =+VerkGatt!#REF! -> #REF! | G22: =+VerkGatt!#REF! -> #REF! | H22: =+VerkGatt!#REF! -> #REF! | I22: =+VerkGatt!#REF! -> #REF!
B23: =+VerkGatt!C4 -> 35 | C23: =+VerkGatt!E4 -> 846 | D23: 1 | E23: 10000 | F23: =+VerkGatt!V4 -> 44562 | G23: =+VerkGatt!W4 -> 45639 | H23: =+VerkGatt!#REF! -> #REF! | I23: =+VerkGatt!#REF! -> #REF!
B24: =+VerkGatt!C5 -> 154 | C24: =+VerkGatt!E5 -> 31 | D24: 1 | E24: 10000 | F24: =+VerkGatt!V5 -> 44562 | G24: =+VerkGatt!W5 -> 54788 | H24: =+VerkGatt!#REF! -> #REF! | I24: =+VerkGatt!#REF! -> #REF!
B25: =+VerkGatt!#REF! -> #REF! | C25: =+VerkGatt!#REF! -> #REF! | D25: 1 | E25: 10000 | F25: =+VerkGatt!#REF! -> #REF! | G25: =+VerkGatt!#REF! -> #REF! | H25: =+VerkGatt!#REF! -> #REF! | I25: =+VerkGatt!#REF! -> #REF!
B26: =+VerkGatt!C6 -> 154 | C26: =+VerkGatt!E6 -> 30 | D26: 1 | E26: 10000 | F26: =+VerkGatt!V6 -> 44562 | G26: =+VerkGatt!W6 -> 54788 | H26: =+VerkGatt!#REF! -> #REF! | I26: =+VerkGatt!#REF! -> #REF!
B27: =+VerkGatt!C7 -> 154 | C27: =+VerkGatt!E7 -> 107 | D27: 1 | E27: 10000 | F27: =+VerkGatt!V7 -> 44562 | G27: =+VerkGatt!W7 -> 54788 | H27: =+VerkGatt!#REF! -> #REF! | I27: =+VerkGatt!#REF! -> #REF!
B28: =+VerkGatt!#REF! -> #REF! | C28: =+VerkGatt!#REF! -> #REF! | D28: 1 | E28: 10000 | F28: =+VerkGatt!#REF! -> #REF! | G28: =+VerkGatt!#REF! -> #REF! | H28: =+VerkGatt!#REF! -> #REF! | I28: =+VerkGatt!#REF! -> #REF!
B29: =+VerkGatt!C8 -> 154 | C29: =+VerkGatt!E8 -> 106 | D29: 1 | E29: 10000 | F29: =+VerkGatt!V8 -> 44562 | G29: =+VerkGatt!W8 -> 54788 | H29: =+VerkGatt!#REF! -> #REF! | I29: =+VerkGatt!#REF! -> #REF!
B30: =+VerkGatt!#REF! -> #REF! | C30: =+VerkGatt!#REF! -> #REF! | D30: 1 | E30: 10000 | F30: =+VerkGatt!#REF! -> #REF! | G30: =+VerkGatt!#REF! -> #REF! | H30: =+VerkGatt!#REF! -> #REF! | I30: =+VerkGatt!#REF! -> #REF!
B31: =+VerkGatt!C9 -> 154 | C31: =+VerkGatt!E9 -> 108 | D31: 1 | E31: 10000 | F31: =+VerkGatt!V9 -> 44562 | G31: =+VerkGatt!W9 -> 54788 | H31: =+VerkGatt!#REF! -> #REF! | I31: =+VerkGatt!#REF! -> #REF!
B32: =+VerkGatt!C10 -> 154 | C32: =+VerkGatt!E10 -> 21 | D32: 1 | E32: 10000 | F32: =+VerkGatt!V10 -> 44562 | G32: =+VerkGatt!W10 -> 54788 | H32: =+VerkGatt!#REF! -> #REF! | I32: =+VerkGatt!#REF! -> #REF!
B33: =+VerkGatt!#REF! -> #REF! | C33: =+VerkGatt!#REF! -> #REF! | D33: 1 | E33: 10000 | F33: =+VerkGatt!#REF! -> #REF! | G33: =+VerkGatt!#REF! -> #REF! | H33: =+VerkGatt!#REF! -> #REF! | I33: =+VerkGatt!#REF! -> #REF!
B34: =+VerkGatt!#REF! -> #REF! | C34: =+VerkGatt!#REF! -> #REF! | D34: 1 | E34: 10000 | F34: =+VerkGatt!#REF! -> #REF! | G34: =+VerkGatt!#REF! -> #REF! | H34: =+VerkGatt!#REF! -> #REF! | I34: =+VerkGatt!#REF! -> #REF!
B35: =+VerkGatt!C11 -> 154 | C35: =+VerkGatt!E11 -> 20 | D35: 1 | E35: 10000 | F35: =+VerkGatt!V11 -> 44562 | G35: =+VerkGatt!W11 -> 45639 | H35: =+VerkGatt!#REF! -> #REF! | I35: =+VerkGatt!#REF! -> #REF!
B36: =+VerkGatt!#REF! -> #REF! | C36: =+VerkGatt!#REF! -> #REF! | D36: 1 | E36: 10000 | F36: =+VerkGatt!#REF! -> #REF! | G36: =+VerkGatt!#REF! -> #REF! | H36: =+VerkGatt!#REF! -> #REF! | I36: =+VerkGatt!#REF! -> #REF!
B37: =+VerkGatt!C12 -> 154 | C37: =+VerkGatt!E12 -> 104 | D37: 1 | E37: 10000 | F37: =+VerkGatt!V12 -> 44562 | G37: =+VerkGatt!W12 -> 45639 | H37: =+VerkGatt!#REF! -> #REF! | I37: =+VerkGatt!#REF! -> #REF!
B38: =+VerkGatt!C13 -> 154 | C38: =+VerkGatt!E13 -> 103 | D38: 1 | E38: 10000 | F38: =+VerkGatt!V13 -> 44562 | G38: =+VerkGatt!W13 -> 45639 | H38: =+VerkGatt!#REF! -> #REF! | I38: =+VerkGatt!#REF! -> #REF!
B39: =+VerkGatt!C14 -> 154 | C39: =+VerkGatt!E14 -> 105 | D39: 1 | E39: 10000 | F39: =+VerkGatt!V14 -> 44562 | G39: =+VerkGatt!W14 -> 54788 | H39: =+VerkGatt!#REF! -> #REF! | I39: =+VerkGatt!#REF! -> #REF!
B40: =+VerkGatt!C15 -> 154 | C40: =+VerkGatt!E15 -> 41 | D40: 1 | E40: 10000 | F40: =+VerkGatt!V15 -> 44562 | G40: =+VerkGatt!W15 -> 54788 | H40: =+VerkGatt!#REF! -> #REF! | I40: =+VerkGatt!#REF! -> #REF!
B41: =+VerkGatt!C16 -> 154 | C41: =+VerkGatt!E16 -> 40 | D41: 1 | E41: 10000 | F41: =+VerkGatt!V16 -> 44562 | G41: =+VerkGatt!W16 -> 54788 | H41: =+VerkGatt!#REF! -> #REF! | I41: =+VerkGatt!#REF! -> #REF!
B42: =+VerkGatt!C17 -> 154 | C42: =+VerkGatt!E17 -> 110 | D42: 1 | E42: 10000 | F42: =+VerkGatt!V17 -> 44562 | G42: =+VerkGatt!W17 -> 54788 | H42: =+VerkGatt!#REF! -> #REF! | I42: =+VerkGatt!#REF! -> #REF!
B43: =+VerkGatt!C18 -> 154 | C43: =+VerkGatt!E18 -> 109 | D43: 1 | E43: 10000 | F43: =+VerkGatt!V18 -> 44562 | G43: =+VerkGatt!W18 -> 54788 | H43: =+VerkGatt!#REF! -> #REF! | I43: =+VerkGatt!#REF! -> #REF!
B44: =+VerkGatt!#REF! -> #REF! | C44: =+VerkGatt!#REF! -> #REF! | D44: 1 | E44: 10000 | F44: =+VerkGatt!#REF! -> #REF! | G44: =+VerkGatt!#REF! -> #REF! | H44: =+VerkGatt!#REF! -> #REF! | I44: =+VerkGatt!#REF! -> #REF!
B45: =+VerkGatt!#REF! -> #REF! | C45: =+VerkGatt!#REF! -> #REF! | D45: 1 | E45: 10000 | F45: =+VerkGatt!#REF! -> #REF! | G45: =+VerkGatt!#REF! -> #REF! | H45: =+VerkGatt!#REF! -> #REF! | I45: =+VerkGatt!#REF! -> #REF!
B46: =+VerkGatt!C19 -> 154 | C46: =+VerkGatt!E19 -> 111 | D46: 1 | E46: 10000 | F46: =+VerkGatt!V19 -> 44562 | G46: =+VerkGatt!W19 -> 54788 | H46: =+VerkGatt!#REF! -> #REF! | I46: =+VerkGatt!#REF! -> #REF!
B47: =+VerkGatt!#REF! -> #REF! | C47: =+VerkGatt!#REF! -> #REF! | D47: 1 | E47: 10000 | F47: =+VerkGatt!#REF! -> #REF! | G47: =+VerkGatt!#REF! -> #REF! | H47: =+VerkGatt!#REF! -> #REF! | I47: =+VerkGatt!#REF! -> #REF!
B48: =+VerkGatt!#REF! -> #REF! | C48: =+VerkGatt!#REF! -> #REF! | D48: 1 | E48: 10000 | F48: =+VerkGatt!#REF! -> #REF! | G48: =+VerkGatt!#REF! -> #REF! | H48: =+VerkGatt!#REF! -> #REF! | I48: =+VerkGatt!#REF! -> #REF!
B49: =+VerkGatt!C20 -> 154 | C49: =+VerkGatt!E20 -> 1 | D49: 1 | E49: 10000 | F49: =+VerkGatt!V20 -> 44562 | G49: =+VerkGatt!W20 -> 54788 | H49: =+VerkGatt!#REF! -> #REF! | I49: =+VerkGatt!#REF! -> #REF!
B50: =+VerkGatt!#REF! -> #REF! | C50: =+VerkGatt!#REF! -> #REF! | D50: 1 | E50: 10000 | F50: =+VerkGatt!#REF! -> #REF! | G50: =+VerkGatt!#REF! -> #REF! | H50: =+VerkGatt!#REF! -> #REF! | I50: =+VerkGatt!#REF! -> #REF!
B51: =+VerkGatt!C21 -> 154 | C51: =+VerkGatt!E21 -> 2 | D51: 1 | E51: 10000 | F51: =+VerkGatt!V21 -> 44562 | G51: =+VerkGatt!W21 -> 54788 | H51: =+VerkGatt!#REF! -> #REF! | I51: =+VerkGatt!#REF! -> #REF!
B52: =+VerkGatt!C22 -> 154 | C52: =+VerkGatt!E22 -> 3 | D52: 1 | E52: 10000 | F52: =+VerkGatt!V22 -> 44562 | G52: =+VerkGatt!W22 -> 54788 | H52: =+VerkGatt!#REF! -> #REF! | I52: =+VerkGatt!#REF! -> #REF!
B53: =+VerkGatt!C23 -> 154 | C53: =+VerkGatt!E23 -> 4 | D53: 1 | E53: 10000 | F53: =+VerkGatt!V23 -> 44562 | G53: =+VerkGatt!W23 -> 54788 | H53: =+VerkGatt!#REF! -> #REF! | I53: =+VerkGatt!#REF! -> #REF!
B54: =+VerkGatt!C24 -> 154 | C54: =+VerkGatt!E24 -> 11 | D54: 1 | E54: 10000 | F54: =+VerkGatt!V24 -> 44562 | G54: =+VerkGatt!W24 -> 54788 | H54: =+VerkGatt!#REF! -> #REF! | I54: =+VerkGatt!#REF! -> #REF!
B55: =+VerkGatt!C25 -> 154 | C55: =+VerkGatt!E25 -> 12 | D55: 1 | E55: 10000 | F55: =+VerkGatt!V25 -> 44562 | G55: =+VerkGatt!W25 -> 54788 | H55: =+VerkGatt!#REF! -> #REF! | I55: =+VerkGatt!#REF! -> #REF!
B56: =+VerkGatt!C26 -> 154 | C56: =+VerkGatt!E26 -> 101 | D56: 1 | E56: 10000 | F56: =+VerkGatt!V26 -> 44562 | G56: =+VerkGatt!W26 -> 54788 | H56: =+VerkGatt!#REF! -> #REF! | I56: =+VerkGatt!#REF! -> #REF!
B57: =+VerkGatt!#REF! -> #REF! | C57: =+VerkGatt!#REF! -> #REF! | D57: 1 | E57: 10000 | F57: =+VerkGatt!#REF! -> #REF! | G57: =+VerkGatt!#REF! -> #REF! | H57: =+VerkGatt!#REF! -> #REF! | I57: =+VerkGatt!#REF! -> #REF!
B58: =+VerkGatt!C27 -> 154 | C58: =+VerkGatt!E27 -> 102 | D58: 1 | E58: 10000 | F58: =+VerkGatt!V27 -> 44562 | G58: =+VerkGatt!W27 -> 54788 | H58: =+VerkGatt!#REF! -> #REF! | I58: =+VerkGatt!#REF! -> #REF!
B59: =+VerkGatt!C28 -> 3 | C59: =+VerkGatt!E28 -> 393 | D59: 1 | E59: 10000 | F59: =+VerkGatt!V28 -> 44562 | G59: =+VerkGatt!W28 -> 45640 | H59: =+VerkGatt!#REF! -> #REF! | I59: =+VerkGatt!#REF! -> #REF!
B60: =+VerkGatt!C29 -> 3 | C60: =+VerkGatt!E29 -> 85 | D60: 1 | E60: 10000 | F60: =+VerkGatt!V29 -> 44562 | G60: =+VerkGatt!W29 -> 54788 | H60: =+VerkGatt!#REF! -> #REF! | I60: =+VerkGatt!#REF! -> #REF!
B61: =+VerkGatt!#REF! -> #REF! | C61: =+VerkGatt!#REF! -> #REF! | D61: 1 | E61: 10000 | F61: =+VerkGatt!#REF! -> #REF! | G61: =+VerkGatt!#REF! -> #REF! | H61: =+VerkGatt!#REF! -> #REF! | I61: =+VerkGatt!#REF! -> #REF!
B62: =+VerkGatt!#REF! -> #REF! | C62: =+VerkGatt!#REF! -> #REF! | D62: 1 | E62: 10000 | F62: =+VerkGatt!#REF! -> #REF! | G62: =+VerkGatt!#REF! -> #REF! | H62: =+VerkGatt!#REF! -> #REF! | I62: =+VerkGatt!#REF! -> #REF!
B63: =+VerkGatt!C30 -> 30 | C63: =+VerkGatt!E30 -> 47 | D63: 1 | E63: 10000 | F63: =+VerkGatt!V30 -> 44562 | G63: =+VerkGatt!W30 -> 54788 | H63: =+VerkGatt!#REF! -> #REF! | I63: =+VerkGatt!#REF! -> #REF!
B64: =+VerkGatt!#REF! -> #REF! | C64: =+VerkGatt!#REF! -> #REF! | D64: 1 | E64: 10000 | F64: =+VerkGatt!#REF! -> #REF! | G64: =+VerkGatt!#REF! -> #REF! | H64: =+VerkGatt!#REF! -> #REF! | I64: =+VerkGatt!#REF! -> #REF!
B65: =+VerkGatt!C31 -> 30 | C65: =+VerkGatt!E31 -> 48 | D65: 1 | E65: 10000 | F65: =+VerkGatt!V31 -> 44562 | G65: =+VerkGatt!W31 -> 54788 | H65: =+VerkGatt!#REF! -> #REF! | I65: =+VerkGatt!#REF! -> #REF!
B66: =+VerkGatt!C32 -> 30 | C66: =+VerkGatt!E32 -> 57 | D66: 1 | E66: 10000 | F66: =+VerkGatt!V32 -> 44562 | G66: =+VerkGatt!W32 -> 54788 | H66: =+VerkGatt!#REF! -> #REF! | I66: =+VerkGatt!#REF! -> #REF!
B67: =+VerkGatt!C33 -> 30 | C67: =+VerkGatt!E33 -> 58 | D67: 1 | E67: 10000 | F67: =+VerkGatt!V33 -> 44562 | G67: =+VerkGatt!W33 -> 54788 | H67: =+VerkGatt!#REF! -> #REF! | I67: =+VerkGatt!#REF! -> #REF!
B68: =+VerkGatt!#REF! -> #REF! | C68: =+VerkGatt!#REF! -> #REF! | D68: 1 | E68: 10000 | F68: =+VerkGatt!#REF! -> #REF! | G68: =+VerkGatt!#REF! -> #REF! | H68: =+VerkGatt!#REF! -> #REF! | I68: =+VerkGatt!#REF! -> #REF!
B69: =+VerkGatt!#REF! -> #REF! | C69: =+VerkGatt!#REF! -> #REF! | D69: 1 | E69: 10000 | F69: =+VerkGatt!#REF! -> #REF! | G69: =+VerkGatt!#REF! -> #REF! | H69: =+VerkGatt!#REF! -> #REF! | I69: =+VerkGatt!#REF! -> #REF!
B70: =+VerkGatt!#REF! -> #REF! | C70: =+VerkGatt!#REF! -> #REF! | D70: 1 | E70: 10000 | F70: =+VerkGatt!#REF! -> #REF! | G70: =+VerkGatt!#REF! -> #REF! | H70: =+VerkGatt!#REF! -> #REF! | I70: =+VerkGatt!#REF! -> #REF!
B71: =+VerkGatt!#REF! -> #REF! | C71: =+VerkGatt!#REF! -> #REF! | D71: 1 | E71: 10000 | F71: =+VerkGatt!#REF! -> #REF! | G71: =+VerkGatt!#REF! -> #REF! | H71: =+VerkGatt!#REF! -> #REF! | I71: =+VerkGatt!#REF! -> #REF!
B72: =+VerkGatt!#REF! -> #REF! | C72: =+VerkGatt!#REF! -> #REF! | D72: 1 | E72: 10000 | F72: =+VerkGatt!#REF! -> #REF! | G72: =+VerkGatt!#REF! -> #REF! | H72: =+VerkGatt!#REF! -> #REF! | I72: =+VerkGatt!#REF! -> #REF!
B73: =+VerkGatt!#REF! -> #REF! | C73: =+VerkGatt!#REF! -> #REF! | D73: 1 | E73: 10000 | F73: =+VerkGatt!#REF! -> #REF! | G73: =+VerkGatt!#REF! -> #REF! | H73: =+VerkGatt!#REF! -> #REF! | I73: =+VerkGatt!#REF! -> #REF!
B74: =+VerkGatt!#REF! -> #REF! | C74: =+VerkGatt!#REF! -> #REF! | D74: 1 | E74: 10000 | F74: =+VerkGatt!#REF! -> #REF! | G74: =+VerkGatt!#REF! -> #REF! | H74: =+VerkGatt!#REF! -> #REF! | I74: =+VerkGatt!#REF! -> #REF!
B75: =+VerkGatt!C34 -> 180 | C75: =+VerkGatt!E34 -> 32 | D75: 1 | E75: 10000 | F75: =+VerkGatt!V34 -> 44805 | G75: =+VerkGatt!W34 -> 54788 | H75: =+VerkGatt!#REF! -> #REF! | I75: =+VerkGatt!#REF! -> #REF!
B76: =+VerkGatt!#REF! -> #REF! | C76: =+VerkGatt!#REF! -> #REF! | D76: 1 | E76: 10000 | F76: =+VerkGatt!#REF! -> #REF! | G76: =+VerkGatt!#REF! -> #REF! | H76: =+VerkGatt!#REF! -> #REF! | I76: =+VerkGatt!#REF! -> #REF!
B77: =+VerkGatt!#REF! -> #REF! | C77: =+VerkGatt!#REF! -> #REF! | D77: 1 | E77: 10000 | F77: =+VerkGatt!#REF! -> #REF! | G77: =+VerkGatt!#REF! -> #REF! | H77: =+VerkGatt!#REF! -> #REF! | I77: =+VerkGatt!#REF! -> #REF!
B78: =+VerkGatt!#REF! -> #REF! | C78: =+VerkGatt!#REF! -> #REF! | D78: 1 | E78: 10000 | F78: =+VerkGatt!#REF! -> #REF! | G78: =+VerkGatt!#REF! -> #REF! | H78: =+VerkGatt!#REF! -> #REF! | I78: =+VerkGatt!#REF! -> #REF!
B79: =+VerkGatt!#REF! -> #REF! | C79: =+VerkGatt!#REF! -> #REF! | D79: 1 | E79: 10000 | F79: =+VerkGatt!#REF! -> #REF! | G79: =+VerkGatt!#REF! -> #REF! | H79: =+VerkGatt!#REF! -> #REF! | I79: =+VerkGatt!#REF! -> #REF!
B80: =+VerkGatt!#REF! -> #REF! | C80: =+VerkGatt!#REF! -> #REF! | D80: 1 | E80: 10000 | F80: =+VerkGatt!#REF! -> #REF! | G80: =+VerkGatt!#REF! -> #REF! | H80: =+VerkGatt!#REF! -> #REF! | I80: =+VerkGatt!#REF! -> #REF!
B81: =+VerkGatt!#REF! -> #REF! | C81: =+VerkGatt!#REF! -> #REF! | D81: 1 | E81: 10000 | F81: =+VerkGatt!#REF! -> #REF! | G81: =+VerkGatt!#REF! -> #REF! | H81: =+VerkGatt!#REF! -> #REF! | I81: =+VerkGatt!#REF! -> #REF!
B82: =+VerkGatt!#REF! -> #REF! | C82: =+VerkGatt!#REF! -> #REF! | D82: 1 | E82: 10000 | F82: =+VerkGatt!#REF! -> #REF! | G82: =+VerkGatt!#REF! -> #REF! | H82: =+VerkGatt!#REF! -> #REF! | I82: =+VerkGatt!#REF! -> #REF!
B83: =+VerkGatt!#REF! -> #REF! | C83: =+VerkGatt!#REF! -> #REF! | D83: 1 | E83: 10000 | F83: =+VerkGatt!#REF! -> #REF! | G83: =+VerkGatt!#REF! -> #REF! | H83: =+VerkGatt!#REF! -> #REF! | I83: =+VerkGatt!#REF! -> #REF!
B84: =+VerkGatt!#REF! -> #REF! | C84: =+VerkGatt!#REF! -> #REF! | D84: 1 | E84: 10000 | F84: =+VerkGatt!#REF! -> #REF! | G84: =+VerkGatt!#REF! -> #REF! | H84: =+VerkGatt!#REF! -> #REF! | I84: =+VerkGatt!#REF! -> #REF!
B85: =+VerkGatt!#REF! -> #REF! | C85: =+VerkGatt!#REF! -> #REF! | D85: 1 | E85: 10000 | F85: =+VerkGatt!#REF! -> #REF! | G85: =+VerkGatt!#REF! -> #REF! | H85: =+VerkGatt!#REF! -> #REF! | I85: =+VerkGatt!#REF! -> #REF!
B86: =+VerkGatt!#REF! -> #REF! | C86: =+VerkGatt!#REF! -> #REF! | D86: 1 | E86: 10000 | F86: =+VerkGatt!#REF! -> #REF! | G86: =+VerkGatt!#REF! -> #REF! | H86: =+VerkGatt!#REF! -> #REF! | I86: =+VerkGatt!#REF! -> #REF!
B87: =+VerkGatt!#REF! -> #REF! | C87: =+VerkGatt!#REF! -> #REF! | D87: 1 | E87: 10000 | F87: =+VerkGatt!#REF! -> #REF! | G87: =+VerkGatt!#REF! -> #REF! | H87: =+VerkGatt!#REF! -> #REF! | I87: =+VerkGatt!#REF! -> #REF!
... B143: =+VerkGatt!#REF! -> #REF! | C143: =+VerkGatt!#REF! -> #REF! | D143: 1 | E143: 10000 | F143: =+VerkGatt!#REF! -> #REF! | G143: =+VerkGatt!#REF! -> #REF! | H143: =+VerkGatt!#REF! -> #REF! | I143: =+VerkGatt!#REF! -> #REF!
B144: =+VerkGatt!C35 -> 180 | C144: =+VerkGatt!E35 -> 6 | D144: 1 | E144: 10000 | F144: =+VerkGatt!V35 -> 44562 | G144: =+VerkGatt!W35 -> 44770 | H144: =+VerkGatt!#REF! -> #REF! | I144: =+VerkGatt!#REF! -> #REF!
B145: =+VerkGatt!C36 -> 180 | C145: =+VerkGatt!E36 -> 7 | D145: 1 | E145: 10000 | F145: =+VerkGatt!V36 -> 44562 | G145: =+VerkGatt!W36 -> 44770 | H145: =+VerkGatt!#REF! -> #REF! | I145: =+VerkGatt!#REF! -> #REF!
B146: =+VerkGatt!#REF! -> #REF! | C146: =+VerkGatt!#REF! -> #REF! | D146: 1 | E146: 10000 | F146: =+VerkGatt!#REF! -> #REF! | G146: =+VerkGatt!#REF! -> #REF! | H146: =+VerkGatt!#REF! -> #REF! | I146: =+VerkGatt!#REF! -> #REF!
B147: =+VerkGatt!#REF! -> #REF! | C147: =+VerkGatt!#REF! -> #REF! | D147: 1 | E147: 10000 | F147: =+VerkGatt!#REF! -> #REF! | G147: =+VerkGatt!#REF! -> #REF! | H147: =+VerkGatt!#REF! -> #REF! | I147: =+VerkGatt!#REF! -> #REF!
B148: =+VerkGatt!#REF! -> #REF! | C148: =+VerkGatt!#REF! -> #REF! | D148: 1 | E148: 10000 | F148: =+VerkGatt!#REF! -> #REF! | G148: =+VerkGatt!#REF! -> #REF! | H148: =+VerkGatt!#REF! -> #REF! | I148: =+VerkGatt!#REF! -> #REF!
B149: =+VerkGatt!#REF! -> #REF! | C149: =+VerkGatt!#REF! -> #REF! | D149: 1 | E149: 10000 | F149: =+VerkGatt!#REF! -> #REF! | G149: =+VerkGatt!#REF! -> #REF! | H149: =+VerkGatt!#REF! -> #REF! | I149: =+VerkGatt!#REF! -> #REF!
B150: =+VerkGatt!#REF! -> #REF! | C150: =+VerkGatt!#REF! -> #REF! | D150: 1 | E150: 10000 | F150: =+VerkGatt!#REF! -> #REF! | G150: =+VerkGatt!#REF! -> #REF! | H150: =+VerkGatt!#REF! -> #REF! | I150: =+VerkGatt!#REF! -> #REF!
B151: =+VerkGatt!#REF! -> #REF! | C151: =+VerkGatt!#REF! -> #REF! | D151: 1 | E151: 10000 | F151: =+VerkGatt!#REF! -> #REF! | G151: =+VerkGatt!#REF! -> #REF! | H151: =+VerkGatt!#REF! -> #REF! | I151: =+VerkGatt!#REF! -> #REF!
B152: =+VerkGatt!C37 -> 180 | C152: =+VerkGatt!E37 -> 8 | D152: 1 | E152: 10000 | F152: =+VerkGatt!V37 -> 44562 | G152: =+VerkGatt!W37 -> 44770 | H152: =+VerkGatt!#REF! -> #REF! | I152: =+VerkGatt!#REF! -> #REF!
B153: =+VerkGatt!#REF! -> #REF! | C153: =+VerkGatt!#REF! -> #REF! | D153: 1 | E153: 10000 | F153: =+VerkGatt!#REF! -> #REF! | G153: =+VerkGatt!#REF! -> #REF! | H153: =+VerkGatt!#REF! -> #REF! | I153: =+VerkGatt!#REF! -> #REF!
B154: =+VerkGatt!C38 -> 180 | C154: =+VerkGatt!E38 -> 9 | D154: 1 | E154: 10000 | F154: =+VerkGatt!V38 -> 44562 | G154: =+VerkGatt!W38 -> 44770 | H154: =+VerkGatt!#REF! -> #REF! | I154: =+VerkGatt!#REF! -> #REF!
B155: =+VerkGatt!C39 -> 180 | C155: =+VerkGatt!E39 -> 10 | D155: 1 | E155: 10000 | F155: =+VerkGatt!V39 -> 44562 | G155: =+VerkGatt!W39 -> 44770 | H155: =+VerkGatt!#REF! -> #REF! | I155: =+VerkGatt!#REF! -> #REF!
...

Sheet Befüllungsvorgabe VN_PLZ_ORT
D2: Befüllungsvorgabe SA 11 / Feld VN-PLZ-ORT
D3: 01 | E3: 02 | F3: 03 | G3: 04 | H3: 05 | I3: 06 | J3: 07 | K3: 08 | L3: 09 | M3: 10 | N3: 11 | O3: 12 | P3: 13 | Q3: 14 | R3: 15 | S3: 16 | T3: 17 | U3: 18 | V3: 19 | W3: 20 | X3: 21 | Y3: 22 | Z3: 23 | AA3: 24 | AB3: 25 | AC3: 26 | AD3: 27 | AE3: 28 | AF3: 29 | AG3: 30
C4: bei Verkauf Länderticket | I4: 0 | J4: 3 | K4: 9
I5: Verkehrnummer des Verbundes am Verkaufsort
C6: bei Verkauf Deutschlandticket | D6: D | E6: E | I6: 3 | J6: 4 | K6: 1 | L6: 2 | M6: 3
D7: Länder-kennung | I7: PLZ des Reisenden
C8: sonst

Sheet generelle Info
A1: Es werden Textdateien mit fester Satzlänge im ISO/IEC 8859-1 Zeichensatz (ohne nicht darstellbare Steuerzeichen) erwartet.
A2: Jede Zeile endet mit einem Zeilenumbruch im UNIX-Format (nur Linefeed, auch bei dem abschließenden md5-Prüfsummensatz).
A3: Um die Integrität der Abrechnungsdaten sicherzustellen, wird am Ende jeder Datei ein Prüfsummensatz auf Basis des sha3-256-Hashcodes erwartet (Aufbau wird noch im Detail kommuniziert).
A4: Dateinamenskonvention:
B5: <Kürzel der Datenquelle>_SA11_T<jjmmtt>
B6: <Kürzel der Datenquelle>_SA32_T<jjmmtt>
B7: Das Kürzel muss noch definiert werden (max. 8 Zeichen)
A8: Die Dateien werden täglich erwartet. Liegen keine Abrechnungsdaten vor, so ist eine Datei zu erzeugen, die nur den sha3-256-Prüfsummensatz enthält.
A9: Adresse DB Filetransfergateway (FTGW, Übertragung per sftp)
B10: Weitere Details wie Benutzername, Passwort, Verzeichnisse, etc. werden in den Abstimmungen kommuniziert.
A11: Die Abrechnungsdaten des Vortages müssen bis 3:00 Uhr des aktuellen Tages im FTGW abgelegt sein.

Sheet Kontrolldatensatz
B1: Erwartete Struktur des Kontrollsummensatzes, welcher an jeder zu liefernden Datei anzufügen ist.
A3: Nr. | B3: Feld-Bezeichnung | C3: Länge | D3: Inhalt
A4: 1 | B4: VN-SATZKENNUNG | C4: C 4 | D4: KSVS – Kontrollsatz Verkaufsdatensätze
A5: 2 | B5: VN-ANZ-SAETZE | C5: N 9 | D5: Anzahl Verkaufsdatensätze in der Datei (ohne Kontrollsatz)
A6: 3 | B6: VN-CHECK-WERT | C6: C 64 | D6: Kontrollwert: SHA3-256 Summe der Datei (nur Nutzung von Kleinbuchstaben und Ziffern, Basis sind Verkaufsdatensätze in der Datei ohne Kontrolldatensatz).
A7: 4 | B7: VN-HASH-WERT | C7: C 64 | D7: Aktuell: Blank Reserviert für künftige Nutzung
A8: 5 | B8: VN-FILLER-1 | C8: C x | D8: Blank (aufgefüllt auf die jeweilige Satzlänge)

Sheet SA32
B1: SA32 - Struktur für relationsbasierte Fahrscheine
A2: Nr. | B2: Feld-Bezeichnung | C2: Länge | D2: Inhalt | E2: Hin/Rück | F2: Beispiel | G2: Anmerkungen | H2: Pflichtfeld | I2: Memo
A3: 001 | B3: VN-SATZKENNUNG | C3: C 4 | D3: Default | E3: Allgemein | F3: DTVD | G3: ="Fixer Wert ('"&F3&"')" -> Fixer Wert ('DTVD')
A4: 002 | B4: VN-SATZART | C4: N 2 | D4: Default | E4: Allgemein | F4: 32 | G4: ="Fixer Wert ('"&F4&"')" -> Fixer Wert ('32')
A5: 003 | B5: VN-CODE-NR | C5: N 3 | D5: Default | E5: Allgemein | F5: 021 | G5: ="Fixer Wert ('"&F5&"')" -> Fixer Wert ('021')
A6: 004 | B6: VN-KZ-BUCHUNGSART | C6: C 1 | D6: Enum | E6: Allgemein | F6: 0 | G6: 0=Verkauf und 2=Storno
A7: 005 | B7: VN-KZ-DRUCK | C7: C 1 | D7: Enum | E7: Allgemein | F7: 0 | G7: ="Fixer Wert ('"&F7&"')" -> Fixer Wert ('0')
A8: 006 | B8: VN-UNSICHERHEITS-KZ | C8: C 1 | D8: Default | E8: Allgemein | F8: 0 | G8: ="Fixer Wert ('"&F8&"')" -> Fixer Wert ('0')
A9: 007 | B9: VN-DIENSTSTELLE | C9: N 6 | D9: Variable | E9: Allgemein | G9: Nummer der verkaufenden Vertriebsstelle: konstanter individueller Wert pro Partner (z.B. '534974')
A10: 008 | B10: VN-SCHALTER | C10: N 3 | D10: Variable | E10: Allgemein | F10: 099 | G10: Nummer des verkaufenden Vertriebsgerätes: individueller Wert pro Partner (z.B. '099')
A11: 009 | B11: VN-AUSGABESTELLE | C11: N 6 | D11: Variable | E11: Allgemein | F11: 000000 | G11: Nummer der verkaufenden Vertriebsstelle (Sonderfälle, bspw. Rücknahme: Nummer der rücknehmenden Vertriebsstelle)'gleiche Anmerkung wie Feld 007, Füllung nur bei Storno, ansonsten 0 | I11: Nummer der verkaufenden Vertriebsstelle (Sonderfälle, bspw. Rücknahme: Nummer der rücknehmenden Vertriebsstelle)
A12: 010 | B12: VN-AUSGABE-SCHALTER | C12: N 3 | D12: Variable | E12: Allgemein | F12: 000 | G12: gleiche Anmerkung wie Feld 008 nur bei Storno, ansonsten 0 | I12: Nummer des verkaufenden Vertriebsgeräts (Sonderfälle, bspw. Rücknahme: Nummer des rücknehmenden Vertriebsgerätes
A13: 011 | B13: VN-SCHICHT | C13: N 3 | D13: Variable | E13: Allgemein | F13: 000 | G13: ="Fixer Wert ('"&F13&"')" -> Fixer Wert ('000') | I13: Nummer der Schicht, in der der Datensatz erzeugt wurde
A14: 012 | B14: VN-BEDIENER | C14: N 4 | D14: Variable | E14: Allgemein | F14: 0000 | G14: ="Fixer Wert ('"&F14&"')" -> Fixer Wert ('0000') | I14: Nummer des Bedieners, der den Verkauf, die Rücknahme durchgeführt hat
A15: 013 | B15: VN-AUSGABEDATUM | C15: C 6 | D15: Variable | E15: Allgemein | F15: 200825 | G15: mussfeld, Prüfung plausible Werte. Eintrag muss Datumsformat haben, z.B. 200320 | H15: ja | I15: Datum, an dem der Verkaufsdatensatz erzeugt wurde Format: JJMMTT
A16: 014 | B16: VN-AUSGABEZEIT | C16: N 6 | D16: Variable | E16: Allgemein | F16: 091045 | G16: mussfeld, Prüfung plausible Werte, | H16: ja | I16: Zeitpunkt, an dem der Verkaufsdatensatz geschrieben wurde Format: HHMMSS
A17: 015 | B17: VN-RECHNUNGSMONAT | C17: N 2 | D17: Variable | E17: Allgemein | F17: 08 | G17: mussfeld, Prüfung plausible Werte | H17: ja | I17: Rechnungsmonat, in dem die Schicht eröffnet wurde Format MM
A18: 016 | B18: VN-FAMUSTER-NR | C18: N 4 | D18: Enum | E18: Allgemein | F18: 6078 | G18: ="Fixer Wert ('"&F18&"')" -> Fixer Wert ('6078') | I18: Wert aus Liste von Konstanten
A19: 017 | B19: VN-BELEG-NR | C19: N 8 | D19: Variable | E19: Allgemein | F19: 12345678 | G19: Pflichtfeld aus steuerlichen Gründen; Die Belegnummer muss für die Kombination Dienstelle&Schalter&Ausgabedatum eindeutig sein. | H19: ja | I19: Nummer des erstellten Beleges; beim Stornodatensatz muss die Belegnummer identisch mit der Belegnummer des dazu gehörenden Buchungsdatensatzes sein.
A20: 018 | B20: VN-1-GELTUNGSTAG | C20: C 6 | D20: Variable | E20: Allgemein | F20: 200825 | G20: Pflchtfeld Prüfung plausible Werte. | I20: erster Geltungstag des Fahrscheins Format: JJMMTT
A21: 019 | B21: VN-LETZTER-GELTUNGSTAG | C21: C 6 | D21: Variable | E21: Allgemein | F21: 200825 | G21: Pflichtfeld Prüfung plausible Werte. | H21: ja | I21: letzter Geltungstag des FahrscheinsFormat: JJMMTT
A22: 020 | B22: VN-VERKEHR-BINNEN | C22: N 3 | D22: Enum | E22: Allgemein | F22: 302 | G22: Pflichtfeld, siehe Tabelle "VerkGatt" | H22: ja | I22: Wert aus einer Liste von Konstanten kennzeichnet den konkreten Tarif, Abrechnungsstelle braucht die Angebotsmatrix zur Erstellung der Zuordnung zu diesem Feld
A23: 021 | B23: VN-GATTUNG-DB | C23: N 3 | D23: Enum | E23: Allgemein | F23: 001 | G23: Pflichtfeld, siehe Tabelle "VerkGatt" | H23: ja | I23: Wert aus einer Liste von Konstanten kennzeichnet das konkrete Angebot, Abrechnungsstelle braucht die Angebotsmatrix zur Erstellung der Zuordnung zu diesem Feld
A24: 022 | B24: VN-ERMAESSIGUNGSART-DB | C24: N 2 | D24: Enum | E24: Allgemein | F24: 01 | G24: Pflichtfeld, siehe Tabelle "Ermäßigung" | H24: ja | I24: Wert aus Liste von Konstanten Kennzeichnet die Ermäßigung (z.B. BahnCard), Abrechnungsstelle braucht die Angebotsmatrix zur Erstellung der Zuordnung zu diesem Feld
A25: 023 | B25: VN-KLASSE-DB | C25: N 1 | D25: Enum | E25: Allgemein | F25: 2 | G25: Pflichtfeld, siehe Tabelle "Klasse" | H25: ja | I25: Wert aus Liste von Konstanten, Abrechnungsstelle braucht die Angebotsmatrix zur Erstellung der Zuordnung zu diesem Feld
A26: 024 | B26: VN-VERKAUFSART | C26: N 2 | D26: Enum | E26: Allgemein | F26: 13 | G26: Pflichtfeld, siehe Tabelle "Verkaufsart" | H26: ja | I26: Wert aus Liste von Konstanten
A27: 025 | B27: VN-KUNDEN-NR | C27: N 7 | D27: Variable | E27: Allgemein | F27: 0000000 | G27: ="Fixer Wert ('"&F27&"')" -> Fixer Wert ('0000000') | I27: Konstante = 0000000; ABO Kundennummer, sonst Konstante = 0
A28: 026 | B28: VN-ZUSATZANGABEN | C28: N 8 | D28: Default | E28: Allgemein | F28: 00000000 | G28: ="Fixer Wert ('"&F28&"')" -> Fixer Wert ('00000000') | I28: Konstante = 00000000
A29: 027 | B29: VN-AKQUIRIERENDE-DST | C29: N 6 | D29: Variable | E29: Allgemein | F29: 000000 | G29: ="Fixer Wert ('"&F29&"')" -> Fixer Wert ('000000') | I29: Konstante = 000000; Vertriebsstelle, für die der Fahrschein erstellt wurde
A30: 028 | B30: VN-ENTFERNUNG-DB | C30: N 4 | D30: Variable | E30: Allgemein | F30: 0030 | G30: Tarifkm Füllung durch EVU/Tarifkm C-Preis ohne Anstoß/Summe aus Hin und Rückfahrt/Gesamtentfernung (Bei Hin und Rückfahrt Dopplung) | I30: Gesamtentfernung DB (KM aus Hinfahrt und Rückfahrt) | J30: => Für Hin- und Rückfahrt werden hier die Kilometer addiert.
A31: 029 | B31: VN-GESAMTERLOES | C31: N 6,2 | D31: Variable | E31: Allgemein | F31: 00001450 | G31: Ticketwert in Euro und Cent ohne Komma | I31: Gesamtpreis des Fahrscheins Summe der Felder VN-FAHRGELDANTEIL-DB und VN-FAHRGELDANTEIL-3TE.
A32: 030 | B32: VN-FAHRGELDANTEIL-DB | C32: N 6,2 | D32: Variable | E32: Allgemein | F32: 00001450 | G32: Wert der Strecke DB ohne NE Anstoß (entspricht Gesamterlös ohne NE Anstoß) | I32: Fahrgeldanteil der DB
A33: 031 | B33: VN-KOSTENZUSCHLAG-DB | C33: N 6,2 | D33: Default | E33: Allgemein | F33: 00000000 | G33: ="Fixer Wert ('"&F33&"')" -> Fixer Wert ('00000000') | I33: Konstante
A34: 032 | B34: VN-FAHRGELDANTEIL-3TE | C34: N 6,2 | D34: Variable | E34: Allgemein | F34: 00000000 | G34: Wert der Strecke NE Anstoß | I34: Fahrgeldanteil Dritte (NE, SEE)
A35: 033 | B35: VN-KOSTENZUSCHLAG-3TE | C35: N 6,2 | D35: Default | E35: Allgemein | F35: 00000000 | G35: ="Fixer Wert ('"&F35&"')" -> Fixer Wert ('00000000') | I35: Konstante
A36: 034 | B36: VN-SONSTIGE-EINNAHMEN | C36: N 6,2 | D36: Default | E36: Allgemein | F36: 00000000 | G36: ="Fixer Wert ('"&F36&"')" -> Fixer Wert ('00000000') | I36: Konstante
A37: 035 | B37: VN-VERKAEUFERPROV | C37: N 3,2 | D37: Default | E37: Allgemein | F37: 00000 | G37: ="Fixer Wert ('"&F37&"')" -> Fixer Wert ('00000') | I37: Konstante
A38: 036 | B38: VN-PREISNACHLASS | C38: N 2,3 | D38: Default | E38: Allgemein | F38: 00000 | G38: ="Fixer Wert ('"&F38&"')" -> Fixer Wert ('00000') | I38: Konstante
A39: 037 | B39: VN-ZAHLUNGSART | C39: N 2 | D39: Enum | E39: Allgemein | F39: 51 | G39: Pflichtfeld, siehe Tabelle "Zahlungsart" | H39: ja | I39: Wert aus Liste von Konstanten
A40: 038 | B40: VN-ERWACHSENE | C40: N 3 | D40: Variable | E40: Allgemein | F40: 001 | G40: Füllung mit tatsächlicher Anzahl (z.B. 001 bei einem Erwachsenen) | I40: Anzahl Erwachsene
A41: 039 | B41: VN-KINDER | C41: N 3 | D41: Variable | E41: Allgemein | F41: 000 | G41: Füllung mit tatsächlicher Anzahl | I41: Anzahl zahlende Kinder
A42: 040 | B42: VN-UNENTGELTLICH | C42: N 3 | D42: Variable | E42: Allgemein | F42: 000 | G42: Füllung mit tatsächlicher Anzahl | I42: Anzahl unentgeltlich beförderte Personen, sofern eingegeben (z. B. Begleiter von Blinden dargestellt, keine Familienkinder)
A43: 041 | B43: VN-VERKAUFSANW | C43: N 7 | D43: Default | E43: Allgemein | F43: 0000000 | G43: ="Fixer Wert ('"&F43&"')" -> Fixer Wert ('0000000') | I43: Konstante
A44: 042 | B44: VN-ART-DER-KARTE | C44: N 2 | D44: Default | E44: Allgemein | F44: 00 | G44: ="Fixer Wert ('"&F44&"')" -> Fixer Wert ('00') | I44: Konstante
A45: 043 | B45: VN-ANZAHL-VERK-KARTEN | C45: N 4 | D45: Default | E45: Allgemein | F45: 0001 | G45: ="Fixer Wert ('"&F45&"')" -> Fixer Wert ('0001') | I45: Konstante
A46: 044 | B46: VN-ERLOES-JE-KARTE | C46: N 6,2 | D46: Variable | E46: Allgemein | F46: 00000000 | G46: ="Fixer Wert ('"&F46&"')" -> Fixer Wert ('00000000') | I46: Standard = 0, aber besondere Berechnung bei Umweg, Klassenwechsel, u.ä. Variabler Teil Satzart 32
A47: 045 | B47: VN-HIN-RUECK-KZ | C47: C 1 | D47: Enum | E47: Allgemein | F47: 1 | G47: 1 - Einfache Fahrt 2 - Hin- und Rückfahrt | I47: Zeitkarten = 1
A48: 046 | B48: VN-QMS-ID | C48: N 10 | D48: Variable | E48: Allgemein | F48: 0000000000 | G48: ="Fixer Wert ('"&F48&"')" -> Fixer Wert ('0000000000') | I48: QMS-ID für gesteuerte Angebote
A49: 047 | B49: VN-FAMILIENKINDER | C49: N 3 | D49: Variable | E49: Allgemein | F49: 001 | G49: tatsächliche Anzahl der Familienkinder | I49: wenn gefüllt, dann muss auch VN-Erwachsene gefüllt sein
A50: 048 | B50: VN-ERM-ERW | C50: N 3 | D50: Variable | E50: Allgemein | F50: 000 | G50: tatsächliche Anzahl ermäßigter Erwachsener (Davon Wert von Position 38) | I50: Anzahl Erwachsene mit BahnCard-Ermäßigung (Teilmenge von Feld VN-Erwachsene)
A51: 049 | B51: VN-ERM-KIND | C51: N 3 | D51: Variable | E51: Allgemein | F51: 000 | G51: tatsächliche Anzahl ermäßigter Kinder (Davon Wert von Position 39) | I51: Anzahl Kinder mit Ermäßigung (Teilmenge von Feld VN-Kinder)
A52: 050 | B52: VN-ERM-FAM-KIND | C52: N 3 | D52: Variable | E52: Allgemein | F52: 000 | G52: ="Fixer Wert ('"&F52&"')" -> Fixer Wert ('000') | I52: Anzahl Familienkinder mit Ermäßigung (Teilmenge von VN-Familienkinder)
A53: 051 | B53: VN-U-E-PROZESS-KZ | C53: N 2 | D53: Enum | E53: Allgemein | F53: 10 | G53: ="Fixer Wert ('"&F53&"')" -> Fixer Wert ('10') | I53: 10 Verkauf der ursprünglichen Leistung; 1 Storno;
A54: 052 | B54: VN-ZUG-NR | C54: N 5 | D54: Default | E54: Allgemein | F54: 00000 | G54: In Klärung: Fixer Wert (laut Spalte F) | I54: Konstante
A55: 053 | B55: VN-KARTEN-NR | C55: C 24 | D55: Default | E55: Allgemein | F55: 000000000000000000000000 | G55: ="Fixer Wert ('"&F55&"')" -> Fixer Wert ('000000000000000000000000') | I55: Konstante
A56: 054 | B56: VN-BUCHUNGS-NR | C56: N 5 | D56: Default | E56: Allgemein | F56: 00000 | G56: ="Fixer Wert ('"&F56&"')" -> Fixer Wert ('00000') | I56: Konstante
A57: 055 | B57: VN-BORDPREIS | C57: N 6,2 | D57: Default | E57: Allgemein | F57: 00000000 | G57: Wert Bordpreis | I57: Konstante
A58: 056 | B58: VN-BORDPREIS-MWST-KZ | C58: N 1 | D58: Default | E58: Allgemein | F58: 0 | G58: 0 - keine Mehrwertsteuerberechnung 1 - voller Mehrwertsteuersatz 2 - ermäßigter Mehrwertsteuersatz 9 - Umsatzsteuer unbestimmt | I58: Konstante = 0
A59: 057 | B59: VN-MONAT-ODER-WOCHE | C59: N 2 | D59: Variable | E59: Allgemein | F59: 00 | G59: Pflichtfeld: Bei Monatskarte Angabe des Monats, bei Wochenkarten Angabe der Kalenderwoche | H59: ja | I59: Bei Streckenzeitkarten: Nummer des Monats oder der Woche Hinfahrt Angebot
A60: 058 | B60: VN-VERK-DB | C60: N 3 | D60: Variable | E60: Hinfahrt | F60: 302 | G60: identisch mit Feld 020 | I60: Nummer des konkreten Tarifs der DB der Hinfahrt (bei reinen NE/SEE-Fahrscheinen mit 0 gefüllt)
A61: 059 | B61: VN-GATT-DB | C61: N 3 | D61: Variable | E61: Hinfahrt | F61: 001 | G61: identisch mit Feld 021 | I61: Nummer des konkreten Angebots der DB der Hinfahrt (bei reinen NE/SEE-Fahrscheinen mit 0 gefüllt) Wegeangaben
A62: 060 | B62: VN-IBNR-ABG-DB | C62: N 5 | D62: Enum | E62: Hinfahrt | F62: 03200 | G62: INBR DB Abgangsbahnhof der Hinfahrt - Vorgabe IBNR DB | I62: Wert aus Liste von Konstanten - IBNR des DB-Abgangsbahnhofs der Hinfahrt Interne Bahnhofsnummer (IBNR). Keine Beteiligung DB (Fahrschein NE/SEE ab Übergangsbahnhof) = 0
A63: 061 | B63: VN-IBNR-ZIEL-DB | C63: N 5 | D63: Enum | E63: Hinfahrt | F63: 00115 | G63: INBR DB Zielbahnhof der Hinfahrt - Vorgabe IBNR DB | I63: Wert aus Liste von Konstanten - IBNR des DB-Zielbahnhofs der Hinfahrt Keine Beteiligung DB (Fahrschein NE/SEE ab Übergangsbahnhof) = 0
A64: 062 | B64: VN-PROD-KZ | C64: N 2 | D64: Enum | E64: Hinfahrt | F64: 03 | G64: ="Fixer Wert ('"&F64&"')" -> Fixer Wert ('03') | I64: Wert aus Liste von Konstanten
A65: 063 | B65: VN-IBNR-FV-IBV | C65: N 5 | D65: Enum | E65: Hinfahrt | F65: 00000 | G65: ="Fixer Wert ('"&F65&"')" -> Fixer Wert ('00000') | I65: Wert aus Liste von Konstanten
A66: 064 | B66: VN-IBNR-FV-IBN | C66: N 5 | D66: Enum | E66: Hinfahrt | F66: 00000 | G66: ="Fixer Wert ('"&F66&"')" -> Fixer Wert ('00000') | I66: Wert aus Liste von Konstanten
A67: 065 | B67: VN-IBNR-FV-LP1 | C67: N 5 | D67: Enum | E67: Hinfahrt | F67: 00000 | G67: ="Fixer Wert ('"&F67&"')" -> Fixer Wert ('00000') | I67: Wert aus Liste von Konstanten
A68: 066 | B68: VN-IBNR-FV-LP2 | C68: N 5 | D68: Enum | E68: Hinfahrt | F68: 00000 | G68: ="Fixer Wert ('"&F68&"')" -> Fixer Wert ('00000') | I68: Wert aus Liste von Konstanten
A69: 067 | B69: VN-IBNR-VOR-BP | C69: N 5 | D69: Enum | E69: Hinfahrt | F69: 00000 | G69: Umweg Relation IBNR Nummern Brechpunkt 1 | I69: Wert aus Liste von Konstanten, Brechpunkte wie im VIA Text angegeben
A70: 068 | B70: VN-IBNR-NAC-BP | C70: N 5 | D70: Enum | E70: Hinfahrt | F70: 00000 | G70: Umweg Relation IBNR Nummern Brechpunkt 2 | I70: Wert aus Liste von Konstanten, Brechpunkte wie im VIA Text angegeben
A71: 069 | B71: VN-IBNR-ANST-A | C71: N 5 | D71: Enum | E71: Hinfahrt | F71: 03200 | G71: IBNR Anstoßbanhof Abgang Hinfahrt Grundentfernung und Streckenentfernung | I71: Wert aus Liste von Konstanten
A72: 070 | B72: VN-IBNR-ANST-Z | C72: N 5 | D72: Enum | E72: Hinfahrt | F72: 00115 | G72: IBNR Anstoßbanhof Ziel Hinfahrt Grundentfernung und Streckenentfernung | I72: Wert aus Liste von Konstanten
A73: 071 | B73: VN-CITY-KZ | C73: N 1 | D73: Enum | E73: Hinfahrt | F73: 0 | G73: ="Fixer Wert ('"&F73&"')" -> Fixer Wert ('0') | I73: Wert aus Liste von Konstanten
A74: 072 | B74: VN-KM-DB | C74: N 4 | D74: Variable | E74: Hinfahrt | F74: 0030 | G74: KM Angabe DB Entfernung der Hinfahrt | I74: DB-Entfernung der Hinfahrt Einnahmen DB
A75: 073 | B75: VN-DB-EINNAHME | C75: N 6,2 | D75: Variable | E75: Hinfahrt | F75: 00001450 | G75: DB'Einnahme der Hinfahrt | I75: Fahrgeldanteil DB der Hinfahrt
A76: 074 | B76: VN-DB-EINNAHME-MWST-KZ | C76: N 1 | D76: Enum | E76: Hinfahrt | F76: 2 | G76: 0 - keine Mehrwertsteuerberechnung 1 - voller Mehrwertsteuersatz 2 - ermäßigter Mehrwertsteuersatz 9 - Umsatzsteuer unbestimmt | I76: Wert aus Liste von Konstanten
A77: 075 | B77: VN-DB-KOSTENZUSCHLAG | C77: N 6,2 | D77: Enum | E77: Hinfahrt | F77: 00000000 | G77: ="Fixer Wert ('"&F77&"')" -> Fixer Wert ('00000000') | I77: Wert aus Liste von Konstanten
A78: 076 | B78: VN-DB-KOSTEZU-MWST-KZ | C78: N 1 | D78: Default | E78: Hinfahrt | F78: 0 | G78: ="Fixer Wert ('"&F78&"')" -> Fixer Wert ('0') | I78: Konstante Einnahmen Dritter
A79: 077 | B79: VN-3TE-FAHRGELDANTEIL | C79: N 6,2 | D79: Variable | E79: Hinfahrt | F79: 00000000 | G79: ="Fixer Wert ('"&F79&"')" -> Fixer Wert ('00000000') | I79: Fahrgeldanteil Dritte der Hinfahrt
A80: 078 | B80: VN-3TE-FAHRGELD-MWST- KZ | C80: N 1 | D80: Enum | E80: Hinfahrt | F80: 0 | G80: ="Fixer Wert ('"&F80&"')" -> Fixer Wert ('0') | I80: Wert aus einer Liste von Konstanten
A81: 079 | B81: VN-3TE-KOSTENZUSCHLAG | C81: N 6,2 | D81: Default | E81: Hinfahrt | F81: 00000000 | G81: ="Fixer Wert ('"&F81&"')" -> Fixer Wert ('00000000') | I81: Konstante
A82: 080 | B82: VN-3TE-KOSTEZU-MWST-KZ | C82: N 1 | D82: Default | E82: Hinfahrt | F82: 0 | G82: ="Fixer Wert ('"&F82&"')" -> Fixer Wert ('0') | I82: Konstante Sonstige Einnahmen
A83: 081 | B83: VN-SE | C83: N 6,2 | D83: Default | E83: Hinfahrt | F83: 00000000 | G83: ="Fixer Wert ('"&F83&"')" -> Fixer Wert ('00000000') | I83: Konstante
A84: 082 | B84: VN-SE-LEISTUNGS-CODE | C84: C 4 | D84: Default | E84: Hinfahrt | F84: 0000 | G84: ="Fixer Wert ('"&F84&"')" -> Fixer Wert ('0000') | I84: Konstante
A85: 083 | B85: VN-SE-MWST-KZ | C85: N 1 | D85: Default | E85: Hinfahrt | F85: 0 | G85: ="Fixer Wert ('"&F85&"')" -> Fixer Wert ('0') | I85: Konstante Rückfahrt Angebot
A86: 084 | B86: VN-VERK-DB | C86: N 3 | D86: Variable | E86: Rückfahrt | F86: 000 | G86: identisch mit Feld 020 | I86: Nummer des konkreten Tarifs der DB der Rückfahrt (bei reinen NE/SEE-Fahrscheinen mit 0 gefüllt)
A87: 085 | B87: VN-GATT-DB | C87: N 3 | D87: Variable | E87: Rückfahrt | F87: 000 | G87: identisch mit Feld 021 | I87: Nummer des konkreten Angebots der DB der Rückfahrt (bei reinen NE/SEE-Fahrscheinen mit 0 gefüllt) Wegeangaben
A88: 086 | B88: VN-IBNR-ABG-DB | C88: N 5 | D88: Enum | E88: Rückfahrt | F88: 00000 | G88: INBR DB Abgangsbahnhof der Rückfahrt - Vorgabe IBNR DB | I88: Wert aus Liste von Konstanten - IBNR des DB-Abgangsbahnhofs der Rückfahrt Interne Bahnhofsnummer (IBNR).Keine Beteiligung DB (Fahrschein NE/SEE ab Übergangsbahnhof) = 0
A89: 087 | B89: VN-IBNR-ZIEL-DB | C89: N 5 | D89: Enum | E89: Rückfahrt | F89: 00000 | G89: INBR DB Zielbahnhof der Rückfahrt - Vorgabe IBNR DB | I89: Wert aus Liste von Konstanten - IBNR des DB-Zielbahnhofs der Rückfahrt Keine Beteiligung DB (Fahrschein NE/SEE ab Übergangsbahnhof) = 0
A90: 088 | B90: VN-PROD-KZ | C90: N 2 | D90: Enum | E90: Rückfahrt | F90: 03 | G90: ="Fixer Wert ('"&F90&"')" -> Fixer Wert ('03') | I90: Wert aus einer Liste von Konstanten
A91: 089 | B91: VN-IBNR-FV-IBV | C91: N 5 | D91: Enum | E91: Rückfahrt | F91: 00000 | G91: ="Fixer Wert ('"&F91&"')" -> Fixer Wert ('00000') | I91: Wert aus Liste von Konstanten
A92: 090 | B92: VN-IBNR-FV-IBN | C92: N 5 | D92: Enum | E92: Rückfahrt | F92: 00000 | G92: ="Fixer Wert ('"&F92&"')" -> Fixer Wert ('00000') | I92: Wert aus Liste von Konstanten
A93: 091 | B93: VN-IBNR-FV-LP1 | C93: N 5 | D93: Enum | E93: Rückfahrt | F93: 00000 | G93: ="Fixer Wert ('"&F93&"')" -> Fixer Wert ('00000') | I93: Wert aus Liste von Konstanten
A94: 092 | B94: VN-IBNR-FV-LP2 | C94: N 5 | D94: Enum | E94: Rückfahrt | F94: 00000 | G94: ="Fixer Wert ('"&F94&"')" -> Fixer Wert ('00000') | I94: Wert aus Liste von Konstanten
A95: 093 | B95: VN-IBNR-VOR-BP | C95: N 5 | D95: Enum | E95: Rückfahrt | F95: 00000 | G95: ="Fixer Wert ('"&F95&"')" -> Fixer Wert ('00000') | I95: Wert aus Liste von Konstanten
A96: 094 | B96: VN-IBNR-NAC-BP | C96: N 5 | D96: Enum | E96: Rückfahrt | F96: 00000 | G96: ="Fixer Wert ('"&F96&"')" -> Fixer Wert ('00000') | I96: Wert aus Liste von Konstanten
A97: 095 | B97: VN-IBNR-ANST-A | C97: N 5 | D97: Enum | E97: Rückfahrt | F97: 00000 | G97: IBNR Anstoßbanhof Abgang Rückfahrt Grundentfernung und Streckenentfernung | I97: Wert aus Liste von Konstanten
A98: 096 | B98: VN-IBNR-ANST-Z | C98: N 5 | D98: Enum | E98: Rückfahrt | F98: 00000 | G98: IBNR Anstoßbanhof Ziel Rückfahrt Grundentfernung und Streckenentfernung | I98: Wert aus Liste von Konstanten
A99: 097 | B99: VN-CITY-KZ | C99: N 1 | D99: Enum | E99: Rückfahrt | F99: 0 | G99: ="Fixer Wert ('"&F99&"')" -> Fixer Wert ('0')
A100: 098 | B100: VN-KM-DB | C100: N 4 | D100: Variable | E100: Rückfahrt | F100: 0000 | G100: KM Angabe DB Entfernung der Rückfahrt | I100: DB-Entfernung der Rückfahrt
...

Sheet SA32Beispiel
A1: Spalte1
A2: EFVA32021000665067904000000000593000020082508090408610338692800200825200825302001192050000000000000006650670131000028000000280000000000000000000000000000000000000000000055001000000000000000000100000000200000000000000010000001000000 0000000000000000302001032000012403000000000000000000000000000000032000012400131000014002000020000000000000000000000000000000000030200100124032000300000000000000000000000000000000124032000013100001400200002000000000000000000000000000000000000000000000000000000000000000000000000000000000000000000000000000000000000000000000000000000000000
A3: EFVA32021000665067909000000000256000020123122454912610372714414201231210101302001012050000000000000006650670131000028700000287000000000000000000000000000000000000000000051001000000000000000000100000000100000000000000000000001000000 0000000000000000302001032000012403000000000000000000000000000000032000012400131000028702000020000000000000000000000000000000000000000000000000000000000000000000000000000000000000000000000000000000000000001000000000000000000000000000000000000000000000000000000000000000000000000000000000000000000000000000000000000000000000000000000000000
A4: EFVA32021000665703901000000000684000021013118244501610328613322210201210207001055012050000000000000006657030044000065300000653000000000000000000000000000000000000000000051001000000000000000000100000000100000000000000000000001000000 0000000000000005001055127631033803000000000000000000000000000000103381033800044000065302000020000000000000000000000000000000000000000000000000000000000000000000000000000000000000000000000000000000000000001000000000000000000000000000000000000000000000000000000000000000000000000000000000000000000000000000000000000000000000000000000000000
B8: Flexpreis H+R | C8: Flexpreis H | D8: Wochenkarte
A9: VN-SATZKENNUNG | B9: EFVA | C9: EFVA | D9: EFVA
A10: VN-SATZART | B10: 32 | C10: 32 | D10: 32
A11: VN-CODE-NR | B11: 021 | C11: 021 | D11: 021
A12: VN-KZ-BUCHUNGSART | B12: 0 | C12: 0 | D12: 0
A13: VN-KZ-DRUCK | B13: 0 | C13: 0 | D13: 0
A14: VN-UNSICHERHEITS-KZ | B14: 0 | C14: 0 | D14: 0
A15: VN-DIENSTSTELLE | B15: 665067 | C15: 665067 | D15: 665703
A16: VN-SCHALTER | B16: 904 | C16: 909 | D16: 901
A17: VN-AUSGABESTELLE | B17: 000000 | C17: 000000 | D17: 000000
A18: VN-AUSGABE-SCHALTER | B18: 000 | C18: 000 | D18: 000
A19: VN-SCHICHT | B19: 593 | C19: 256 | D19: 684
A20: VN-BEDIENER | B20: 0000 | C20: 0000 | D20: 0000
... A60: VN-ZUG-NR | B60: 00000 | C60: 00000 | D60: 00000
A61: VN-KARTEN-NR
A62: VN-BUCHUNGS-NR | B62: 00000 | C62: 00000 | D62: 00000
A63: VN-BORDPREIS | B63: 00000000 | C63: 00000000 | D63: 00000000
A64: VN-BORDPREIS-MWST-KZ | B64: 0 | C64: 0 | D64: 0
A65: VN-MONAT-ODER-WOCHE | B65: 00 | C65: 00 | D65: 05
A66: VN-H-VERK-DB | B66: 302 | C66: 302 | D66: 001
A67: VN-H-GATT-DB | B67: 001 | C67: 001 | D67: 055
A68: VN-H-IBNR-ABG-DB | B68: 03200 | C68: 03200 | D68: 12763
A69: VN-H-IBNR-ZIEL-DB | B69: 00124 | C69: 00124 | D69: 10338
A70: VN-H-PROD-KZ | B70: 03 | C70: 03 | D70: 03
A71: VN-H-IBNR-FV-IBV | B71: 00000 | C71: 00000 | D71: 00000
A72: VN-H-IBNR-FV-IBN | B72: 00000 | C72: 00000 | D72: 00000
A73: VN-H-IBNR-FV-LP1 | B73: 00000 | C73: 00000 | D73: 00000
... A141: VN-ABO-VERTRAGS-NR | B141: 0000 | C141: 0000 | D141: 0000
A142: VN-BUS-VON
A143: VN-BUS-NACH

Sheet SA11
B1: SA11 - Struktur für relationslose Fahrscheine | I1: Länge | J1: kum Länge
A2: Nr. | B2: Feld-Bezeichnung | C2: Länge | D2: Inhalt | E2: Vorlage | F2: Anmerkungen | G2: Memo
A3: 001 | B3: VN-SATZKENNUNG | C3: C 4 | D3: Default | E3: DTVD | F3: Fixer Wert ("DTVD") | I3: 4 | J3: =+I3 -> 4
A4: 002 | B4: VN-SATZART | C4: N 2 | D4: Default | E4: 11 | F4: Fixer Wert ("11") | I4: 2 | J4: =+I4+J3 -> 6
A5: 003 | B5: VN-CODE-NR | C5: N 3 | D5: Default | E5: 021 | F5: Fixer Wert ("021") | I5: 3 | J5: =+I5+J4 -> 9
A6: 004 | B6: VN-KZ-BUCHUNGSART | C6: C 1 | D6: Enum | F6: 0=Verkauf und 2=Storno | I6: 1 | J6: =+I6+J5 -> 10
A7: 005 | B7: VN-KZ-DRUCK | C7: C 1 | D7: Enum | E7: 0 | F7: Fixer Wert | G7: 0=Keine Unregelmäßigkeiten | I7: 1 | J7: =+I7+J6 -> 11
A8: 006 | B8: VN-UNSICHERHEITS-KZ | C8: C 1 | D8: Default | E8: 0 | F8: Fixer Wert | I8: 1 | J8: =+I8+J7 -> 12
A9: 007 | B9: VN-DIENSTSTELLE | C9: N 6 | D9: Variable | F9: Individueller Wert pro Partner /TK bzw. TuVK Vertrag | I9: 6 | J9: =+I9+J8 -> 18
A10: 008 | B10: VN-SCHALTER | C10: N 3 | D10: Variable | F10: In Klärung: individueller Wert lt. DB P (Vorgabe DB), kann fixer Wert pro Partner sein | I10: 3 | J10: =+I10+J9 -> 21
A11: 009 | B11: VN-AUSGABESTELLE | C11: N 6 | D11: Variable | F11: bei Storno (VN-KZ-BUCHUNGSART =2) erwartete Füllung aus Feld 007 sonst 000000 | I11: 6 | J11: =+I11+J10 -> 27
A12: 010 | B12: VN-AUSGABE-SCHALTER | C12: N 3 | D12: Variable | F12: bei Storno (VN-KZ-BUCHUNGSART =2) erwartete Füllung aus Feld 008 sonst 000 | I12: 3 | J12: =+I12+J11 -> 30
A13: 011 | B13: VN-SCHICHT | C13: N 3 | D13: Variable | E13: 000 | F13: Fixer Wert | I13: 3 | J13: =+I13+J12 -> 33
A14: 012 | B14: VN-BEDIENER | C14: N 4 | D14: Variable | E14: 0000 | F14: Fixer Wert | I14: 4 | J14: =+I14+J13 -> 37
A15: 013 | B15: VN-AUSGABEDATUM | C15: C 6 | D15: Variable | E15: 201110 | F15: Prüfung plausible Werte. Eintrag muss Datumsformat haben, z.B. 200320 | I15: 6 | J15: =+I15+J14 -> 43
A16: 014 | B16: VN-AUSGABEZEIT | C16: N 6 | D16: Variable | E16: 100525 | F16: Prüfung plausible Werte, | I16: 6 | J16: =+I16+J15 -> 49
A17: 015 | B17: VN-RECHNUNGSMONAT | C17: N 2 | D17: Variable | E17: 11 | F17: Prüfung plausible Werte | I17: 2 | J17: =+I17+J16 -> 51
A18: 016 | B18: VN-FAMUSTER-NR | C18: N 4 | D18: Enum | E18: 6078 | F18: Fixer Wert (laut Spalte G) | I18: 4 | J18: =+I18+J17 -> 55
A19: 017 | B19: VN-BELEG-NR | C19: N 8 | D19: Variable | E19: 22554789 | F19: Pflichtfeld aus steuerlichen Gründen; Die Belegnummer muss für die Kombination Dienstelle&Schalter&Ausgabedatum eindeutig sein. | G19: Nummer des erstellten Beleges; beim Stornodatensatz muss die Belegnummer identisch mit der Belegnummer des dazu gehörenden Buchungsdatensatzes sein. | I19: 8 | J19: =+I19+J18 -> 63
A20: 018 | B20: VN-1-GELTUNGSTAG | C20: C 6 | D20: Variable | E20: 201115 | F20: Prüfung plausible Werte. | I20: 6 | J20: =+I20+J19 -> 69
A21: 019 | B21: VN-LETZTER-GELTUNGSTAG | C21: C 6 | D21: Variable | E21: 201115 | F21: Prüfung plausible Werte. | I21: 6 | J21: =+I21+J20 -> 75
A22: 020 | B22: VN-VERKEHR-BINNEN | C22: N 3 | D22: Enum | E22: 001 | F22: Pflichtfeld, siehe Tabelle "VerkGatt" | I22: 3 | J22: =+I22+J21 -> 78
A23: 021 | B23: VN-GATTUNG-DB | C23: N 3 | D23: Enum | E23: 031 | F23: Pflichtfeld, siehe Tabelle "VerkGatt" | I23: 3 | J23: =+I23+J22 -> 81
A24: 022 | B24: VN-ERMAESSIGUNGSART-DB | C24: N 2 | D24: Enum | E24: 01 | F24: Pflichtfeld, siehe Tabelle "Ermäßigung" | I24: 2 | J24: =+I24+J23 -> 83
A25: 023 | B25: VN-KLASSE-DB | C25: N 1 | D25: Enum | E25: 2 | F25: Pflichtfeld, siehe Tabelle "Klasse" | I25: 1 | J25: =+I25+J24 -> 84
A26: 024 | B26: VN-VERKAUFSART | C26: N 2 | D26: Enum | E26: 05 | F26: Pflichtfeld, siehe Tabelle "Verkaufsart" | I26: 2 | J26: =+I26+J25 -> 86
A27: 025 | B27: VN-KUNDEN-NR | C27: N 7 | D27: Variable | E27: 0000000 | F27: Fixer Wert | I27: 7 | J27: =+I27+J26 -> 93
A28: 026 | B28: VN-ZUSATZANGABEN | C28: N 8 | D28: Default | E28: 00000000 | F28: Fixer Wert | I28: 8 | J28: =+I28+J27 -> 101
A29: 027 | B29: VN-AKQUIRIERENDE-DST | C29: N 6 | D29: Variable | E29: 000000 | F29: Fixer Wert | I29: 6 | J29: =+I29+J28 -> 107
A30: 028 | B30: VN-ENTFERNUNG-DB | C30: N 4 | D30: Variable | E30: 0000 | F30: Fixer Wert | I30: 4 | J30: =+I30+J29 -> 111
A31: 029 | B31: VN-GESAMTERLOES | C31: N 5,2 | D31: Variable | E31: 0003500 | F31: Ticketwert in Euro und Cent ohne Komma | I31: 7 | J31: =+I31+J30 -> 118
... A38: 036 | B38: VN-PREISNACHLASS | C38: N 2,3 | D38: Default | E38: 00000 | F38: Fixer Wert | I38: 5 | J38: =+I38+J37 -> 163
A39: 037 | B39: VN-ZAHLUNGSART | C39: N 2 | D39: Enum | E39: 51 | F39: Pflichtfeld, siehe Tabelle "Zahlungsart" | I39: 2 | J39: =+I39+J38 -> 165
A40: 038 | B40: VN-ERWACHSENE | C40: N 2 | D40: Variable | E40: 01 | F40: Füllung mit tatsächlicher Anzahl (z.B. 01 bei einem Erwachsenen) | I40: 2 | J40: =+I40+J39 -> 167
A41: 039 | B41: VN-KINDER | C41: N 2 | D41: Variable | E41: 00 | F41: Füllung mit tatsächlicher Anzahl | I41: 2 | J41: =+I41+J40 -> 169
A42: 040 | B42: VN-UNENTGELTLICH | C42: N 2 | D42: Variable | E42: 00 | F42: Füllung mit tatsächlicher Anzahl | G42: Anzahl unentgeltlich beförderte Personen, sofern eingegeben (z. B. Begleiter von Blinden dargestellt, keine Familienkinder) | I42: 2 | J42: =+I42+J41 -> 171
A43: 041 | B43: VN-VERKAUFSANW | C43: N 7 | D43: Default | E43: 0000000 | F43: Fixer Wert | I43: 7 | J43: =+I43+J42 -> 178
A44: 042 | B44: VN-ART-DER-KARTE | C44: N 2 | D44: Default | E44: 00 | F44: Fixer Wert | I44: 2 | J44: =+I44+J43 -> 180
A45: 043 | B45: VN-ANZAHL-VERK-KARTEN | C45: N 4 | D45: Default | E45: 0001 | F45: Fixer Wert | I45: 4 | J45: =+I45+J44 -> 184
A46: 044 | B46: VN-ERLOES-JE-KARTE | C46: N 5,2 | D46: Variable | E46: 0000000 | F46: Fixer Wert | I46: 7 | J46: =+I46+J45 -> 191
A47: 045 | B47: VN-NETZ-BEZIRKS-KARTE | C47: N 3 | D47: Default | E47: 000 | F47: Fixer Wert | I47: 3 | J47: =+I47+J46 -> 194
A48: 046 | B48: VN-HAUPTNETZ-BEZIRKSKARTE | C48: N 3 | D48: Default | E48: 000 | F48: Fixer Wert | I48: 3 | J48: =+I48+J47 -> 197
A49: 047 | B49: VN-HAUPTKARTEN-NR | C49: N 8 | D49: Default | E49: 000000000 | F49: Fixer Wert | I49: 8 | J49: =+I49+J48 -> 205
A50: 048 | B50: VN-ANGEBOTSGRUPPE | C50: N 2 | D50: Default | E50: 01 | F50: Fixer Wert | I50: 2 | J50: =+I50+J49 -> 207
A51: 049 | B51: VN-NAME-VORNAME | C51: C 30 | D51: Default | F51: Fixer Wert, 30*blank | I51: 30 | J51: =+I51+J50 -> 237
A52: 050 | B52: VN-STRASSE-HAUS-NR | C52: C30 | D52: Default | F52: Fixer Wert, 30*blank | I52: 30 | J52: =+I52+J51 -> 267
A53: 051 | B53: VN-PLZ-ORT | C53: C30 | D53: Variable | E53: DE___02979 | F53: Wenn Länderticket (außer Mobile- oder Web-Verkauf [vgl. Verkaufsart]), dann ab Feld 6 die Verkehrnummer des Verbundes am Verkaufsort eintragen (mehrfache Verbundnummern sind mit "_" zu trennen, siehe Tabellenblatt "VN-PLZ-ORT"; Wenn D-Ticket, dann Länderkennzeichen (2-stellig, Buchstaben, nach Standard „ISO-3166 „ALPHA-2““ ), 3 blank-Felder, PLZ (5-stellig, Ziffern) des Wohnortes des Abonennten oder Dienststelle des Jobtickets. In Summe 10 Stellen gefüllt und 20 blank; sonst leer (30*blank); | G53: Hinweis: bei Datensätzen mit Länderkennzeichen ungleich "DE" hat die Postleitzahl keine Relevanz; In diesen Fällen die PLZ mit "xxxxx" füllen Sollte bei einem Einnahmedatensatz des Deutschlandtickets die Länderkennung und/oder die PLZ nicht ermittelbar sein, bitten wir um Füllung der entsprechenden Zeichen mit „0“ (Beispiel: „00___00000“) | I53: 30 | J53: =+I53+J52 -> 297

Sheet SA11Beispiel
A1: Column1
A2: EFVA11021000620385904205898001612000020123109211412610368711952201231201231001241012050000000000000000000000000000700000070000000000000000000000000000000000000000051050000000000000000100000000000000000000001
B6: QDL
A7: VN-SATZKENNUNG | B7: EFVA
A8: VN-SATZART | B8: 11
A9: VN-CODE-NR | B9: 021
A10: VN-KZ-BUCHUNGSART | B10: 0
A11: VN-KZ-DRUCK | B11: 0
A12: VN-UNSICHERHEITS-KZ | B12: 0
A13: VN-DIENSTSTELLE | B13: 620385
A14: VN-SCHALTER | B14: 904
A15: VN-AUSGABESTELLE | B15: 205898
A16: VN-AUSGABE-SCHALTER | B16: 001
A17: VN-SCHICHT | B17: 612
A18: VN-BEDIENER | B18: 0000
... A54: VN-ANGEBOTSGRUPPE | B54: 01
A55: VN-NAME-VORNAME
A56: VN-STRASSE-HAUS-NR
A57: VN-PLZ-ORT

Sheet Steuerkennzeichen
A1: Kennzeichen | B1: Beschreibung | C1: UMSATZSTEUERSATZ
A2: AE | B2: Lieferungen und sonstige Leistungen zum erm. Steuersatz 7 % | C2: 7
A3: X0 | B3: Nichtsteuerbare Leistungen an Organgesellschaften | C3: 0
A4: 09 | B4: Umsatzsteuer unbekannt | C4: 0
A5: AV | B5: Lieferungen und sonst. Leistungen zum allgem Steuersatz 19 % | C5: 19
A6: AN | B6: Nichtsteuerbare Lieferungen u.sonstige Leistungen | C6: 0

Sheet Testportfolio
A1: NR | B1: Angebot | C1: Verkehr | D1: Gattung | E1: Testfall | F1: H&R | G1: Verkauf | H1: Storno VDS | I1: Beteiligung Anstoßverkehr NE
A2: 1 | B2: Flexpreis | C2: 302 | D2: 001 | E2: Erw. BC 25, 2. KL | F2: Hin | G2: x
A3: 2 | B3: Flexpreis | C3: 302 | D3: 001 | E3: 2 Erw. 1x BC25 1 Fam.Kind 2. Kl | F3: Hin&Rück | G3: x | I3: ja
A4: 3 | B4: Flexpreis | C4: 302 | D4: 001 | E4: Kind 1. KL | F4: Hin&Rück | G4: x | H4: x
A5: 4 | B5: Flexpreis | C5: 302 | D5: 001 | E5: Kind BC 25 2. KL | F5: Hin | G5: x
A6: 5 | B6: Flexpreis | C6: 302 | D6: 001 | E6: Erw. BC 50 1. Kl | F6: Hin&Rück | G6: x | H6: x | I6: ja
A7: 6 | B7: Flexpreis | C7: 302 | D7: 001 | E7: 2 Erw. 2x BC 50 2. Kl 2 Fam.Kinder | F7: Hin&Rück | G7: x | I7: ja
A8: 7 | B8: QDL Quer-Durchs-Land | C8: 001 | D8: 240 | E8: 1 Erw | G8: x
A9: 8 | B9: QDL Quer-Durchs-Land | C9: 001 | D9: 240 | E9: 3 Erw. | G9: x | H9: x
A10: 9 | B10: Bayern-Hopper-Ticket | C10: 003 | D10: 180 | E10: 1 Person | G10: x
A11: 10 | B11: Bayern-Hopper-Ticket | C11: 003 | D11: 180 | E11: 1 Person | G11: x | H11: x | I11: ja
A12: 11 | B12: Bayern-Ticket | C12: 003 | D12: 170 | E12: 1 Person | G12: x | H12: x
A13: 12 | B13: Bayern-Ticket | C13: 003 | D13: 170 | E13: 2 Person | G13: x
A14: 13 | B14: Wochenkarte | C14: 001 | D14: 254 | E14: 2.Klasse | G14: x | H14: x
A15: 14 | B15: Monatskarte | C15: 001 | D15: 250 | E15: 1.Klasse | G15: x | H15: x
A16: 15 | B16: Pers Wochenkarte | C16: 001 | D16: 055 | E16: 1. Klasse | G16: x
A17: 16 | B17: Pers Monatskarte | C17: 001 | D17: 050 | E17: 2. Klasse | G17: x
A18: 17 | B18: Schülerwochenkarte | C18: 001 | D18: 066 | E18: 2. Klasse | G18: x | H18: x
A19: 18 | B19: Schülermonatskarte | C19: 001 | D19: 060 | E19: 2. Klasse | G19: x | H19: x
A20: 19 | B20: Fahrradtageskarte NV | C20: 001 | D20: 097 | G20: x | H20: x
A21: 20 | B21: REGIO120PLUS Ticket | C21: 003 | D21: 271 | E21: 2. Klasse | F21: Hin | G21: x
A22: 21 | B22: FK ZUR WEITERFAHRT | C22: 302 | D22: 003 | F22: Hin
A23: 22 | B23: PRAG SPEZ.ONEWAY N-P | C23: 001 | D23: 592 | E23: 1Erw | G23: x
A24: 23 | B24: PRAG SPEZ. RETURN M | C24: 001 | D24: 594 | E24: 2 Erw | G24: x | H24: x
A25: 24 | B25: SAAR-ELSASS-TICKET | C25: 001 | D25: 219 | E25: 2 Erw | G25: x
A26: 25 | B26: REGIO120PLUS TICKET | C26: 003 | D26: 271 | E26: 1 Erw. | G26: x | H26: x
A27: 26 | B27: REGIO120 TICKET | C27: 003 | D27: 270 | E27: 2 Personen | G27: x | H27: x
A28: 27 | B28: STADT-LAND-MEER-T HR | C28: 003 | D28: 318 | E28: 2 Erw. 2 Fam. Kinder | G28: x
A29: 28 | B29: SCHLESWIG-HOLSTEIN-T | C29: 003 | D29: 560 | E29: 3 Personen | G29: x | H29: x
A30: 29 | B30: HOPPER-TI. TH EF PB | C30: 003 | D30: 068 | E30: 1 Erw | G30: x | H30: x
A31: 30 | B31: HOPPER-T.TH H+R PB | C31: 003 | D31: 069 | E31: 1 Erw. | G31: x
B35: Info Regio 120 Ticket:
B56: Merker: alleinreisende Kinder werden wie Erwachsene behandelt

Sheet Tarifsicht
A1: Tarifteil | C1: Angebots-ID | D1: Produktnummer | E1: Angebot | F1: zuständiges Gremium | G1: Zuordnung | H1: Ablaufdatum | I1: DTV Abrechnung | J1: Online | K1: Mobile | L1: PbV | M1: Automat | N1: Zug | O1: Abo | P1: Bemerkungen
A2: Grund | B2: A | C2: 200 | E2: Normalpreis | F2: Fachbeirat | G2: Kernsortiment | H2: open End | I2: ja | J2: ja | K2: ja | L2: ja | M2: ja | N2: ja | O2: nein
B3: A | C3: 201 | E3: Gruppenpreis DT | F3: Fachbeirat | G3: Kernsortiment | H3: open End | I3: ja | J3: ja | K3: ja | L3: ja | M3: ja | N3: nein | O3: nein
A4: Sonder | B4: B | C4: 202 | E4: Solidarity Ticket | F4: Fachbeirat | G4: Kernsortiment | H4: open End | I4: ja | J4: nein | K4: nein | L4: ja | M4: nein | N4: ja | O4: nein
A5: Tarifteil C - Zeitkarten | B5: D-Ticket | C5: 172 | D5: 9999 | E5: Deutschland-Ticket | F5: Fachbeirat | G5: Deutschland-Ticket | H5: open End | I5: ja | J5: nein | K5: ja | L5: nur mit Barcode | M5: nein | N5: nein | O5: ja
B6: D-Ticket | C6: 175 | E6: ermäßigte Deutschland-Ticket (z.B. Semesterticket) | F6: Fachbeirat | G6: Deutschland-Ticket | H6: open End | I6: ja | J6: nein | K6: ja | L6: nein | M6: nein | N6: nein | O6: ja
B7: D-Ticket | C7: 183 | E7: Deutschlandsemesterticket im Vollsolidarmodell | F7: Fachbeirat | G7: Deutschland-Ticket | H7: open End | I7: ja | J7: nein | K7: ja | L7: nein | M7: nein | N7: nein | O7: ja | P7: Universitäten liefern Zugangsberechtigungen. Bei der Ausgabe des D-Semestertickets wird die Berechtigung gegenüber dem Anfragenden geprüft.
B8: C | C8: 300 | E8: persönliche Wochenkarte | F8: Fachbeirat | G8: Kernsortiment | H8: open End | I8: ja | J8: ja | K8: ja | L8: ja | M8: ja | N8: ja | O8: ja
B9: C | C9: 301 | E9: übertragbare Wochenkarte | F9: Fachbeirat | G9: Kernsortiment | H9: 45640 | I9: ja | J9: ja | K9: ja | L9: ja | M9: ja | N9: ja | O9: ja
B10: C | C10: 302 | E10: persönliche Monatskarte | F10: Fachbeirat | G10: Kernsortiment | H10: open End | I10: ja | J10: ja | K10: ja | L10: ja | M10: ja | N10: ja | O10: ja
B11: C | C11: 303 | E11: übertragbare Monatskarte | F11: Fachbeirat | G11: Kernsortiment | H11: open End | I11: ja | J11: ja | K11: ja | L11: ja | M11: ja | N11: ja | O11: ja
B12: C | C12: 304 | E12: persönliche Jahreskarte | F12: Fachbeirat | G12: Kernsortiment | H12: 45640 | I12: ja | J12: ja | K12: ja | L12: ja | M12: ja | N12: ja | O12: ja
B13: C | C13: 305 | E13: übertragbare Jahreskarte | F13: Fachbeirat | G13: Kernsortiment | H13: 45640 | I13: ja | J13: ja | K13: ja | L13: ja | M13: ja | N13: ja | O13: ja
B14: C | C14: 307 | E14: Schülerwochenkarte | F14: Fachbeirat | G14: Kernsortiment | H14: open End | I14: ja | J14: ja | K14: ja | L14: ja | M14: ja | N14: ja | O14: ja
B15: C | C15: 308 | E15: Schülermonatskarte | F15: Fachbeirat | G15: Kernsortiment | H15: open End | I15: ja | J15: ja | K15: ja | L15: ja | M15: ja | N15: ja | O15: ja
B16: C | C16: 309 | E16: Schülerjahreskarte | F16: Fachbeirat | G16: Kernsortiment | H16: 45640 | I16: ja | J16: ja | K16: ja | L16: ja | M16: ja | N16: ja | O16: ja
A17: Tarifteil D - Tageskartenangebote | B17: D | C17: 1 | E17: Quer-durchs-Land-Ticket | F17: Fachbeirat | G17: Kernsortiment | H17: open End | I17: ja | J17: ja | K17: ja | L17: ja | M17: ja | N17: ja | O17: nein
B18: D | C18: 169 | E18: 9-Euro-Ticket | G18: Deutschland-Ticket | H18: 44804 | I18: ja | J18: ja | K18: ja | L18: ja | M18: ja | N18: ja | O18: nein
B19: D | C19: 2 | E19: Bayern-Ticket | F19: Bayern | G19: Kernsortiment | H19: open End | I19: ja | J19: ja | K19: ja | L19: ja | M19: ja | N19: ja | O19: nein
B20: D | C20: 3 | E20: Bayern-Ticket Nacht | F20: Bayern | G20: Kernsortiment | H20: open End | I20: ja | J20: ja | K20: ja | L20: ja | M20: ja | N20: ja | O20: nein
B21: D | C21: 4 | E21: Brandenburg-Berlin-Ticket | F21: Nord: MV | G21: Kernsortiment | H21: open End | I21: ja | J21: ja | K21: ja | L21: ja | M21: ja | N21: ja | O21: nein
B22: D | C22: 10 | E22: Brandenburg-Berlin-Ticket Nacht | F22: Nord: MV | G22: Kernsortiment | H22: open End | I22: ja | J22: ja | K22: ja | L22: ja | M22: ja | N22: ja | O22: nein
B23: D | C23: 5 | E23: Mecklenburg-Vorpommern-Ticket | F23: Nord: MV | G23: Kernsortiment | H23: open End | I23: ja | J23: ja | K23: ja | L23: ja | M23: ja | N23: ja | O23: nein
B24: D | C24: 6 | E24: Rheinland-Pfalz-Ticket | F24: BW, RLP, SL | G24: Kernsortiment | H24: open End | I24: ja | J24: ja | K24: ja | L24: ja | M24: ja | N24: ja | O24: nein
B25: D | C25: 11 | E25: Saarland-Ticket | F25: BW, RLP, SL | G25: Kernsortiment | H25: open End | I25: ja | J25: ja | K25: ja | L25: ja | M25: ja | N25: ja | O25: nein
B26: D | C26: 7 | E26: Sachsen-Ticket | F26: SN, ST, TH | G26: Kernsortiment | H26: open End | I26: ja | J26: ja | K26: ja | L26: ja | M26: ja | N26: ja | O26: nein
B27: D | C27: 12 | E27: Sachsen-Ticket + Westharz | F27: SN, ST, TH | G27: Kernsortiment | H27: open End | I27: ja | J27: ja | K27: ja | L27: ja | M27: ja | N27: ja | O27: nein
B28: D | C28: 8 | E28: Sachsen-Anhalt-Ticket | F28: SN, ST, TH | G28: Kernsortiment | H28: open End | I28: ja | J28: ja | K28: ja | L28: ja | M28: ja | N28: ja | O28: nein
B29: D | C29: 13 | E29: Sachsen-Anhalt-Ticket + Westharz | F29: SN, ST, TH | G29: Kernsortiment | H29: open End | I29: ja | J29: ja | K29: ja | L29: ja | M29: ja | N29: ja | O29: nein
B30: D | C30: 9 | E30: Thüringen-Ticket | F30: SN, ST, TH | G30: Kernsortiment | H30: open End | I30: ja | J30: ja | K30: ja | L30: ja | M30: ja | N30: ja | O30: nein
B31: D | C31: 15 | E31: Thüringen-Ticket + Westharz | F31: SN, ST, TH | G31: Kernsortiment | H31: open End | I31: ja | J31: ja | K31: ja | L31: ja | M31: ja | N31: ja | O31: nein
B32: D | C32: 142 | E32: Bernsteinticket Rügen | F32: Nord: MV | G32: Individualsortiment Plus | H32: 46022 | I32: ja | J32: ja | K32: ja | L32: ja | M32: ja | N32: ja | O32: nein
B33: D | C33: 143 | E33: Bernsteinticket Rügen Minigruppe | F33: Nord: MV | G33: Individualsortiment Plus | H33: 46022 | I33: ja | J33: ja | K33: ja | L33: ja | M33: ja | N33: ja | O33: nein
B34: D | C34: 122 | E34: Bayerwald-Ticket | F34: Bayern | G34: Individualsortiment Plus | H34: 45088 | I34: ja | J34: nein | K34: nein | L34: ja | M34: ja | N34: ja | O34: nein
B35: D | C35: 123 | E35: Bayerwald-Anschlussticket Deggendorf | F35: Bayern | G35: Individualsortiment Plus | H35: 46022 | I35: ja | J35: nein | K35: nein | L35: ja | M35: ja | N35: ja | O35: nein
B36: D | C36: 176 | E36: BAYERWALD-TAGEST. | F36: Bayern | G36: Kernsortiment | H36: open End | I36: ja | J36: ja | K36: ja | L36: ja | M36: ja | N36: ja | O36: nein
B37: D | C37: 177 | E37: BAYERWALD-TAGEST.+CZ | F37: Bayern | G37: Kernsortiment | H37: open End | I37: ja | J37: ja | K37: ja | L37: ja | M37: ja | N37: ja | O37: nein
B38: D | C38: 167 | E38: BGL-Tagesticket Bus&Bahn | F38: Bayern | G38: Individualsortiment Plus | H38: 46022 | I38: nein | J38: nein | K38: nein | L38: ja | M38: ja | N38: ja | O38: nein
B39: D | C39: 166 | E39: BRB-Tagesticket Berchtesgaden | F39: Bayern | G39: Individualsortiment Plus | H39: 46022 | I39: nein | J39: ja | K39: ja | L39: ja | M39: ja | N39: ja | O39: nein
B40: D | C40: 178 | E40: BRB-Tagesticket Berchtesgaden plus Salzburg | F40: Bayern | G40: Individualsortiment Plus | H40: 46022 | I40: nein | J40: ja | K40: ja | L40: ja | M40: ja | N40: ja | O40: nein
B41: D | C41: 25 | E41: EgroNet-Ticket | F41: 2 Bayern; SN, ST, TH | G41: Kernsortiment | H41: open End | I41: ja | J41: ja | K41: ja | L41: ja | M41: ja | N41: ja | O41: nein
B42: D | C42: 27 | E42: Fahr&Spar Südpfalz | F42: BW, RLP, SL | G42: Kernsortiment | H42: open End | I42: ja | J42: ja | K42: ja | L42: ja | M42: ja | N42: nein | O42: nein
B43: D | C43: 97 | E43: Fahrrad-Tageskarte Bayern | F43: Bayern | G43: Kernsortiment | H43: open End | I43: ja | J43: ja | K43: ja | L43: ja | M43: ja | N43: ja | O43: nein
B44: D | C44: 95 | E44: Fahrradtageskarte DeLux | F44: BW, RLP, SL | G44: Kernsortiment | H44: 45291 | I44: ja | J44: ja | K44: ja | L44: ja | M44: ja | N44: ja | O44: nein
B45: D | C45: 96 | E45: Fahrradtageskarte Nahverkehr | F45: Fachbeirat | G45: Kernsortiment | H45: open End | I45: ja | J45: ja | K45: ja | L45: ja | M45: ja | N45: ja | O45: nein
B46: D | C46: 30 | E46: Freie Fahrt für Einserschüler | F46: Bayern | G46: Individualsortiment Plus | H46: open End | I46: nein | J46: nein | K46: nein | L46: nein | M46: nein | N46: nein | O46: nein
B47: D | C47: 34 | E47: Gäubodenbahn-Ticket | F47: Bayern | G47: Kernsortiment | H47: open End | I47: ja | J47: ja | K47: ja | L47: ja | M47: ja | N47: ja | O47: nein
B48: D | C48: 104 | E48: Guten Tag Ticket (BOB) | F48: Bayern | G48: Kernsortiment | H48: 46022 | I48: ja | J48: ja | K48: ja | L48: ja | M48: ja | N48: nein | O48: nein
B49: D | C49: 105 | E49: Guten Tag Ticket (EMS) | F49: Bayern | G49: Kernsortiment | H49: 46022 | I49: ja | J49: ja | K49: ja | L49: ja | M49: ja | N49: nein | O49: nein
B50: D | C50: 37 | E50: Greifswald-Stralsund-Ticket als Tageskarte | F50: Nord: MV | G50: Kernsortiment | H50: 45641 | I50: ja | J50: ja | K50: ja | L50: ja | M50: ja | N50: ja | O50: nein
B51: D | C51: 40 | E51: Happy-Hour-Ticket Niederbayern | F51: Bayern | G51: Kernsortiment | H51: open End | I51: ja | J51: ja | K51: ja | L51: ja | M51: ja | N51: nein | O51: nein
B52: D | C52: 43 | E52: Insel & Me(e)hr als Tageskarte | F52: Nord: MV | G52: Kernsortiment | H52: open End | I52: ja | J52: nein | K52: nein | L52: ja | M52: ja | N52: ja | O52: nein
B53: D | C53: 131 | E53: Katzensprung-Ticket | F53: SN, ST, TH | G53: Individualsortiment Plus | H53: 46022 | I53: ja | J53: ja | K53: ja | L53: ja | M53: ja | N53: ja | O53: nein
B54: D | E54: Oberallgäu-Ticket Urlaubskarte | F54: Bayern | G54: Kernsortiment | H54: open End | I54: ja | J54: nein | K54: nein | L54: ja | M54: ja | N54: nein | O54: nein
B55: D | C55: 52 | E55: Oberallgäu-Ticket als Tageskarte | F55: Bayern | G55: Kernsortiment | H55: open End | I55: ja | J55: Ja | K55: Ja | L55: ja | M55: ja | N55: ja | O55: nein
B56: D | C56: 106 | E56: Oberland-MVV-Ticket Gruppe | F56: Bayern | G56: Individualsortiment Plus | H56: 45270 | I56: ja | J56: ja | K56: ja | L56: ja | M56: ja | N56: ja | O56: nein
B57: D | C57: 110 | E57: Oberland-MVV-Ticket Single | F57: Bayern | G57: Individualsortiment Plus | H57: 45270 | I57: ja | J57: ja | K57: ja | L57: ja | M57: ja | N57: ja | O57: nein
B58: D | C58: 55 | E58: Regio-Ticket Allgäu-Schwaben | F58: Bayern | G58: Kernsortiment | H58: open End | I58: ja | J58: ja | K58: ja | L58: ja | M58: ja | N58: ja | O58: nein
B59: D | C59: 56 | E59: Regio-Ticket Donau-Isar | F59: Bayern | G59: Kernsortiment | H59: open End | I59: ja | J59: ja | K59: ja | L59: ja | M59: ja | N59: ja | O59: nein
B60: D | C60: 57 | E60: Regio-Ticket Franken-Thüringen | F60: Bayern | G60: Kernsortiment | H60: open End | I60: ja | J60: ja | K60: ja | L60: ja | M60: ja | N60: ja | O60: nein
B61: D | C61: 58 | E61: Regio-Ticket Franken-Thüringen + Leipzig | F61: Bayern | G61: Kernsortiment | H61: 45291 | I61: ja | J61: ja | K61: ja | L61: ja | M61: ja | N61: ja | O61: nein | P61: Das Regio-Ticket Franken-Thüringen + Leipzig wurde umgewidmet in Regio-Ticket Franken-Thüringen + Erfurt
B62: D | C62: 185 | E62: Regio-Ticket Franken-Thüringen + Erfurt | F62: Bayern | G62: Kernsortiment | H62: open End | I62: ja | J62: ja | K62: ja | L62: ja | M62: ja | N62: ja | O62: nein | P62: Das Regio-Ticket Franken-Thüringen + Leipzig wurde umgewidmet in Regio-Ticket Franken-Thüringen + Erfurt
B63: D | C63: 59 | E63: Regio-Ticket Main-Spessart | F63: Bayern | G63: Kernsortiment | H63: open End | I63: ja | J63: ja | K63: ja | L63: ja | M63: ja | N63: nein | O63: nein
B64: D | C64: 163 | E64: Regio-Ticket Main-Spessart Plus Frankfurt | F64: Bayern | G64: Kernsortiment | H64: open End | I64: ja | J64: ja | K64: ja | L64: ja | M64: ja | N64: nein | O64: nein
B65: D | C65: 60 | E65: Regio-Ticket München-Nürnberg | F65: Bayern | G65: Kernsortiment | H65: open End | I65: ja | J65: ja | K65: ja | L65: ja | M65: ja | N65: ja | O65: nein
B66: D | C66: 61 | E66: Regio-Ticket Werdenfels + Innsbruck | F66: Bayern | G66: Kernsortiment | H66: open End | I66: ja | J66: ja | K66: ja | L66: ja | M66: ja | N66: ja | O66: nein
B67: D | C67: 62 | E67: Regio-Ticket Werdenfels | F67: Bayern | G67: Kernsortiment | H67: open End | I67: ja | J67: ja | K67: ja | L67: ja | M67: ja | N67: ja | O67: nein
B68: D | C68: 67 | E68: Sonderticket Thüringen | F68: SN, ST, TH | I68: n.v | J68: n.v | K68: n.v | L68: n.v | M68: n.v. | N68: n.v | O68: n.v
B69: D | C69: 76 | E69: Südostbayern-Ticket | F69: Bayern | G69: Kernsortiment | H69: open End | I69: ja | J69: ja | K69: ja | L69: ja | M69: ja | N69: nein | O69: nein
B70: D | C70: 77 | E70: Südostbayern-Ticket + S-Bahn | F70: Bayern | G70: Kernsortiment | H70: open End | I70: ja | J70: ja | K70: ja | L70: ja | M70: ja | N70: nein | O70: nein
B71: D | C71: 78 | E71: Tagesticket Landkreis Kronach | F71: Bayern | G71: Individualsortiment Plus | H71: 46022 | I71: ja | J71: nein | K71: nein | L71: nein | M71: ja | N71: nein | O71: nein
B72: D | C72: 109 | E72: Touren-Ticket | F72: SN, ST, TH | G72: Individualsortiment Plus | H72: 46022 | I72: ja | J72: ja | K72: ja | L72: ja | M72: ja | N72: ja | O72: nein
B73: D | C73: 79 | E73: Traun-Alz Ticket | F73: Bayern | G73: Kernsortiment | H73: open End | I73: ja | J73: ja | K73: ja | L73: ja | M73: ja | N73: ja | O73: nein
B74: D | C74: 138 | E74: trilex-Tagesticket | F74: SN, ST, TH | G74: Individualsortiment Plus | H74: 46022 | I74: ja | J74: ja | K74: ja | L74: ja | M74: ja | N74: ja | O74: nein
B75: D | C75: 81 | E75: Bayern-Böhmen-Ticket | F75: Bayern | G75: Kernsortiment | H75: open End | I75: ja | J75: ja | K75: ja | L75: ja | M75: ja | N75: ja | O75: nein
B76: D | C76: 87 | E76: Rheinland-Pfalz-Ticket + Lux | F76: BW, RLP, SL | G76: Kernsortiment | H76: 45269 | I76: ja | J76: ja | K76: ja | L76: ja | M76: ja | N76: nein | O76: nein
B77: D | C77: 88 | E77: Saar-Lor-Lux-Ticket | F77: BW, RLP, SL | G77: Kernsortiment | H77: open End | I77: ja | J77: ja | K77: ja | L77: ja | M77: ja | N77: nein | O77: nein
B78: D | C78: 89 | E78: Sachsen-Böhmen-Ticket | F78: SN, ST, TH | G78: Kernsortiment | H78: open End | I78: ja | J78: ja | K78: ja | L78: ja | M78: ja | N78: nein | O78: nein
B79: D | C79: 139 | E79: waldbahn-Tagesticket | F79: Bayern | G79: Individualsortiment Plus | H79: 46022 | I79: ja | J79: ja | K79: ja | L79: ja | M79: ja | N79: ja | O79: nein
A80: Tarifteil F - Aktionsangebote für bestimmte Strecken | B80: F | C80: 19 | E80: Bayern-Hopper | F80: Bayern | G80: Kernsortiment | H80: open End | I80: ja | J80: ja | K80: ja | L80: ja | M80: ja | N80: nein | O80: nein
B81: F | C81: 124 | E81: Bayerisches SPNV-Ticket Rad - BaSTi® | F81: Bayern | G81: Kernsortiment | H81: open End | I81: ja | J81: ja | K81: ja | L81: nein | M81: ja | N81: ja | O81: nein
B82: F | C82: 20 | E82: Berlin-Clubnight-Ticket | F82: Nord: MV | G82: Individualsortiment Plus | H82: 46022 | I82: nein | J82: nein | K82: nein | L82: ja | M82: ja | N82: ja | O82: nein
B83: F | C83: 112 | E83: Chemnitz – Dresden Bestpreis | F83: SN, ST, TH | G83: Individualsortiment Plus | H83: 45270 | I83: ja | J83: ja | K83: ja | L83: ja | M83: ja | N83: ja | O83: nein
B84: F | C84: 129 | E84: Chemnitz – Dresden Bestpreis 3er | F84: SN, ST, TH | G84: Individualsortiment Plus | H84: 45270 | I84: ja | J84: ja | K84: ja | L84: ja | M84: ja | N84: ja | O84: nein
B85: F | C85: 113 | E85: Chemnitz – Plauen Bestpreis | F85: SN, ST, TH | G85: Individualsortiment Plus | H85: 45270 | I85: ja | J85: ja | K85: ja | L85: ja | M85: ja | N85: ja | O85: nein
B86: F | C86: 128 | E86: Chemnitz – Plauen Bestpreis 3er | F86: SN, ST, TH | G86: Individualsortiment Plus | H86: 45270 | I86: ja | J86: ja | K86: ja | L86: ja | M86: ja | N86: ja | O86: nein
B87: F | C87: 111 | E87: Dresden – Freiberg Bestpreis | F87: SN, ST, TH | G87: Individualsortiment Plus | H87: 45270 | I87: ja | J87: ja | K87: ja | L87: ja | M87: ja | N87: ja | O87: nein
B88: F | C88: 115 | E88: Dresden – Freiberg Bestpreis 3er | F88: SN, ST, TH | G88: Individualsortiment Plus | H88: 45270 | I88: ja | J88: ja | K88: ja | L88: ja | M88: ja | N88: ja | O88: nein
B89: F | C89: 127 | E89: Dresden-Wrocław-Spezial | F89: SN, ST, TH | G89: Individualsortiment Plus | H89: 46022 | I89: ja | J89: ja | K89: ja | L89: ja | M89: ja | N89: ja | O89: nein
B90: F | E90: Fahrkarte Anfangsstrecke SEV | F90: SN, ST, TH | I90: n.v | J90: n.v | K90: n.v | L90: n.v | M90: n.v. | N90: n.v | O90: n.v
B91: F | C91: 204 | E91: Fahrkarte zur Weiterfahrt | F91: Fachbeirat | H91: 45640 | J91: nein | K91: nein | L91: nein | M91: ja | N91: nein | O91: nein
B92: F | C92: 148 | E92: Fahrrad-Kurzstreckenkarte agilis | F92: Bayern | G92: Individualsortiment Plus | H92: 45640 | I92: ja | J92: nein | K92: nein | L92: ja | M92: ja | N92: nein | O92: nein
B93: F | C93: 98 | E93: Fahrrad-Kurzstreckenkarte Bayern | F93: Bayern | G93: Kernsortiment | H93: open End | I93: ja | J93: ja | K93: ja | L93: ja | M93: ja | N93: ja | O93: nein
B94: F | C94: 82 | E94: Grenzübergangsfahrkarten Polen – Deutschland | F94: Nord: MV | G94: Kernsortiment | H94: open End | I94: ja | J94: nein | K94: nein | L94: ja | M94: nein | N94: nein | O94: nein
B95: F | C95: 41 | E95: Hopper-Ticket Sachsen-Anhalt | F95: SN, ST, TH | G95: Kernsortiment | H95: open End | I95: ja | J95: ja | K95: ja | L95: ja | M95: ja | N95: nein | O95: nein
B96: F | C96: 42 | E96: Hopper-Ticket Thüringen | F96: SN, ST, TH | G96: Kernsortiment | H96: open End | I96: ja | J96: ja | K96: ja | L96: ja | M96: ja | N96: nein | O96: nein
B97: F | C97: 45 | E97: IRE Berlin-Hamburg Spezial | G97: Individualsortiment Plus | H97: 46022 | I97: ja | J97: ja | K97: ja | L97: nein | M97: nein | N97: nein | O97: nein
B98: F | C98: 46 | E98: IRE-Berlin-Hamburg-Ticket | G98: Individualsortiment Plus | H98: 46022 | I98: ja | J98: ja | K98: ja | L98: ja | M98: ja | N98: ja | O98: nein
B99: F | C99: 173 | E99: Kleinseenticket | G99: Kernsortiment | H99: 45291 | I99: ja | J99: ja | K99: ja | L99: ja | M99: ja | N99: ja | O99: ja
B100: F | C100: 47 | E100: Kulturzug-Ticket Berlin – Wroclaw | F100: Nord: MV | G100: Individualsortiment Plus | H100: 46022 | I100: ja | J100: ja | K100: ja | L100: ja | M100: ja | N100: nein | O100: nein
...

Sheet Tabelle1
A3: Ticketcluster_ID | B3: Ticketcluster | C3: Subcluster | D3: Anzahl von GattSearch
A4: 1 | B4: Flexpreis DTV | C4: Normalpreis | D4: 51
A5: 2 | B5: Zeitkarten DTV | C5: Ausl. Angebote | D5: 3
A6: 2 | B6: Zeitkarten DTV | C6: Azubi-Ticket | D6: 84
A7: 2 | B7: Zeitkarten DTV | C7: entfallen | D7: 2
A8: 2 | B8: Zeitkarten DTV | C8: Job-Ticket_Jahr | D8: 51
A9: 2 | B9: Zeitkarten DTV | C9: Job-Ticket_Monat | D9: 51
A10: 2 | B10: Zeitkarten DTV | C10: Kombi-Zeitkarte_Monat | D10: 8
A11: 2 | B11: Zeitkarten DTV | C11: Kombi-Zeitkarte_Monat_erm. | D11: 4
A12: 2 | B12: Zeitkarten DTV | C12: Kombi-Zeitkarte_Woche | D12: 12
A13: 2 | B13: Zeitkarten DTV | C13: Schüler-Ferien | D13: 10
A14: 2 | B14: Zeitkarten DTV | C14: Zeitkarte | D14: 1
A15: 2 | B15: Zeitkarten DTV | C15: Zeitkarte_Jahr | D15: 191
... A82: 8 | B82: Zeitkarten FV | C82: Zeitkarte_Woche_erm. | D82: 1
A83: 9 | B83: Sonstige Angebote FV | D83: 1
A84: 9 | B84: Sonstige Angebote FV | C84: Aktion | D84: 3
A85: 9 | B85: Sonstige Angebote FV | C85: Ausl. Angebote | D85: 41
A86: 9 | B86: Sonstige Angebote FV | C86: BahnCard100 | D86: 3
A87: 9 | B87: Sonstige Angebote FV | C87: Großkundenrabatt | D87: 1
A88: 9 | B88: Sonstige Angebote FV | C88: Kombitickets | D88: 1
A89: 9 | B89: Sonstige Angebote FV | C89: Militär | D89: 2
A90: 9 | B90: Sonstige Angebote FV | C90: Pässe | D90: 9
A91: 9 | B91: Sonstige Angebote FV | C91: sonstige | D91: 10
A92: 9 | B92: Sonstige Angebote FV | C92: Sparpreis Touristik | D92: 52
A93: 9 | B93: Sonstige Angebote FV | C93: Touristik | D93: 70
A94: 10 | B94: BC 25 / BC 50 FV | C94: BahnCard 25 | D94: 3
A95: 10 | B95: BC 25 / BC 50 FV | C95: sonstige | D95: 1
... A97: 16 | B97: 9-Euro-Ticket | C97: 9-Euro-Ticket | D97: 7
D98: 1
C99: DTV Abrechnung | D99: 3
C100: Militär | D100: 1
C101: Zeitkarte | D101: 1
A102: Gesamtergebnis | D102: 2373

Sheet VerkGatt_subcluster
A1: GattSearch | B1: GattSearch | C1: VerkNr | D1: Verkehr | E1: GattNr | F1: Angebot | G1: Ang-Nr | H1: Ang-Tarifsicht | I1: DB P Spezifika | J1: Subcluster | K1: Gruppe | L1: Kz Zeitkarte | M1: Ticketcluster_ID | N1: Ticketcluster | O1: Führender Verkehr | P1: führende Gattung
A2: 500741 | B2: =+C2*1000+E2 -> 500741 | C2: 500 | D2: TCV-ZUGANG | E2: 741 | F2: *direkter VK Beruf | J2: Ausl. Angebote | K2: Ausl. Angebote | M2: 2 | N2: Zeitkarten DTV | O2: 902 | P2: 502
A3: 500742 | B3: =+C3*1000+E3 -> 500742 | C3: 500 | D3: TCV-ZUGANG | E3: 742 | F3: *direkter VK Schüler | J3: Ausl. Angebote | K3: Ausl. Angebote | M3: 2 | N3: Zeitkarten DTV | O3: 902 | P3: 502
A4: 60220 | B4: =+C4*1000+E4 -> 60220 | C4: 60 | D4: BAHNBUSVERKEHR | E4: 220 | F4: 0BERTR. ABO-JAHR BUS | I4: UMWELTSCHUTZ-ABONNEMENT-JAHRESKA RTE BUS (UEBERTRAGBAR) | J4: Zeitkarte_Jahr | K4: Zeitkarte | L4: Jahr | M4: 2 | N4: Zeitkarten DTV | O4: 60 | P4: 218
A5: 60222 | B5: =+C5*1000+E5 -> 60222 | C5: 60 | D5: BAHNBUSVERKEHR | E5: 222 | F5: 0BERTR. ABO-JAHR BUS | I5: UMWELTSCHUTZ-ABONNEMENT-JAHRESKA RTE BUS (UEBERTRAGBAR) | J5: Zeitkarte_Jahr | K5: Zeitkarte | L5: Jahr | M5: 2 | N5: Zeitkarten DTV | O5: 60 | P5: 218
A6: 154030 | B6: =+C6*1000+E6 -> 154030 | C6: 154 | D6: U28-TARIF | E6: 30 | F6: 30-TAGE-KARTE | G6: 86 | H6: Regiotarif Schluckenau-Elbe (U28-Tarif/MPW-Sebnitz) | I6: DUMMY FÜR FIRE | J6: Zeitkarte_Monat | K6: Zeitkarte | L6: 30 Tage | M6: 2 | N6: Zeitkarten DTV | O6: 154 | P6: 30
A7: 154107 | B7: =+C7*1000+E7 -> 154107 | C7: 154 | D7: U28-TARIF | E7: 107 | F7: 30-TK KIND | G7: 86 | H7: Regiotarif Schluckenau-Elbe (U28-Tarif/MPW-Sebnitz) | I7: DUMMY FÜR FIRE | J7: Zeitkarte_Monat | K7: Zeitkarte | L7: 30 Tage | M7: 2 | N7: Zeitkarten DTV | O7: 154 | P7: 107
A8: 154106 | B8: =+C8*1000+E8 -> 154106 | C8: 154 | D8: U28-TARIF | E8: 106 | F8: 30-TK RENTNER | G8: 86 | H8: Regiotarif Schluckenau-Elbe (U28-Tarif/MPW-Sebnitz) | I8: DUMMY FÜR FIRE | J8: Zeitkarte_Monat | K8: Zeitkarte | L8: 30 Tage | M8: 2 | N8: Zeitkarten DTV | O8: 154 | P8: 106
A9: 154108 | B9: =+C9*1000+E9 -> 154108 | C9: 154 | D9: U28-TARIF | E9: 108 | F9: 30-TK STUDENT | G9: 86 | H9: Regiotarif Schluckenau-Elbe (U28-Tarif/MPW-Sebnitz) | I9: DUMMY FÜR FIRE | J9: Zeitkarte_Monat | K9: Zeitkarte | L9: 30 Tage | M9: 2 | N9: Zeitkarten DTV | O9: 154 | P9: 108
A10: 154007 | B10: =+C10*1000+E10 -> 154007 | C10: 154 | D10: U28-TARIF | E10: 7 | F10: 7-TAGE-KARTE | G10: 86 | H10: Regiotarif Schluckenau-Elbe (U28-Tarif/MPW-Sebnitz) | I10: DUMMY FÜR FIRE WIRD NICHT VERWENDET | J10: Zeitkarte_Woche | K10: Zeitkarte | L10: 7 Tage | M10: 2 | N10: Zeitkarten DTV | O10: 154 | P10: 7
A11: 154020 | B11: =+C11*1000+E11 -> 154020 | C11: 154 | D11: U28-TARIF | E11: 20 | F11: 7-TAGE-KARTE | G11: 86 | H11: Regiotarif Schluckenau-Elbe (U28-Tarif/MPW-Sebnitz) | I11: DUMMY FÜR FIRE | J11: Zeitkarte_Woche | K11: Zeitkarte | L11: 7 Tage | M11: 2 | N11: Zeitkarten DTV | O11: 154 | P11: 20
A12: 180031 | B12: =+C12*1000+E12 -> 180032 | C12: 180 | D12: DTV Haustarif | E12: 32 | F12: eTarif Donau-Isar Einzelfahrt | G12: 171 | H12: eTarif Donau-Isar Einzelfahrt + Tagesdeckel | J12: sonstige | K12: InOut | M12: 4 | N12: Sonstige Angebote DTV | O12: 180 | P12: 32
A13: 154104 | B13: =+C13*1000+E13 -> 154104 | C13: 154 | D13: U28-TARIF | E13: 104 | F13: 7-TK KIND | G13: 86 | H13: Regiotarif Schluckenau-Elbe (U28-Tarif/MPW-Sebnitz) | I13: DUMMY FÜR FIRE | J13: Zeitkarte_Woche | K13: Zeitkarte | L13: 7 Tage | M13: 2 | N13: Zeitkarten DTV | O13: 154 | P13: 104
A14: 154103 | B14: =+C14*1000+E14 -> 154103 | C14: 154 | D14: U28-TARIF | E14: 103 | F14: 7-TK RENTNER | G14: 86 | H14: Regiotarif Schluckenau-Elbe (U28-Tarif/MPW-Sebnitz) | I14: DUMMY FÜR FIRE | J14: Zeitkarte_Woche | K14: Zeitkarte | L14: 7 Tage | M14: 2 | N14: Zeitkarten DTV | O14: 154 | P14: 103
A15: 154105 | B15: =+C15*1000+E15 -> 154105 | C15: 154 | D15: U28-TARIF | E15: 105 | F15: 7-TK STUDENT | G15: 86 | H15: Regiotarif Schluckenau-Elbe (U28-Tarif/MPW-Sebnitz) | I15: DUMMY FÜR FIRE | J15: Zeitkarte_Woche | K15: Zeitkarte | L15: 7 Tage | M15: 2 | N15: Zeitkarten DTV | O15: 154 | P15: 105
A16: 154040 | B16: =+C16*1000+E16 -> 154040 | C16: 154 | D16: U28-TARIF | E16: 40 | F16: 90-TAGE-KARTE | G16: 86 | H16: Regiotarif Schluckenau-Elbe (U28-Tarif/MPW-Sebnitz) | I16: DUMMY FÜR FIRE | J16: Zeitkarte_Monat | K16: Zeitkarte | L16: 90 Tage | M16: 2 | N16: Zeitkarten DTV | O16: 154 | P16: 40
A17: 154110 | B17: =+C17*1000+E17 -> 154110 | C17: 154 | D17: U28-TARIF | E17: 110 | F17: 90-TK KIND | G17: 86 | H17: Regiotarif Schluckenau-Elbe (U28-Tarif/MPW-Sebnitz) | I17: DUMMY FÜR FIRE | J17: Zeitkarte_Monat | K17: Zeitkarte | L17: 90 Tage | M17: 2 | N17: Zeitkarten DTV | O17: 154 | P17: 110
A18: 154109 | B18: =+C18*1000+E18 -> 154109 | C18: 154 | D18: U28-TARIF | E18: 109 | F18: 90-TK RENTNER | G18: 86 | H18: Regiotarif Schluckenau-Elbe (U28-Tarif/MPW-Sebnitz) | I18: DUMMY FÜR FIRE | J18: Zeitkarte_Monat | K18: Zeitkarte | L18: 90 Tage | M18: 2 | N18: Zeitkarten DTV | O18: 154 | P18: 109
A19: 154111 | B19: =+C19*1000+E19 -> 154111 | C19: 154 | D19: U28-TARIF | E19: 111 | F19: 90-TK STUDENT | G19: 86 | H19: Regiotarif Schluckenau-Elbe (U28-Tarif/MPW-Sebnitz) | I19: DUMMY FÜR FIRE | J19: Zeitkarte_Monat | K19: Zeitkarte | L19: 90 Tage | M19: 2 | N19: Zeitkarten DTV | O19: 154 | P19: 111
A20: 102935 | B20: =+C20*1000+E20 -> 102935 | C20: 102 | D20: BINNENVERKEHR | E20: 935 | F20: A1- P. JC ABO KL-ÜBG | I20: A1-GATTUNG ZU 1/444 ZUR NACHER- FASSUNG U.A. KOMBINATIONEN MIT KOMBITICKET GÖPPINGEN UND ABO- PLUSCARD | J20: Zeitkarte_Jahr | K20: Zeitkarte | L20: Jahr | M20: 2 | N20: Zeitkarten DTV | O20: 102 | P20: 935
A21: 35487 | B21: =+C21*1000+E21 -> 35487 | C21: 35 | D21: WECHSELVERKEHR DB/NE | E21: 487 | F21: ABO RIESOSCH MERM NE | G21: 80 | H21: Übergangstarif Riesa (TZ 41) - Oschatz (TZ 127) (ÜT RiO) | I21: ABO MONATSKARTE RIESA OSCHATZ OHNE JAHRESKARTE MIT ERMÄ~IGUNG | J21: Riesa - Oschatz | K21: Zeitkarte | M21: 5 | N21: Angebote nicht provisionsrelevant | O21: 35 | P21: 487
A22: 1487 | B22: =+C22*1000+E22 -> 1487 | C22: 1 | D22: BINNENVERKEHR | E22: 487 | F22: ABO RIESOSCH MIT ERM | G22: 80 | H22: Übergangstarif Riesa (TZ 41) - Oschatz (TZ 127) (ÜT RiO) | I22: ABO RIESA OSCHATZ MIT ERMÄ~IGUNG OHNE JAHRESKARTE TGA/TGB | J22: Riesa - Oschatz | K22: Zeitkarte | L22: Jahr | M22: 5 | N22: Angebote nicht provisionsrelevant | O22: 3 | P22: 487
A23: 35469 | B23: =+C23*1000+E23 -> 35469 | C23: 35 | D23: WECHSELVERKEHR DB/NE | E23: 469 | F23: ABO RIESOSCH NE_OERM | G23: 80 | H23: Übergangstarif Riesa (TZ 41) - Oschatz (TZ 127) (ÜT RiO) | I23: UMWELTSCHUTZ-ABONNEMENT-MONATSKA RTE FUER ZUSCHLAGFREIE ZUEGE ABO MONATSKARTE OHNE JAHRESKARTE RIESA OSCHATZ OHNE ERMÄ~IGUNG | J23: Riesa - Oschatz | K23: Zeitkarte | M23: 5 | N23: Angebote nicht provisionsrelevant | O23: 35 | P23: 469
A24: 3234 | B24: =+C24*1000+E24 -> 3234 | C24: 3 | D24: NAHVERKEHR | E24: 234 | F24: BAYERW.-ANSCHL. DEGG | G24: 123 | H24: Bayerwald-Anschlussticket Deggendorf | I24: BAYERWALD-ANSCHLUSSTICKET DEGGENDORF | J24: Bayerwald | K24: Tageskarte | L24: Tag | M24: 5 | N24: Angebote nicht provisionsrelevant | O24: 3 | P24: 234
A25: 4234 | B25: =+C25*1000+E25 -> 4234 | C25: 4 | D25: NAHVERKEHR | E25: 234 | F25: BAYERW.-ANSCHTI DEG | G25: 123 | H25: Bayerwald-Anschlussticket Deggendorf | I25: BAYERWALD-ANSCHLUSSTICKET DEGGEN DORF GEHÖRT ZU 3/234 | J25: Bayerwald | K25: Tageskarte | L25: Tag | M25: 5 | N25: Angebote nicht provisionsrelevant | O25: 3 | P25: 234
A26: 90018 | B26: =+C26*1000+E26 -> 90018 | C26: 90 | D26: WALDBAHN | E26: 18 | F26: BAYERWALD-ANSCHL.DEG | G26: 123 | H26: Bayerwald-Anschlussticket Deggendorf | I26: DUMMY FÜR FIRE | J26: Bayerwald | K26: Tageskarte | L26: Tag | M26: 5 | N26: Angebote nicht provisionsrelevant | O26: 3 | P26: 234
A27: 90017 | B27: =+C27*1000+E27 -> 90017 | C27: 90 | D27: WALDBAHN | E27: 17 | F27: BAYERWALDTICKET | G27: 122 | H27: Bayerwald-Ticket | I27: DUMMY FÜR FIRE | J27: Bayerwald | K27: Tageskarte | L27: Tag | M27: 5 | N27: Angebote nicht provisionsrelevant | O27: 3 | P27: 232
A28: 500759 | B28: =+C28*1000+E28 -> 500759 | C28: 500 | D28: TCV-ZUGANG | E28: 759 | F28: *AußerfernTicket ÖBB | J28: Ausl. Angebote | K28: Ausl. Angebote | M28: 4 | N28: Sonstige Angebote DTV | O28: 902 | P28: 500
A29: 500753 | B29: =+C29*1000+E29 -> 500753 | C29: 500 | D29: TCV-ZUGANG | E29: 753 | F29: * Saar-L-L/Elsass-T. | G29: 92 | H29: Saar-Elsass-Ticket | J29: Saar-Elsass-Ticket | K29: Länderticket | M29: 3 | N29: Pauschalpreistickets DTV | O29: 3 | P29: 219
A30: 3113 | B30: =+C30*1000+E30 -> 3113 | C30: 3 | D30: NAHVERKEHR | E30: 113 | F30: ANIMAL PFERD | I30: MESSE PFERD ANIMAL DATUMSFELDER ALS LITERAL VORH. ERM 1= ERW ERM 2= ERMÄßIGT ERM 4= HUND AB 2011 VOERST UNGÜLTIG! | J30: Kombiticket | K30: Kombiticket | M30: 3 | N30: Pauschalpreistickets DTV | O30: 3 | P30: 113
A31: 3175 | B31: =+C31*1000+E31 -> 3175 | C31: 3 | D31: NAHVERKEHR | E31: 175 | F31: BAYERN TICKET | G31: 2 | H31: Bayern-Ticket | I31: BAYERN-TICKET (FIN) 1-5 PERSONEN (GKMV) 1.+ 2.KLASSE | J31: Bayern-Ticket | K31: Länderticket | M31: 3 | N31: Pauschalpreistickets DTV | O31: 3 | P31: 170
A32: 501378 | B32: =+C32*1000+E32 -> 501378 | C32: 501 | D32: ZUGANG VON NE AN DB | E32: 378 | F32: BAYERN TICKET | G32: 2 | H32: Bayern-Ticket | J32: Bayern-Ticket | K32: Länderticket | M32: 3 | N32: Pauschalpreistickets DTV | O32: 3 | P32: 170
A33: 3178 | B33: =+C33*1000+E33 -> 3178 | C33: 3 | D33: NAHVERKEHR | E33: 178 | F33: BAYERN-BÖHMEN TICKET | G33: 81 | H33: Bayern-Böhmen-Ticket | I33: BAYERN-BÖHMEN TICKET 2.KLASSE 1-5 PERSONEN (GKMV) FIN-GATTUNG!!! | J33: Bayern-Ticket | K33: Länderticket | M33: 3 | N33: Pauschalpreistickets DTV | O33: 3 | P33: 178
A34: 102940 | B34: =+C34*1000+E34 -> 102940 | C34: 102 | D34: BINNENVERKEHR | E34: 940 | F34: A1-PERS JAHRESC. B/S | I34: A1-GATTUNG ZU 102/853 ZUR NACH- ERFASSUNG U.A. KOMBINATIONEN MIT KOMBITICKET GÖPPINGEN UND ABO- PLUSCARD | J34: Zeitkarte_Jahr | K34: Zeitkarte | L34: Jahr | M34: 2 | N34: Zeitkarten DTV | O34: 1 | P34: 118
A35: 3237 | B35: =+C35*1000+E35 -> 3237 | C35: 3 | D35: NAHVERKEHR | E35: 237 | F35: BAYERN-BÖHMEN-TICKET | G35: 81 | H35: Bayern-Böhmen-Ticket | I35: BAYERN-BÖHMEN-TICKET PEP ANGEBOT | J35: Bayern-Ticket | K35: Länderticket | M35: 3 | N35: Pauschalpreistickets DTV | O35: 3 | P35: 178
A36: 102939 | B36: =+C36*1000+E36 -> 102939 | C36: 102 | D36: BINNENVERKEHR | E36: 939 | F36: A1-PERS JAHRESCARD | I36: A1-GATTUNG ZU 102/850 ZUR NACH- ERFASSUNG U.A. KOMBINATIONEN MIT KOMBITICKET GÖPPINGEN UND ABO- PLUSCARD | J36: Zeitkarte_Jahr | K36: Zeitkarte | L36: Jahr | M36: 2 | N36: Zeitkarten DTV | O36: 1 | P36: 116
A37: 102931 | B37: =+C37*1000+E37 -> 102931 | C37: 102 | D37: BINNENVERKEHR | E37: 931 | F37: A1-PERS JC ABO | I37: A1-GATTUNG ZU 1/433 ZUR NACHER- FASSUNG U.A. KOMBINATIONEN MIT KOMBITICKET GÖPPINGEN UND ABO- PLUSCARD | J37: Zeitkarte_Jahr | K37: Zeitkarte | M37: 2 | N37: Zeitkarten DTV | O37: 1 | P37: 116
A38: 102933 | B38: =+C38*1000+E38 -> 102933 | C38: 102 | D38: BINNENVERKEHR | E38: 933 | F38: A1-PERS JC ABO B/S | I38: A1-GATTUNG ZU 1/437 ZUR NACHER- FASSUNG U.A. KOMBINATIONEN MIT KOMBITICKET GÖPPINGEN UND ABO- PLUSCARD | J38: Zeitkarte_Jahr | K38: Zeitkarte | L38: Jahr | M38: 2 | N38: Zeitkarten DTV | O38: 1 | P38: 118
A39: 102155 | B39: =+C39*1000+E39 -> 102155 | C39: 102 | D39: BINNENVERKEHR | E39: 155 | F39: BAYERN-T NACHT 5P.PR | G39: 3 | H39: Bayern-Ticket Nacht | I39: BAYERN-TICKET 5 PERSONEN PROMO ARTIKEL: 4042 BEVE GATTUNG | J39: Bayern-Ticket | K39: Länderticket | M39: 3 | N39: Pauschalpreistickets DTV | O39: 3 | P39: 171
A40: 102158 | B40: =+C40*1000+E40 -> 102158 | C40: 102 | D40: BINNENVERKEHR | E40: 158 | F40: BAYERN-T. 1 P.TF | G40: 2 | H40: Bayern-Ticket | I40: BAYERN-TICKET 1 PERSON TF ARTIKEL: 4045 BEVE GATTUNG | J40: Bayern-Ticket | K40: Länderticket | M40: 3 | N40: Pauschalpreistickets DTV | O40: 3 | P40: 170
A41: 102157 | B41: =+C41*1000+E41 -> 102157 | C41: 102 | D41: BINNENVERKEHR | E41: 157 | F41: BAYERN-T. 5 P.TF | G41: 2 | H41: Bayern-Ticket | I41: BAYERN-TICKET 5 PERSONEN TF ARTIKEL: 4044 BEVE GATTUNG | J41: Bayern-Ticket | K41: Länderticket | M41: 3 | N41: Pauschalpreistickets DTV | O41: 3 | P41: 170
A42: 102154 | B42: =+C42*1000+E42 -> 102154 | C42: 102 | D42: BINNENVERKEHR | E42: 154 | F42: BAYERN-T.1 P PROMO | G42: 2 | H42: Bayern-Ticket | I42: BAYERN-TICKET 1 PERSON PROMO ARTIKEL: 4041 BEVE GATTUNG | J42: Bayern-Ticket | K42: Länderticket | M42: 3 | N42: Pauschalpreistickets DTV | O42: 3 | P42: 170
A43: 102006 | B43: =+C43*1000+E43 -> 102006 | C43: 102 | D43: BINNENVERKEHR | E43: 6 | F43: BAYERN-T.2 P PROMO | G43: 2 | H43: Bayern-Ticket | I43: BAYERN-TICKET 2 PERSONEN PROMO ARTIKEL: 4085 FERTIGGEDRUCKTE FAHRAUSWEISE BEVE GATTUNG | J43: Bayern-Ticket | K43: Länderticket | M43: 3 | N43: Pauschalpreistickets DTV | O43: 3 | P43: 170
A44: 102937 | B44: =+C44*1000+E44 -> 102937 | C44: 102 | D44: BINNENVERKEHR | E44: 937 | F44: A1-ÜBERT. JAHRESCARD | I44: A1-GATTUNG ZU 102/846 ZUR NACH- ERFASSUNG U.A. KOMBINATIONEN MIT KOMBITICKET GÖPPINGEN UND ABO- PLUSCARD | J44: Zeitkarte_Jahr | K44: Zeitkarte | L44: Jahr | M44: 2 | N44: Zeitkarten DTV | O44: 1 | P44: 114
A45: 102930 | B45: =+C45*1000+E45 -> 102930 | C45: 102 | D45: BINNENVERKEHR | E45: 930 | F45: A1-ÜBERTR JC ABO | I45: A1-GATTUNG ZU 1/213 ZUR NACHER- FASSUNG U.A. KOMBINATIONEN MIT KOMBITICKET GÖPPINGEN UND ABO- PLUSCARD | J45: Zeitkarte_Jahr | K45: Zeitkarte | M45: 2 | N45: Zeitkarten DTV | O45: 1 | P45: 114
A46: 102938 | B46: =+C46*1000+E46 -> 102938 | C46: 102 | D46: BINNENVERKEHR | E46: 938 | F46: A1-ÜBERTR. JC B/S | I46: A1-GATTUNG ZU 102/848 ZUR NACH- ERFASSUNG U.A. KOMBINATIONEN MIT KOMBITICKET GÖPPINGEN UND ABO- PLUSCARD | J46: Zeitkarte_Jahr | K46: Zeitkarte | L46: Jahr | M46: 2 | N46: Zeitkarten DTV | O46: 1 | P46: 115
A47: 102001 | B47: =+C47*1000+E47 -> 102001 | C47: 102 | D47: BINNENVERKEHR | E47: 1 | F47: BAYERN-T.2 P TF | G47: 2 | H47: Bayern-Ticket | I47: BAYERN-TICKET 2 PERSONEN TF ARTIKEL: 4088 FERTIGGEDRUCKTE FAHRAUSWEISE BEVE GATTUNG | J47: Bayern-Ticket | K47: Länderticket | M47: 3 | N47: Pauschalpreistickets DTV | O47: 3 | P47: 170
A48: 102104 | B48: =+C48*1000+E48 -> 102104 | C48: 102 | D48: BINNENVERKEHR | E48: 104 | F48: BAYERN-T.2 P TF | G48: 2 | H48: Bayern-Ticket | I48: BAYERN-TICKET 2 PERSONEN TF ARTIKEL: 4039 BEVE GATTUNG | J48: Bayern-Ticket | K48: Länderticket | M48: 3 | N48: Pauschalpreistickets DTV | O48: 3 | P48: 170
A49: 151600 | B49: =+C49*1000+E49 -> 151600 | C49: 151 | D49: METRONOM | E49: 600 | F49: ABO JAHRESCARD P. M | I49: VERRECHNUNGSGATTUNG | J49: Zeitkarte_Jahr | K49: Zeitkarte | L49: Jahr | M49: 2 | N49: Zeitkarten DTV | O49: 1 | P49: 116
A50: 151601 | B50: =+C50*1000+E50 -> 151601 | C50: 151 | D50: METRONOM | E50: 601 | F50: ABO JAHRESCARD ÜB. M | I50: VERRECHNUNGSGATTUNG | J50: Zeitkarte_Jahr | K50: Zeitkarte | L50: Jahr | M50: 2 | N50: Zeitkarten DTV | O50: 1 | P50: 115
A51: 102443 | B51: =+C51*1000+E51 -> 102443 | C51: 102 | D51: BINNENVERKEHR | E51: 443 | F51: ABO JK VITAL | I51: ERSTELLUNGSGATTUNG ZUM ABO VITAL | J51: Zeitkarte_Jahr | K51: Zeitkarte | M51: 2 | N51: Zeitkarten DTV | O51: 102 | P51: 443
A52: 102442 | B52: =+C52*1000+E52 -> 102442 | C52: 102 | D52: BINNENVERKEHR | E52: 442 | F52: ABO MK VITAL | I52: VERRECHNUNGSGATTUNG ZUM ABO VITAL | J52: Zeitkarte_Monat | K52: Zeitkarte | M52: 2 | N52: Zeitkarten DTV | O52: 102 | P52: 442
A53: 1453 | B53: =+C53*1000+E53 -> 1453 | C53: 1 | D53: BINNENVERKEHR | E53: 453 | F53: ABO NACHBEL. B/S NV | I53: UMWELTSCHUTZ-ABONNEMENT NACHBELASTUNG ZU ABO-KARTEN FUER BUS UND SCHIENE DIE NACHBELASTUNG ERFOLGT DURCH FREIE PREISEINGABE TGA/TGB | J53: Zeitkarte_Monat | K53: Zeitkarte | M53: 2 | N53: Zeitkarten DTV | O53: 1 | P53: 453
A54: 129011 | B54: =+C54*1000+E54 -> 129011 | C54: 129 | D54: ANHALT BITTERF.-WITT | E54: 11 | F54: ABO S ABW ERMÄ~IGT | G54: 68 | I54: ABO SOFORT IN REISEZENTREN DUMMY FÜR FIRE | J54: entfallen | K54: Zeitkarte | M54: 2 | N54: Zeitkarten DTV | O54: 129 | P54: 11
A55: 102005 | B55: =+C55*1000+E55 -> 102005 | C55: 102 | D55: BINNENVERKEHR | E55: 5 | F55: BAYERN-T.3 P PROMO | G55: 2 | H55: Bayern-Ticket | I55: BAYERN-TICKET 3 PERSONEN PROMO ARTIKEL: 4086 FERTIGGEDRUCKTE FAHRAUSWEISE BEVE GATTUNG | J55: Bayern-Ticket | K55: Länderticket | M55: 3 | N55: Pauschalpreistickets DTV | O55: 3 | P55: 170
A56: 102002 | B56: =+C56*1000+E56 -> 102002 | C56: 102 | D56: BINNENVERKEHR | E56: 2 | F56: BAYERN-T.3 P TF | G56: 2 | H56: Bayern-Ticket | I56: BAYERN-TICKET 3 PERSONEN TF ARTIKEL: 4089 FERTIGGEDRUCKTE FAHRAUSWEISE BEVE GATTUNG | J56: Bayern-Ticket | K56: Länderticket | M56: 3 | N56: Pauschalpreistickets DTV | O56: 3 | P56: 170
A57: 129010 | B57: =+C57*1000+E57 -> 129010 | C57: 129 | D57: ANHALT BITTERF.-WITT | E57: 10 | F57: ABO S ABW JEDERMANN | G57: 68 | I57: ABO SOFORT IN REISEZENTREN DUMMY FÜR FIRE | J57: entfallen | K57: Zeitkarte | M57: 2 | N57: Zeitkarten DTV | O57: 129 | P57: 10
A58: 151103 | B58: =+C58*1000+E58 -> 151103 | C58: 151 | D58: METRONOM | E58: 103 | F58: ABO SOFORT JAHR PERS | I58: ABO SOFORT JAHRESKARTE PERSÖNL. | J58: Zeitkarte_Jahr | K58: Zeitkarte | L58: Jahr | M58: 2 | N58: Zeitkarten DTV | O58: 1 | P58: 116
A59: 500740 | B59: =+C59*1000+E59 -> 500740 | C59: 500 | D59: TCV-ZUGANG | E59: 740 | F59: *DIREKTER VK allgem. | J59: Ausl. Angebote | K59: Ausl. Angebote | M59: 4 | N59: Sonstige Angebote DTV | O59: 902 | P59: 500
A60: 151104 | B60: =+C60*1000+E60 -> 151104 | C60: 151 | D60: METRONOM | E60: 104 | F60: ABO SOFORT JAHR ÜBER | I60: ABO SOFORT JAHRESKARTE ÜBERTR. | J60: Zeitkarte_Jahr | K60: Zeitkarte | L60: Jahr | M60: 2 | N60: Zeitkarten DTV | O60: 1 | P60: 115
A61: 102441 | B61: =+C61*1000+E61 -> 102441 | C61: 102 | D61: BINNENVERKEHR | E61: 441 | F61: ABO VITAL | I61: BASISGATTUNG ZUM ABO VITAL VITAL | J61: Zeitkarte_Jahr | K61: Zeitkarte | M61: 2 | N61: Zeitkarten DTV | O61: 102 | P61: 443
A62: 60223 | B62: =+C62*1000+E62 -> 60223 | C62: 60 | D62: BAHNBUSVERKEHR | E62: 223 | F62: ABO-MON B/S | I62: UMWELTSCHUTZ-ABONNEMENT-MONATSKA RTE BUS/SCHIENE FUER ZUSCHLAGFREIE Z UEGE (UEBERTRAGBAR) OHNE ICE-BERECHTIGUNG PREISTAFEL: NR 15/1565 WIRD FÜR DIE LTAV VON KASSEL BEN | J62: Zeitkarte_Monat | K62: Zeitkarte | L62: Monat | M62: 2 | N62: Zeitkarten DTV | O62: 1 | P62: 51
A63: 60224 | B63: =+C63*1000+E63 -> 60224 | C63: 60 | D63: BAHNBUSVERKEHR | E63: 224 | F63: ABO-MON B/S | I63: UMWELTSCHUTZ-ABONNEMENT-MONATSKA RTE BUS/SCHIENE FUER ZUSCHLAGFREIE Z UEGE (UEBERTRAGBAR) OHNE ICE-BERECHTIGUNG PREISTAFEL: NR 15/1565 WIRD FÜR DIE LTAV VON KASSEL BEN | J63: Zeitkarte_Monat | K63: Zeitkarte | L63: Monat | M63: 2 | N63: Zeitkarten DTV | O63: 1 | P63: 51
A64: 3396 | B64: =+C64*1000+E64 -> 3396 | C64: 3 | D64: NAHVERKEHR | E64: 396 | F64: 10ER TAGES TICKET | G64: 14 | H64: 10er TagesTicket | I64: 10ER TAGES TICKET DAZUGEHÖREND = V/G 1/396 BUCHUNGSGATTUNG | J64: 10er TagesTicket | K64: Mehrfahrten | M64: 4 | N64: Sonstige Angebote DTV | O64: 3 | P64: 393
A65: 102107 | B65: =+C65*1000+E65 -> 102107 | C65: 102 | D65: BINNENVERKEHR | E65: 107 | F65: BAYERN-T.3 P TF | G65: 2 | H65: Bayern-Ticket | I65: BAYERN-TICKET 3 PERSONEN TF ARTIKEL: 4050 BEVE GATTUNG | J65: Bayern-Ticket | K65: Länderticket | M65: 3 | N65: Pauschalpreistickets DTV | O65: 3 | P65: 170
A66: 3397 | B66: =+C66*1000+E66 -> 3397 | C66: 3 | D66: NAHVERKEHR | E66: 397 | F66: 10ER TAGES TICKET | G66: 14 | H66: 10er TagesTicket | I66: 10ER TAGES TICKET DAZUGEHÖREND = V/G 1/396 VERRECHNUNGSGATTUNG | J66: 10er TagesTicket | K66: Mehrfahrten | M66: 4 | N66: Sonstige Angebote DTV | O66: 3 | P66: 393
A67: 60225 | B67: =+C67*1000+E67 -> 60225 | C67: 60 | D67: BAHNBUSVERKEHR | E67: 225 | F67: ABO-MON B/S | I67: UMWELTSCHUTZ-ABONNEMENT-MONATSKA RTE BUS/SCHIENE FUER ZUSCHLAGFREIE Z UEGE (UEBERTRAGBAR) OHNE ICE-BERECHTIGUNG PREISTAFEL: NR 15/1565 WIRD FÜR DIE LTAV VON KASSEL BEN | J67: Zeitkarte_Monat | K67: Zeitkarte | L67: Monat | M67: 2 | N67: Zeitkarten DTV | O67: 1 | P67: 51
A68: 60443 | B68: =+C68*1000+E68 -> 60443 | C68: 60 | D68: BAHNBUSVERKEHR | E68: 443 | F68: ABO-MON B/S | I68: UMWELTSCHUTZ-ABONNEMENT-MONATSKA RTE BUS/SCHIENE FUER ZUSCHLAGFREIE Z UEGE ---TGA/TGB--- WIRD FÜR DIE LTAV VON KASSEL BENÖTIGT | J68: Zeitkarte_Monat | K68: Zeitkarte | L68: Monat | M68: 2 | N68: Zeitkarten DTV | O68: 1 | P68: 51
A69: 60444 | B69: =+C69*1000+E69 -> 60444 | C69: 60 | D69: BAHNBUSVERKEHR | E69: 444 | F69: ABO-MON B/S | I69: UMWELTSCHUTZ-ABONNEMENT-MONATSKA RTE BUS/SCHIENE FUER ZUSCHLAGFREIE Z UEGE ---TGA/TGB--- WIRD FÜR DIE LTAV VON KASSEL BENÖTIGT | J69: Zeitkarte_Monat | K69: Zeitkarte | L69: Monat | M69: 2 | N69: Zeitkarten DTV | O69: 1 | P69: 51
A70: 60445 | B70: =+C70*1000+E70 -> 60445 | C70: 60 | D70: BAHNBUSVERKEHR | E70: 445 | F70: ABO-MON B/S | I70: UMWELTSCHUTZ-ABONNEMENT-MONATSKA RTE BUS/SCHIENE FUER ZUSCHLAGFREIE Z UEGE ---TGA/TGB--- WIRD FÜR DIE LTAV VON KASSEL BENÖTIGT | J70: Zeitkarte_Monat | K70: Zeitkarte | L70: Monat | M70: 2 | N70: Zeitkarten DTV | O70: 1 | P70: 51
A71: 60446 | B71: =+C71*1000+E71 -> 60446 | C71: 60 | D71: BAHNBUSVERKEHR | E71: 446 | F71: ABO-MON B/S | I71: UMWELTSCHUTZ-ABONNEMENT-MONATSKA RTE BUS/SCHIENE FUER ZUSCHLAGFREIE Z UEGE ---TGA/TGB--- WIRD FÜR DIE LTAV VON KASSEL BENÖTIGT | J71: Zeitkarte_Monat | K71: Zeitkarte | L71: Monat | M71: 2 | N71: Zeitkarten DTV | O71: 1 | P71: 51
A72: 60447 | B72: =+C72*1000+E72 -> 60447 | C72: 60 | D72: BAHNBUSVERKEHR | E72: 447 | F72: ABO-MON B/S | I72: UMWELTSCHUTZ-ABONNEMENT-MONATSKA RTE BUS/SCHIENE FUER ZUSCHLAGFREIE Z UEGE ---TGA/TGB--- WIRD FÜR DIE LTAV VON KASSEL BENÖTIGT | J72: Zeitkarte_Monat | K72: Zeitkarte | L72: Monat | M72: 2 | N72: Zeitkarten DTV | O72: 1 | P72: 51
A73: 60226 | B73: =+C73*1000+E73 -> 60226 | C73: 60 | D73: BAHNBUSVERKEHR | E73: 226 | F73: ABO-MON BUS | I73: UMWELTSCHUTZ-ABONNEMENT-MONATSKA RTE BUS (UEBERTRAGBAR) | J73: Zeitkarte_Monat | K73: Zeitkarte | M73: 2 | N73: Zeitkarten DTV | O73: 60 | P73: 223
A74: 60450 | B74: =+C74*1000+E74 -> 60450 | C74: 60 | D74: BAHNBUSVERKEHR | E74: 450 | F74: ABO-MON BUS | I74: UMWELTSCHUTZ-ABONNEMENT-MONATSKA RTE BUS | J74: Zeitkarte_Monat | K74: Zeitkarte | L74: Monat | M74: 2 | N74: Zeitkarten DTV | O74: 60 | P74: 451
A75: 1452 | B75: =+C75*1000+E75 -> 1452 | C75: 1 | D75: BINNENVERKEHR | E75: 452 | F75: ABO-NACHBELASTUNG NV | I75: UMWELTSCHUTZ-ABONNEMENT NACHBELASTUNG ZU ABO-KARTEN SCHI ENE DIE NACHBELASTUNG ERFOLGT DURCH FREIE PREISEINGABE | J75: Zeitkarte_Monat | K75: Zeitkarte | M75: 2 | N75: Zeitkarten DTV | O75: 1 | P75: 452
A76: 102248 | B76: =+C76*1000+E76 -> 102248 | C76: 102 | D76: BINNENVERKEHR | E76: 248 | F76: AZUBI T SACHSEN DIG. | G76: 16 | H76: AzubiTicket Sachsen | I76: AZUBI-MONATSKARTEN FUER ZUSCHL AGFREIE ZUEGE, DIGITAL VERBUND:MDV+VMS+VVO+ZVON VERRECHNUNGS- UND BASISGATTUNG IDENTISCH TGA/TGB SELBSTZAHLER | J76: Azubi-Ticket | K76: Zeitkarte | L76: Monat | M76: 2 | N76: Zeitkarten DTV | O76: 102 | P76: 118
A77: 102249 | B77: =+C77*1000+E77 -> 102249 | C77: 102 | D77: BINNENVERKEHR | E77: 249 | F77: AZUBI T SACHSEN DIG. | G77: 16 | H77: AzubiTicket Sachsen | I77: AZUBI-MONATSKARTEN FUER ZUSCHL AGFREIE ZUEGE, DIGITAL VERBUND:MDV+VVO+ZVON VERRECHNUNGS- UND BASISGATTUNG IDENTISCH TGA/TGB SELBSTZAHLER | J77: Azubi-Ticket | K77: Zeitkarte | L77: Monat | M77: 2 | N77: Zeitkarten DTV | O77: 102 | P77: 119
A78: 102332 | B78: =+C78*1000+E78 -> 102332 | C78: 102 | D78: BINNENVERKEHR | E78: 332 | F78: AZUBI T SACHSEN DIG. | G78: 16 | H78: AzubiTicket Sachsen | I78: AZUBI-MONATSKARTEN FUER ZUSCHL AGFREIE ZUEGE, DIGITAL VERBUND:VVO VERRECHNUNGS- UND BASISGATTUNG IDENTISCH TGA/TGB SELBSTZAHLER | J78: Azubi-Ticket | K78: Zeitkarte | L78: Monat | M78: 2 | N78: Zeitkarten DTV | O78: 102 | P78: 123
A79: 3393 | B79: =+C79*1000+E79 -> 3393 | C79: 3 | D79: NAHVERKEHR | E79: 393 | F79: 10ER TAGESTICKET | G79: 14 | H79: 10er TagesTicket | I79: 10ER TAGESKARTE INNERHALB VON 30 TAGEN AUF GEW. STRECKE EINFACHE FAHRT | J79: 10er TagesTicket | K79: Mehrfahrten | M79: 4 | N79: Sonstige Angebote DTV | O79: 3 | P79: 393
A80: 3395 | B80: =+C80*1000+E80 -> 3395 | C80: 3 | D80: NAHVERKEHR | E80: 395 | F80: 10ER TAGESTICKET | G80: 14 | H80: 10er TagesTicket | I80: MEHRTAGESKARTE TEST 10ER TAGESKARTE INNERHALB VON 30 TAGEN AUF GEW. STRECKE HIN-UND RÜCKFAHRT | J80: 10er TagesTicket | K80: Mehrfahrten | M80: 4 | N80: Sonstige Angebote DTV | O80: 3 | P80: 393
A81: 1396 | B81: =+C81*1000+E81 -> 1396 | C81: 1 | D81: BINNENVERKEHR | E81: 396 | F81: 10ER TAGES-TICKET | G81: 14 | H81: 10er TagesTicket | I81: 10ER TAGES-TICKET GEHÖRT ZU V/G 3/397 3/396 DUMMY-GATTUNG FÜR BLUE-ITS | J81: 10er TagesTicket | K81: Mehrfahrten | M81: 4 | N81: Sonstige Angebote DTV | O81: 3 | P81: 393
A82: 3232 | B82: =+C82*1000+E82 -> 3232 | C82: 3 | D82: NAHVERKEHR | E82: 232 | F82: BAYERWALD-TICKET | G82: 122 | H82: Bayerwald-Ticket | I82: BAYERWALD-TICKET | J82: Bayerwald | K82: Tageskarte | L82: Tag | M82: 5 | N82: Angebote nicht provisionsrelevant | O82: 3 | P82: 232
A83: 4232 | B83: =+C83*1000+E83 -> 4232 | C83: 4 | D83: NAHVERKEHR | E83: 232 | F83: BAYERWALD-TICKET | G83: 122 | H83: Bayerwald-Ticket | I83: BAYERWALD-TICKET GEHÖRT ZU 3/232 | J83: Bayerwald | K83: Tageskarte | L83: Tag | M83: 5 | N83: Angebote nicht provisionsrelevant | O83: 3 | P83: 232
A84: 102336 | B84: =+C84*1000+E84 -> 102336 | C84: 102 | D84: BINNENVERKEHR | E84: 336 | F84: AZUBI T SACHSEN DIG. | G84: 16 | H84: AzubiTicket Sachsen | I84: AZUBI-MONATSKARTEN FUER ZUSCHL AGFREIE ZUEGE, DIGITAL VERBUND:VVO+MDV VERRECHNUNGS- UND BASISGATTUNG IDENTISCH TGA/TGB SELBSTZAHLER | J84: Azubi-Ticket | K84: Zeitkarte | L84: Monat | M84: 2 | N84: Zeitkarten DTV | O84: 102 | P84: 125
A85: 102348 | B85: =+C85*1000+E85 -> 102348 | C85: 102 | D85: BINNENVERKEHR | E85: 348 | F85: AZUBI T SACHSEN DIG. | G85: 16 | H85: AzubiTicket Sachsen | I85: AZUBI-MONATSKARTEN FUER ZUSCHL AGFREIE ZUEGE,DIGITAL VERBUND:VVO+ZVON+VMS VERRECHNUNGS- UND BASISGATTUNG IDENTISCH TGA/TGB SELBSTZAHLER | J85: Azubi-Ticket | K85: Zeitkarte | L85: Monat | M85: 2 | N85: Zeitkarten DTV | O85: 102 | P85: 126
A86: 102399 | B86: =+C86*1000+E86 -> 102399 | C86: 102 | D86: BINNENVERKEHR | E86: 399 | F86: AZUBI T SACHSEN DIG. | G86: 16 | H86: AzubiTicket Sachsen | I86: AZUBI-MONATSKARTEN FUER ZUSCHL AGFREIE ZUEGE,DIGITAL VERBUND:VVO+ZVON+VMS+MDV VERRECHNUNGS- UND BASISGATTUNG IDENTISCH TGA/TGB SELBSTZAHLER | J86: Azubi-Ticket | K86: Zeitkarte | L86: Monat | M86: 2 | N86: Zeitkarten DTV | O86: 102 | P86: 127
A87: 3278 | B87: =+C87*1000+E87 -> 3278 | C87: 3 | D87: NAHVERKEHR | E87: 278 | F87: BAYERWALD-TICKET | G87: 122 | H87: Bayerwald-Ticket | I87: BAYERWALD-TICKET PEP-Angebot GEHÖRT ZU 3/232 | J87: Bayerwald | K87: Tageskarte | L87: Tag | M87: 5 | N87: Angebote nicht provisionsrelevant | O87: 3 | P87: 232
A88: 3086 | B88: =+C88*1000+E88 -> 3086 | C88: 3 | D88: NAHVERKEHR | E88: 86 | F88: BERNSTEINT RÜG MINI | G88: 142 | H88: Bernsteinticket | I88: NUR MT ACHTUNG KALENDER!!! | J88: Bernsteinticket | K88: Haustarif | M88: 5 | N88: Angebote nicht provisionsrelevant | O88: 3 | P88: 77
A89: 102438 | B89: =+C89*1000+E89 -> 102438 | C89: 102 | D89: BINNENVERKEHR | E89: 438 | F89: AZUBI T SACHSEN DIG. | G89: 16 | H89: AzubiTicket Sachsen | I89: AZUBI-MONATSKARTEN FUER ZUSCHL AGFREIE ZUEGE,DIGITAL VERBUND:VVO+MDV+VMS+ZVON+VVV VERRECHNUNGS- UND BASISGATTUNG IDENTISCH TGA/TGB SELBSTZAHLER | J89: Azubi-Ticket | K89: Zeitkarte | L89: Monat | M89: 2 | N89: Zeitkarten DTV | O89: 102 | P89: 128
A90: 102439 | B90: =+C90*1000+E90 -> 102439 | C90: 102 | D90: BINNENVERKEHR | E90: 439 | F90: AZUBI T SACHSEN DIG. | G90: 16 | H90: AzubiTicket Sachsen | I90: AZUBI-MONATSKARTEN FUER ZUSCHL AGFREIE ZUEGE, DIGITAL VERBUND:VVO+VMS VERRECHNUNGS- UND BASISGATTUNG IDENTISCH TGA/TGB SELBSTZAHLER | J90: Azubi-Ticket | K90: Zeitkarte | L90: Monat | M90: 2 | N90: Zeitkarten DTV | O90: 102 | P90: 129
A91: 102458 | B91: =+C91*1000+E91 -> 102458 | C91: 102 | D91: BINNENVERKEHR | E91: 458 | F91: AZUBI T SACHSEN DIG. | G91: 16 | H91: AzubiTicket Sachsen | I91: AZUBI-MONATSKARTEN FUER ZUSCHL AGFREIE ZUEGE,DIGITAL VERBUND:VVO+ZVON+MDV VERRECHNUNGS- UND BASISGATTUNG IDENTISCH TGA/TGB SELBSTZAHLER | J91: Azubi-Ticket | K91: Zeitkarte | L91: Monat | M91: 2 | N91: Zeitkarten DTV | O91: 102 | P91: 130
A92: 102462 | B92: =+C92*1000+E92 -> 102462 | C92: 102 | D92: BINNENVERKEHR | E92: 462 | F92: AZUBI T SACHSEN DIG. | G92: 16 | H92: AzubiTicket Sachsen | I92: AZUBI-MONATSKARTEN FUER ZUSCHL AGFREIE ZUEGE,DIGITAL VERBUND:VVO+ZVON+VMS+VVV VERRECHNUNGS- UND BASISGATTUNG IDENTISCH TGA/TGB SELBSTZAHLER | J92: Azubi-Ticket | K92: Zeitkarte | L92: Monat | M92: 2 | N92: Zeitkarten DTV | O92: 102 | P92: 134
A93: 102484 | B93: =+C93*1000+E93 -> 102484 | C93: 102 | D93: BINNENVERKEHR | E93: 484 | F93: AZUBI T SACHSEN DIG. | G93: 16 | H93: AzubiTicket Sachsen | I93: AZUBI-MONATSKARTEN FUER ZUSCHL AGFREIE ZUEGE,DIGITAL VERBUND:VVO+ZVON VERRECHNUNGS- UND BASISGATTUNG IDENTISCH TGA/TGB SELBSTZAHLER | J93: Azubi-Ticket | K93: Zeitkarte | L93: Monat | M93: 2 | N93: Zeitkarten DTV | O93: 102 | P93: 142
A94: 102485 | B94: =+C94*1000+E94 -> 102485 | C94: 102 | D94: BINNENVERKEHR | E94: 485 | F94: AZUBI T SACHSEN DIG. | G94: 16 | H94: AzubiTicket Sachsen | I94: AZUBI-MONATSKARTEN FUER ZUSCHL AGFREIE ZUEGE,DIGITAL VERBUND:VVO+VMS+MDV VERRECHNUNGS- UND BASISGATTUNG IDENTISCH TGA/TGB SELBSTZAHLER | J94: Azubi-Ticket | K94: Zeitkarte | L94: Monat | M94: 2 | N94: Zeitkarten DTV | O94: 102 | P94: 143
A95: 102486 | B95: =+C95*1000+E95 -> 102486 | C95: 102 | D95: BINNENVERKEHR | E95: 486 | F95: AZUBI T SACHSEN DIG. | G95: 16 | H95: AzubiTicket Sachsen | I95: AZUBI-MONATSKARTEN FUER ZUSCHL AGFREIE ZUEGE,DIGITAL VERBUND:VVO+VMS+VVV+MDV VERRECHNUNGS- UND BASISGATTUNG IDENTISCH TGA/TGB SELBSTZAHLER | J95: Azubi-Ticket | K95: Zeitkarte | L95: Monat | M95: 2 | N95: Zeitkarten DTV | O95: 102 | P95: 171
A96: 102489 | B96: =+C96*1000+E96 -> 102489 | C96: 102 | D96: BINNENVERKEHR | E96: 489 | F96: AZUBI T SACHSEN DIG. | G96: 16 | H96: AzubiTicket Sachsen | I96: AZUBI-MONATSKARTEN FUER ZUSCHL AGFREIE ZUEGE,DIGITAL VERBUND:VVO+VMS+VVV VERRECHNUNGS- UND BASISGATTUNG IDENTISCH TGA/TGB SELBSTZAHLER | J96: Azubi-Ticket | K96: Zeitkarte | L96: Monat | M96: 2 | N96: Zeitkarten DTV | O96: 102 | P96: 172
A97: 102498 | B97: =+C97*1000+E97 -> 102498 | C97: 102 | D97: BINNENVERKEHR | E97: 498 | F97: AZUBI T SACHSEN DIG. | G97: 16 | H97: AzubiTicket Sachsen | I97: AZUBI-MONATSKARTEN FUER ZUSCHL AGFREIE ZUEGE,DIGITAL VERBUND:VMS VERRECHNUNGS- UND BASISGATTUNG IDENTISCH TGA/TGB SELBSTZAHLER | J97: Azubi-Ticket | K97: Zeitkarte | L97: Monat | M97: 2 | N97: Zeitkarten DTV | O97: 102 | P97: 174
A98: 102499 | B98: =+C98*1000+E98 -> 102499 | C98: 102 | D98: BINNENVERKEHR | E98: 499 | F98: AZUBI T SACHSEN DIG. | G98: 16 | H98: AzubiTicket Sachsen | I98: AZUBI-MONATSKARTEN FUER ZUSCHL AGFREIE ZUEGE,DIGITAL VERBUND:VMS+VVO VERRECHNUNGS- UND BASISGATTUNG IDENTISCH TGA/TGB SELBSTZAHLER | J98: Azubi-Ticket | K98: Zeitkarte | L98: Monat | M98: 2 | N98: Zeitkarten DTV | O98: 102 | P98: 212
A99: 90022 | B99: =+C99*1000+E99 -> 90022 | C99: 90 | D99: WALDBAHN | E99: 22 | F99: 10ER-TAGESTICKET | G99: 14 | H99: 10er TagesTicket | I99: DUMMY FÜR FIRE | J99: 10er TagesTicket | K99: Mehrfahrten | M99: 4 | N99: Sonstige Angebote DTV | O99: 3 | P99: 393
A100: 562841 | B100: =+C100*1000+E100 -> 562841 | C100: 562 | D100: ZU/AB.MAN.GESCH.VORF | E100: 841 | F100: Ab Ausg.Erst.FCC DTV | J100: Abrechnung | K100: Abrechnung | M100: 4 | N100: Sonstige Angebote DTV | O100: 562 | P100: 841
...

Sheet VerkGatt
A1: GattSearch | B1: Änderungsflag | C1: VerkNr | D1: Verkehr | E1: GattNr | F1: DTV Angebotsname | G1: Ang-Nr | H1: Ang-Tarifsicht | I1: DB P Kommentar Marko | J1: Anstoß_Verkehr | K1: Anstoß_Gatt | L1: Anstoß_Ang | M1: Gruppe | N1: Angabe Verbundnummer | O1: SA DTV | P1: Kz Zeitkarte | Q1: Kz H+R | R1: Status Verkauf | S1: Ticketcluster_ID | T1: Ticketcluster | U1: .DTV-Kz | V1: Ang_GUELTIG_AB | W1: Ang_GUELTIG_BIS | X1: Aktiv/Inaktiv
A2: 3179 | C2: 3 | D2: NAHVERKEHR | E2: 179 | F2: INSEL&ME(E)HR-TAGESK | G2: 43 | H2: Insel & Me(e)hr als Tageskarte | I2: 1-5 PERSONEN (GKMV) FIN-GATTUNG!!! | J2: n.v. | K2: n.v. | M2: Aktion | O2: 11 | Q2: 1 | R2: DTV Kernsortiment | S2: 5 | T2: Angebote nicht provisionsrelevant | U2: H | V2: 44562 | W2: 54788 | X2: Aktiv
A3: 35850 | C3: 35 | D3: WECHSELVERKEHR DB/NE | E3: 850 | F3: PERS JK ABO NE | G3: 304 | H3: persönliche Jahreskarte | I3: ABOVERFAHREN PREISBILDUNG FÜR 1 X JÄHRLICHE ABBUCHUNG DES GESAMTBETRAGS | J3: n.v. | K3: n.v. | M3: Zeitkarte_Jahr | O3: 32 | P3: Jahr | Q3: 1 | R3: DTV Kernsortiment | S3: 2 | T3: Zeitkarten DTV | U3: D | V3: 44562 | W3: 45639 | X3: Inaktiv
A4: 35846 | C4: 35 | D4: WECHSELVERKEHR DB/NE | E4: 846 | F4: ÜBERTR JK ABO NE | G4: 305 | H4: übertragbare Jahreskarte | I4: ABOVERFAHREN PREISBILDUNG FÜR 1 X JÄHRLICHE ABBUCHUNG DES GESAMTBETRAGS | J4: n.v. | K4: n.v. | M4: Zeitkarte_Jahr | O4: 32 | P4: Jahr | Q4: 1 | R4: DTV Kernsortiment | S4: 2 | T4: Zeitkarten DTV | U4: D | V4: 44562 | W4: 45639 | X4: Inaktiv
A5: 154031 | C5: 154 | D5: U28-TARIF | E5: 31 | F5: 30-T.KARTE SCHÜ/STUD | G5: 86 | H5: Regiotarif Schluckenau-Elbe | I5: DUMMY FÜR FIRE | J5: n.v. | K5: n.v. | M5: Zeitkarte_Monat_erm. | O5: 32 | P5: 30 Tage | Q5: 1 | R5: DTV Kernsortiment | S5: 2 | T5: Zeitkarten DTV | U5: D | V5: 44562 | W5: 54788 | X5: Aktiv
A6: 154030 | C6: 154 | D6: U28-TARIF | E6: 30 | F6: 30-TAGE-KARTE | G6: 86 | H6: Regiotarif Schluckenau-Elbe | I6: DUMMY FÜR FIRE | J6: n.v. | K6: n.v. | M6: Zeitkarte_Monat | O6: 32 | P6: 30 Tage | Q6: 1 | R6: DTV Kernsortiment | S6: 2 | T6: Zeitkarten DTV | U6: D | V6: 44562 | W6: 54788 | X6: Aktiv
A7: 154107 | C7: 154 | D7: U28-TARIF | E7: 107 | F7: 30-TK KIND | G7: 86 | H7: Regiotarif Schluckenau-Elbe | I7: DUMMY FÜR FIRE | J7: n.v. | K7: n.v. | M7: Zeitkarte_Monat_erm. | O7: 32 | P7: 30 Tage | Q7: 1 | R7: DTV Kernsortiment | S7: 2 | T7: Zeitkarten DTV | U7: D | V7: 44562 | W7: 54788 | X7: Aktiv
A8: 154106 | C8: 154 | D8: U28-TARIF | E8: 106 | F8: 30-TK RENTNER | G8: 86 | H8: Regiotarif Schluckenau-Elbe | I8: DUMMY FÜR FIRE | J8: n.v. | K8: n.v. | M8: Zeitkarte_Monat_erm. | O8: 32 | P8: 30 Tage | Q8: 1 | R8: DTV Kernsortiment | S8: 2 | T8: Zeitkarten DTV | U8: D | V8: 44562 | W8: 54788 | X8: Aktiv
A9: 154108 | C9: 154 | D9: U28-TARIF | E9: 108 | F9: 30-TK STUDENT | G9: 86 | H9: Regiotarif Schluckenau-Elbe | I9: DUMMY FÜR FIRE | J9: n.v. | K9: n.v. | M9: Zeitkarte_Monat_erm. | O9: 32 | P9: 30 Tage | Q9: 1 | R9: DTV Kernsortiment | S9: 2 | T9: Zeitkarten DTV | U9: D | V9: 44562 | W9: 54788 | X9: Aktiv
A10: 154021 | C10: 154 | D10: U28-TARIF | E10: 21 | F10: 7-T.-KARTE SCHÜ/STUD | G10: 86 | H10: Regiotarif Schluckenau-Elbe | I10: DUMMY FÜR FIRE | J10: n.v. | K10: n.v. | M10: Zeitkarte_Woche_erm. | O10: 32 | P10: 7 Tage | Q10: 1 | R10: DTV Kernsortiment | S10: 2 | T10: Zeitkarten DTV | U10: D | V10: 44562 | W10: 54788 | X10: Aktiv
A11: 154020 | C11: 154 | D11: U28-TARIF | E11: 20 | F11: 7-TAGE-KARTE | G11: 86 | H11: Regiotarif Schluckenau-Elbe | I11: DUMMY FÜR FIRE | J11: n.v. | K11: n.v. | M11: Zeitkarte_Woche | O11: 32 | P11: 7 Tage | Q11: 1 | R11: DTV Kernsortiment | S11: 2 | T11: Zeitkarten DTV | U11: D | V11: 44562 | W11: 45639 | X11: Inaktiv
A12: 154104 | C12: 154 | D12: U28-TARIF | E12: 104 | F12: 7-TK KIND | G12: 86 | H12: Regiotarif Schluckenau-Elbe | I12: DUMMY FÜR FIRE | J12: n.v. | K12: n.v. | M12: Zeitkarte_Woche_erm. | O12: 32 | P12: 7 Tage | Q12: 1 | R12: DTV Kernsortiment | S12: 2 | T12: Zeitkarten DTV | U12: D | V12: 44562 | W12: 45639 | X12: Inaktiv
A13: 154103 | C13: 154 | D13: U28-TARIF | E13: 103 | F13: 7-TK RENTNER | G13: 86 | H13: Regiotarif Schluckenau-Elbe | I13: DUMMY FÜR FIRE | J13: n.v. | K13: n.v. | M13: Zeitkarte_Woche_erm. | O13: 32 | P13: 7 Tage | Q13: 1 | R13: DTV Kernsortiment | S13: 2 | T13: Zeitkarten DTV | U13: D | V13: 44562 | W13: 45639 | X13: Inaktiv
A14: 154105 | C14: 154 | D14: U28-TARIF | E14: 105 | F14: 7-TK STUDENT | G14: 86 | H14: Regiotarif Schluckenau-Elbe | I14: DUMMY FÜR FIRE | J14: n.v. | K14: n.v. | M14: Zeitkarte_Woche_erm. | O14: 32 | P14: 7 Tage | Q14: 1 | R14: DTV Kernsortiment | S14: 2 | T14: Zeitkarten DTV | U14: D | V14: 44562 | W14: 54788 | X14: Aktiv
... A19: 154111 | C19: 154 | D19: U28-TARIF | E19: 111 | F19: 90-TK STUDENT | G19: 86 | H19: Regiotarif Schluckenau-Elbe | I19: DUMMY FÜR FIRE | J19: n.v. | K19: n.v. | M19: Zeitkarte_Monat_erm. | O19: 32 | P19: 90 Tage | Q19: 1 | R19: DTV Kernsortiment | S19: 2 | T19: Zeitkarten DTV | U19: D | V19: 44562 | W19: 54788 | X19: Aktiv
A20: 154001 | C20: 154 | D20: U28-TARIF | E20: 1 | F20: EINZELFAHRT | G20: 86 | H20: Regiotarif Schluckenau-Elbe | I20: DUMMY FÜR FIRE | J20: n.v. | K20: n.v. | M20: Haustarife | O20: 32 | Q20: 1 | R20: DTV Kernsortiment | S20: 1 | T20: Normalpreis DTV | U20: D | V20: 44562 | W20: 54788 | X20: Aktiv
A21: 154002 | C21: 154 | D21: U28-TARIF | E21: 2 | F21: EINZELFAHRT KIND | G21: 86 | H21: Regiotarif Schluckenau-Elbe | I21: DUMMY FÜR FIRE | J21: n.v. | K21: n.v. | M21: Haustarife | O21: 32 | Q21: 1 | R21: DTV Kernsortiment | S21: 1 | T21: Normalpreis DTV | U21: D | V21: 44562 | W21: 54788 | X21: Aktiv
A22: 154003 | C22: 154 | D22: U28-TARIF | E22: 3 | F22: EINZELFAHRT FAHRRAD | G22: 86 | H22: Regiotarif Schluckenau-Elbe | I22: DUMMY FÜR FIRE | J22: n.v. | K22: n.v. | M22: Fahrrad | O22: 32 | Q22: 1 | R22: DTV Kernsortiment | S22: 4 | T22: Sonstige Angebote DTV | U22: D | V22: 44562 | W22: 54788 | X22: Aktiv
A23: 154004 | C23: 154 | D23: U28-TARIF | E23: 4 | F23: EINZELFAHRT HUND | G23: 86 | H23: Regiotarif Schluckenau-Elbe | I23: DUMMY FÜR FIRE | J23: n.v. | K23: n.v. | M23: Haustarife | O23: 32 | Q23: 1 | R23: DTV Kernsortiment | S23: 1 | T23: Normalpreis DTV | U23: D | V23: 44562 | W23: 54788 | X23: Aktiv
A24: 154011 | C24: 154 | D24: U28-TARIF | E24: 11 | F24: HIN-U.RÜCKFAHRT | G24: 86 | H24: Regiotarif Schluckenau-Elbe | I24: DUMMY FÜR FIRE | J24: n.v. | K24: n.v. | M24: Haustarife | O24: 32 | Q24: 2 | R24: DTV Kernsortiment | S24: 1 | T24: Normalpreis DTV | U24: D | V24: 44562 | W24: 54788 | X24: Aktiv
A25: 154012 | C25: 154 | D25: U28-TARIF | E25: 12 | F25: HIN-U.RÜCKFAHRT KIND | G25: 86 | H25: Regiotarif Schluckenau-Elbe | I25: DUMMY FÜR FIRE | J25: n.v. | K25: n.v. | M25: Haustarife | O25: 32 | Q25: 2 | R25: DTV Kernsortiment | S25: 1 | T25: Normalpreis DTV | U25: D | V25: 44562 | W25: 54788 | X25: Aktiv
A26: 154101 | C26: 154 | D26: U28-TARIF | E26: 101 | F26: EINZELFAHRT SENIORN | G26: 86 | H26: Regiotarif Schluckenau-Elbe | I26: DUMMY FÜR FIRE | J26: n.v. | K26: n.v. | M26: Haustarife | O26: 32 | Q26: 1 | R26: DTV Kernsortiment | S26: 1 | T26: Normalpreis DTV | U26: D | V26: 44562 | W26: 54788 | X26: Aktiv
A27: 154102 | C27: 154 | D27: U28-TARIF | E27: 102 | F27: EINZELFAHRT STUDENT | G27: 86 | H27: Regiotarif Schluckenau-Elbe | I27: DUMMY FÜR FIRE | J27: n.v. | K27: n.v. | M27: Haustarife | O27: 32 | Q27: 1 | R27: DTV Kernsortiment | S27: 1 | T27: Normalpreis DTV | U27: D | V27: 44562 | W27: 54788 | X27: Aktiv
A28: 3393 | C28: 3 | D28: NAHVERKEHR | E28: 393 | F28: 10ER TAGESTICKET | G28: 14 | H28: 10er Tagesticket | I28: 10ER TAGESKARTE INNERHALB VON 30 TAGEN AUF GEW. STRECKE EINFACHE FAHRT | J28: n.v. | K28: n.v. | M28: 10er TagesTicket | O28: 32 | Q28: 1 | R28: DTV Kernsortiment | S28: 4 | T28: Sonstige Angebote DTV | U28: D | V28: 44562 | W28: 45640 | X28: Inaktiv
A29: 3085 | C29: 3 | D29: NAHVERKEHR | E29: 85 | F29: BERNSTEINTICKET RÜG | G29: 142 | H29: Bernsteinticket Rügen | I29: ACHTUNG KALENDER!!!GKKV | J29: n.v. | K29: n.v. | M29: Bernsteinticket | O29: 11 | Q29: 1 | R29: DTV IndiPlus | S29: 5 | T29: Angebote nicht provisionsrelevant | U29: H | V29: 44562 | W29: 54788 | X29: Aktiv
A30: 30047 | C30: 30 | D30: TCV (INLAND) | E30: 47 | F30: FLEXFAHRT MON | G30: 91 | H30: Flexfahrt Monatskarte | I30: FLEXFAHRT MONAT FORBACH | M30: Zeitkarte_Monat | O30: 32 | P30: Monat | Q30: 1 | R30: DTV IndiPlus | S30: 5 | T30: Angebote nicht provisionsrelevant | U30: H | V30: 44562 | W30: 54788 | X30: Aktiv
A31: 30048 | C31: 30 | D31: TCV (INLAND) | E31: 48 | F31: FLEXFAHRT MON | G31: 91 | H31: Flexfahrt Monatskarte | I31: FLEXFAHRT MONAT ST. AVOLD | M31: Zeitkarte_Monat | O31: 32 | P31: Monat | Q31: 1 | R31: DTV IndiPlus | S31: 5 | T31: Angebote nicht provisionsrelevant | U31: H | V31: 44562 | W31: 54788 | X31: Aktiv
A32: 30057 | C32: 30 | D32: TCV (INLAND) | E32: 57 | F32: FLEXFAHRT WOCHENK. | G32: 182 | H32: Flexfahrt Wochenkarte | I32: FLEXFAHRT WOCHE FORBACH | M32: Zeitkarte_Woche | O32: 32 | P32: Woche | Q32: 1 | R32: DTV IndiPlus | S32: 5 | T32: Angebote nicht provisionsrelevant | U32: H | V32: 44562 | W32: 54788 | X32: Aktiv
A33: 30058 | C33: 30 | D33: TCV (INLAND) | E33: 58 | F33: FLEXFAHRT WOCHENK. | G33: 182 | H33: Flexfahrt Wochenkarte | I33: FLEXFAHRT WOCHE ST-AVOLD | M33: Zeitkarte_Woche | O33: 32 | P33: Woche | Q33: 1 | R33: DTV IndiPlus | S33: 5 | T33: Angebote nicht provisionsrelevant | U33: H | V33: 44562 | W33: 54788 | X33: Aktiv
A34: 180032 | C34: 180 | D34: DTV Haustarif | E34: 32 | F34: eTarif Donau-Isar Einzelfahrt | G34: 171 | H34: eTarif Donau-Isar Einzelfahrt + Tagesdeckel | J34: n.v. | K34: n.v. | M34: Haustarife | O34: 32 | Q34: 1 | R34: DTV IndiPlus | S34: 4 | T34: Sonstige Angebote DTV | U34: H | V34: 44805 | W34: 54788 | X34: Aktiv
A35: 180006 | C35: 180 | D35: DTV Haustarif | E35: 6 | F35: KombiTicket Skiregion Brauneck, Lenggries-Wegscheid | J35: n.v. | K35: n.v. | M35: Kombitickets | O35: 11 | Q35: 1 | R35: abbestellen | S35: 5 | T35: Angebote nicht provisionsrelevant | U35: H | V35: 44562 | W35: 44770 | X35: Inaktiv
A36: 180007 | C36: 180 | D36: DTV Haustarif | E36: 7 | F36: KombiTicket Skiparadies Sudelfeld, Bayrischzell | J36: n.v. | K36: n.v. | M36: Kombitickets | O36: 11 | Q36: 1 | R36: abbestellen | S36: 5 | T36: Angebote nicht provisionsrelevant | U36: H | V36: 44562 | W36: 44770 | X36: Inaktiv
A37: 180008 | C37: 180 | D37: DTV Haustarif | E37: 8 | F37: KombiTicket Skigebiet Spitzingsee-Tegernsee | J37: n.v. | K37: n.v. | M37: Kombitickets | O37: 11 | Q37: 1 | R37: abbestellen | S37: 5 | T37: Angebote nicht provisionsrelevant | U37: H | V37: 44562 | W37: 44770 | X37: Inaktiv
A38: 180009 | C38: 180 | D38: DTV Haustarif | E38: 9 | F38: KombiTicket monte mare Schliersee | J38: n.v. | K38: n.v. | M38: Kombitickets | O38: 11 | Q38: 1 | R38: abbestellen | S38: 5 | T38: Angebote nicht provisionsrelevant | U38: H | V38: 44562 | W38: 44770 | X38: Inaktiv
A39: 180010 | C39: 180 | D39: DTV Haustarif | E39: 10 | F39: KombiTicket Karwendel Eng | J39: n.v. | K39: n.v. | M39: Kombitickets | O39: 11 | Q39: 1 | R39: abbestellen | S39: 5 | T39: Angebote nicht provisionsrelevant | U39: H | V39: 44562 | W39: 44770 | X39: Inaktiv
A40: 180033 | C40: 180 | D40: DTV Haustarif | E40: 33 | F40: eTarif Donau-Isar 9-Uhr-Tagesdeckel | G40: 171 | H40: eTarif Donau-Isar Einzelfahrt + Tagesdeckel | J40: n.v. | K40: n.v. | M40: Haustarife | O40: 11 | Q40: 1 | R40: DTV IndiPlus | S40: 4 | T40: Sonstige Angebote DTV | U40: H | V40: 44805 | W40: 54788 | X40: Aktiv
A41: 180011 | C41: 180 | D41: DTV Haustarif | E41: 11 | F41: KombiTicket Wendelstein-Seilbahn | J41: n.v. | K41: n.v. | M41: Kombitickets | O41: 11 | Q41: 1 | R41: abbestellen | S41: 5 | T41: Angebote nicht provisionsrelevant | U41: H | V41: 44562 | W41: 44770 | X41: Inaktiv
A42: 180001 | C42: 180 | D42: DTV Haustarif | E42: 1 | F42: Guten Tag Ticket EMS | G42: 105 | H42: Guten Tag Ticket (EMS) | J42: n.v. | K42: n.v. | M42: Guten Tag Ticket | O42: 11 | Q42: 1 | R42: DTV IndiPlus | S42: 5 | T42: Angebote nicht provisionsrelevant | U42: H | V42: 44562 | W42: 54788 | X42: Aktiv
A43: 180028 | C43: 180 | D43: DTV Haustarif | E43: 28 | F43: HBX Ticket | J43: n.v. | K43: n.v. | M43: Haustarife | O43: 11 | Q43: 1 | R43: DTV IndiPlus | S43: 5 | T43: Angebote nicht provisionsrelevant | U43: H | V43: 44562 | W43: 44770 | X43: Inaktiv
A44: 180026 | C44: 180 | D44: DTV Haustarif | E44: 26 | F44: Liberec-Dresden-Spezial | J44: n.v. | K44: n.v. | M44: Aktion | O44: 11 | Q44: 2 | R44: DTV IndiPlus | S44: 5 | T44: Angebote nicht provisionsrelevant | U44: H | V44: 44562 | W44: 54788 | X44: Aktiv
A45: 180024 | C45: 180 | D45: DTV Haustarif | E45: 24 | F45: BGL-Tagesticket Bus & Bahn | J45: n.v. | K45: n.v. | M45: Kombitickets | O45: 11 | Q45: 1 | R45: abbestellen | S45: 5 | T45: Angebote nicht provisionsrelevant | U45: H | V45: 44562 | W45: 44770 | X45: Inaktiv
A46: 3550 | C46: 3 | D46: NAHVERKEHR | E46: 550 | F46: SACHSEN-TICKET+WESTH | G46: 12 | H46: Sachsen-Ticket + Westharz | J46: n.v. | K46: n.v. | M46: Sachsen-Ticket | N46: ja | O46: 11 | Q46: 1 | R46: DTV Kernsortiment | S46: 3 | T46: Pauschalpreistickets DTV | U46: D | V46: 44562 | W46: 54788 | X46: Aktiv
A47: 180019 | C47: 180 | D47: DTV Haustarif | E47: 19 | F47: Oberland Radlkarte | G47: 116 | H47: Oberland Radlkarte | M47: Fahrrad | O47: 32 | Q47: 0 | R47: DTV IndiPlus | S47: 5 | T47: Angebote nicht provisionsrelevant | U47: H | V47: 44562 | W47: 45270 | X47: Inaktiv
A48: 180020 | C48: 180 | D48: DTV Haustarif | E48: 20 | F48: Oberland Radlkarte Abo | G48: 117 | H48: Oberland Radlkarte Abo | J48: n.v. | K48: n.v. | M48: Fahrrad | O48: 11 | Q48: 1 | R48: DTV IndiPlus | S48: 5 | T48: Angebote nicht provisionsrelevant | U48: H | V48: 44562 | W48: 45270 | X48: Inaktiv
A49: 3645 | C49: 3 | D49: NAHVERKEHR | E49: 645 | F49: S-L-M-TICKET PLUS EF | G49: 103 | H49: STADT-LAND-MEER-TICKET PLUS | J49: 310 | K49: 646 | L49: WECHSELVERKEHR DB/NE | M49: Aktion | O49: 32 | Q49: 1 | R49: DTV Kernsortiment | S49: 5 | T49: Angebote nicht provisionsrelevant | U49: H | V49: 44562 | W49: 54788 | X49: Aktiv
A50: 3648 | C50: 3 | D50: NAHVERKEHR | E50: 648 | F50: S-L-M-TICKET PLUS HR | G50: 103 | H50: STADT-LAND-MEER-TICKET PLUS | J50: 310 | K50: 647 | L50: WECHSELVERKEHR DB/NE | M50: Aktion | O50: 32 | Q50: 2 | R50: DTV Kernsortiment | S50: 5 | T50: Angebote nicht provisionsrelevant | U50: H | V50: 44562 | W50: 54788 | X50: Aktiv
A51: 180005 | C51: 180 | D51: DTV Haustarif | E51: 5 | F51: Sommerferienticket | G51: 107 | H51: Sommerferienticket (Oberland) | J51: n.v. | K51: n.v. | M51: Haustarife | O51: 11 | Q51: 1 | R51: DTV IndiPlus | S51: 5 | T51: Angebote nicht provisionsrelevant | U51: H | V51: 44562 | W51: 45270 | X51: Inaktiv
A52: 180012 | C52: 180 | D52: DTV Haustarif | E52: 12 | F52: Tourenticket | G52: 109 | H52: Touren-Ticket | J52: n.v. | K52: n.v. | M52: Touren-Ticket | O52: 11 | Q52: 1 | R52: DTV IndiPlus | S52: 3 | T52: Pauschalpreistickets DTV | U52: D | V52: 44562 | W52: 54788 | X52: Aktiv
A53: 3182 | C53: 3 | D53: NAHVERKEHR | E53: 182 | F53: BAYERWALD-TAGEST. | G53: 176 | H53: BAYERWALD-TAGEST. | J53: n.v. | K53: n.v. | M53: Bayerwald | O53: 11 | P53: Tag | Q53: 1 | R53: DTV Kernsortiment | S53: 3 | T53: Pauschalpreistickets DTV | U53: D | V53: 45139 | W53: 54788 | X53: Aktiv
A54: 180106 | C54: 180 | D54: DTV Haustarif | E54: 106 | F54: D-Semesterticket-Teilerstattung | G54: 172 | H54: Deutschland-Ticket | I54: Deutschlandsemesterticket, Teilerstattung | J54: n.v. | K54: n.v. | M54: Deutschlandticket_Semesterticket | N54: Postleitzahl | O54: 11 | P54: Monat | Q54: 1 | R54: DTV Kernsortiment | S54: 16 | T54: D-TICKET / 9-EURO | U54: D | V54: 45452 | W54: 54788 | X54: Aktiv
A55: 180101 | C55: 180 | D55: DTV Haustarif | E55: 101 | F55: (zeitanteilige) D-Ticket Erstattungen | G55: 172 | H55: Deutschland-Ticket | I55: Deutschland-Ticket, Teilerstattung, Jedermann | J55: n.v. | K55: n.v. | M55: Deutschlandticket | N55: Postleitzahl | O55: 11 | P55: Monat | Q55: 1 | R55: DTV Kernsortiment | S55: 16 | T55: D-TICKET / 9-EURO | U55: D | V55: 45331 | W55: 54788 | X55: Aktiv
A56: 180105 | C56: 180 | D56: DTV Haustarif | E56: 105 | F56: D-JobTicket-Teilerstattung | G56: 172 | H56: Deutschland-Ticket | I56: Deutschland-Ticket, Teilerstattung, Job-Ticket | J56: n.v. | K56: n.v. | M56: Deutschlandticket_JobTicket | N56: Postleitzahl | O56: 11 | P56: Monat | Q56: 1 | R56: DTV Kernsortiment | S56: 16 | T56: D-TICKET / 9-EURO | U56: D | V56: 45452 | W56: 54788 | X56: Aktiv
A57: 3103 | C57: 3 | D57: NAHVERKEHR | E57: 103 | F57: SCHÜLER-FERIENT.THÜR | G57: 179 | H57: Schüler-Ferienticket Thüringen | I57: !! GELTUNGSDAUER ALS LITERAL!!! GATTUNG BIS 31.12.49 OFFEN GKKV-KALENDER/DRUCKLAYOUT ÄNDERN GEHÖRT ZU V/G 4/48 | J57: n.v. | K57: n.v. | M57: Schüler-Ferien | O57: 11 | P57: Ferien | Q57: 1 | R57: DTV Kernsortiment | S57: 2 | T57: Zeitkarten DTV | U57: D | V57: 44562 | W57: 54788 | X57: Aktiv
A58: 180003 | C58: 180 | D58: DTV Haustarif | E58: 3 | F58: BOB-MVV-Ticket Single | G58: 110 | H58: Oberland-MVV-Ticket Single | I58: (1 Person) | J58: n.v. | K58: n.v. | M58: Haustarife | O58: 11 | Q58: 1 | R58: DTV IndiPlus | S58: 5 | T58: Angebote nicht provisionsrelevant | U58: H | V58: 44562 | W58: 45270 | X58: Inaktiv
A59: 180004 | C59: 180 | D59: DTV Haustarif | E59: 4 | F59: BOB-MVV-Ticket Gruppe | G59: 106 | H59: Oberland-MVV-Ticket Gruppe | I59: (2-5Personen) | J59: n.v. | K59: n.v. | M59: Haustarife | O59: 11 | Q59: 1 | R59: DTV IndiPlus | S59: 5 | T59: Angebote nicht provisionsrelevant | U59: H | V59: 44562 | W59: 45270 | X59: Inaktiv
A60: 3142 | C60: 3 | D60: BINNENVERKEHR | E60: 142 | F60: BAY.SPNV-TICKET RAD | G60: 124 | H60: Bayerisches SPNV-Ticket Rad - BaSTi® | I60: 04.10 bis 15.03: Verkehr 3, Gattung 142 | J60: 180 | K60: 108 | M60: Fahrrad | O60: 32 | Q60: 0 | R60: DTV Kernsortiment | S60: 4 | T60: Sonstige Angebote DTV | U60: D | V60: 45270 | W60: 54788 | X60: Aktiv
A61: 180016 | C61: 180 | D61: DTV Haustarif | E61: 16 | F61: Chemnitz-Dresden-Bestpreis 3er Karte | G61: 129 | H61: Chemnitz – Dresden Bestpreis 3er | I61: 3er Karte | J61: n.v. | K61: n.v. | M61: Aktion | O61: 11 | Q61: 1 | R61: DTV IndiPlus | S61: 5 | T61: Angebote nicht provisionsrelevant | U61: H | V61: 44562 | W61: 45270 | X61: Inaktiv
A62: 180014 | C62: 180 | D62: DTV Haustarif | E62: 14 | F62: Dresden-Freiberg-Bestpreis 3er Karte | G62: 115 | H62: Dresden – Freiberg Bestpreis 3er | I62: 3er Karte | J62: n.v. | K62: n.v. | M62: Aktion | O62: 11 | Q62: 1 | R62: DTV IndiPlus | S62: 5 | T62: Angebote nicht provisionsrelevant | U62: H | V62: 44562 | W62: 45270 | X62: Inaktiv
A63: 180018 | C63: 180 | D63: DTV Haustarif | E63: 18 | F63: Plauen (Vogtl)-Chemnitz-Bestpreis 3er Karte | G63: 128 | H63: Chemnitz – Plauen Bestpreis 3er | I63: 3er Karte | J63: n.v. | K63: n.v. | M63: Aktion | O63: 11 | Q63: 1 | R63: DTV IndiPlus | S63: 5 | T63: Angebote nicht provisionsrelevant | U63: H | V63: 44562 | W63: 45270 | X63: Inaktiv
A64: 35791 | C64: 35 | D64: WECHSELVERKEHR DB/NE | E64: 791 | F64: ÜBERTR MK ABO BOB NE | G64: 303 | H64: übertragbare Monatskarte | I64: ABONNEMENT-MONATSKARTE BAYERN BOB (UEBERTRAGBAR) | J64: n.v. | K64: n.v. | M64: Zeitkarte_Monat | O64: 32 | P64: Monat | Q64: 1 | R64: DTV Kernsortiment | S64: 2 | T64: Zeitkarten DTV | U64: D | V64: 44562 | W64: 45640 | X64: Inaktiv
A65: 3183 | C65: 3 | D65: NAHVERKEHR | E65: 183 | F65: BAYERWALD-TAGEST.+CZ | G65: 177 | H65: BAYERWALD-TAGEST.+CZ | I65: Achtung: gilt nur bei Vereinbarung mit der Tschechischen Eisenbahn CD | J65: n.v. | K65: n.v. | M65: Bayerwald | O65: 11 | P65: Tag | Q65: 1 | R65: DTV Kernsortiment | S65: 3 | T65: Pauschalpreistickets DTV | U65: D | V65: 45139 | W65: 54788 | X65: Aktiv
A66: 102446 | C66: 102 | D66: BINNENVERKEHR | E66: 446 | F66: AZUB-TICKET THÜR. | G66: 17 | H66: Azubi-Ticket Thüringen | I66: AZUBI-MONATSKARTEN FUER ZUSCHL AGFREIE ZUEGE GKKV/2FPEVS SELBSTZAHLER VERRECHNUNGS- UND BASISGATTUNG IDENTISCH TGA/TGB | J66: n.v. | K66: n.v. | M66: Azubi-Ticket | O66: 32 | P66: Monat | Q66: 1 | R66: DTV Kernsortiment | S66: 2 | T66: Zeitkarten DTV | U66: D | V66: 44562 | W66: 54788 | X66: Aktiv
A67: 102454 | C67: 102 | D67: BINNENVERKEHR | E67: 454 | F67: AZUB-TICKET SACHS.-A | G67: 18 | H67: AzubiTicket Sachsen-Anhalt | I67: AZUBI-MONATSKARTEN FUER ZUSCHL AGFREIE ZUEGE SELBSTZAHLER VERRECHNUNGS- UND BASISGATTUNG IDENTISCH | J67: n.v. | K67: n.v. | M67: Azubi-Ticket | O67: 32 | P67: Monat | Q67: 1 | R67: DTV Kernsortiment | S67: 2 | T67: Zeitkarten DTV | U67: D | V67: 44562 | W67: 54788 | X67: Aktiv
A68: 102806 | C68: 102 | D68: BINNENVERKEHR | E68: 806 | F68: DB JOBTICK. NV BASIS | G68: 114 | H68: Job-Ticket (diverse) | I68: BASISGATTUNG ZU JOB-TICKET NV U. JAHRESCARD (SCHIENE + B/S) ABOVERFAHREN | J68: n.v. | K68: n.v. | M68: Job-Ticket_Jahr | O68: 32 | P68: Jahr | Q68: 1 | R68: DTV Kernsortiment | S68: 2 | T68: Zeitkarten DTV | U68: D | V68: 44562 | W68: 54788 | X68: Aktiv
A69: 102455 | C69: 102 | D69: BINNENVERKEHR | E69: 455 | F69: AZUBITICKET MV | G69: 158 | H69: AzubiTicket MV | I69: BASISGATTUNG ZUM ABO AZUBI T. MECKLENBURG VORPOMMERN | J69: n.v. | K69: n.v. | M69: Azubi-Ticket | O69: 32 | P69: Monat | Q69: 1 | R69: DTV Kernsortiment | S69: 2 | T69: Zeitkarten DTV | U69: D | V69: 44562 | W69: 54788 | X69: Aktiv
A70: 1237 | C70: 1 | D70: BINNENVERKEHR | E70: 237 | F70: DB/CFL OEKOCARD BAS | G70: 83 | H70: OekoCard Luxemburg | I70: BASISGATTUNG ZUR DB/CFL OEKOCARD IN ABO-NVS GKWV BEACHTEN !!! GL. PREISE U. WEGE WIE 1/228! | M70: Zeitkarte_Jahr | O70: 32 | P70: Jahr | Q70: 1 | R70: DTV Kernsortiment | S70: 2 | T70: Zeitkarten DTV | U70: D | V70: 44562 | W70: 54788 | X70: Aktiv
A71: 3178 | C71: 3 | D71: NAHVERKEHR | E71: 178 | F71: BAYERN-BÖHMEN TICKET | G71: 81 | H71: Bayern-Böhmen-Ticket | I71: BAYERN-BÖHMEN TICKET 2.KLASSE 1-5 PERSONEN (GKMV) FIN-GATTUNG!!! | J71: n.v. | K71: n.v. | M71: Bayern-Ticket | N71: ja | O71: 11 | Q71: 1 | R71: DTV Kernsortiment | S71: 3 | T71: Pauschalpreistickets DTV | U71: D | V71: 44562 | W71: 54788 | X71: aktiv
A72: 3170 | C72: 3 | D72: NAHVERKEHR | E72: 170 | F72: BAYERN-TICKET | G72: 2 | H72: Bayern-Ticket | I72: BAYERN-TICKET (PEP) QDL-LOGIK | J72: n.v. | K72: n.v. | M72: Bayern-Ticket | N72: ja | O72: 11 | Q72: 1 | R72: DTV Kernsortiment | S72: 3 | T72: Pauschalpreistickets DTV | U72: D | V72: 44562 | W72: 54788 | X72: Aktiv
A73: 3171 | C73: 3 | D73: NAHVERKEHR | E73: 171 | F73: BAYERN-TICKET NACHT | G73: 3 | H73: Bayern-Ticket Nacht | I73: BAYERN-TICKET NACHT 1.+ 2. KLASSE QDL-LOGIK | J73: n.v. | K73: n.v. | M73: Bayern-Ticket | N73: ja | O73: 11 | Q73: 1 | R73: DTV Kernsortiment | S73: 3 | T73: Pauschalpreistickets DTV | U73: D | V73: 44562 | W73: 54788 | X73: Aktiv
A74: 3234 | C74: 3 | D74: NAHVERKEHR | E74: 234 | F74: BAYERW.-ANSCHL. DEGG | G74: 123 | H74: Bayerwald-Anschlussticket Deggendorf | I74: BAYERWALD-ANSCHLUSSTICKET DEGGENDORF | J74: n.v. | K74: n.v. | M74: Bayerwald | O74: 11 | P74: Tag | Q74: 1 | R74: DTV IndiPlus | S74: 5 | T74: Angebote nicht provisionsrelevant | U74: H | V74: 44562 | W74: 45204 | X74: Inaktiv
A75: 180040 | C75: 180 | D75: DTV Haustarif | E75: 40 | F75: BAYERW.-ANSCHTI DEG | G75: 123 | H75: Bayerwald-Anschlussticket Deggendorf | I75: BAYERWALD-ANSCHLUSSTICKET DEGGENDORF | J75: n.v. | K75: n.v. | M75: Bayerwald | O75: 11 | Q75: 0 | R75: DTV IndiPlus | S75: 5 | T75: Angebote nicht provisionsrelevant | U75: H | V75: 45270 | W75: 54788 | X75: Aktiv
A76: 3232 | C76: 3 | D76: NAHVERKEHR | E76: 232 | F76: BAYERWALD-TICKET | G76: 122 | H76: Bayerwald-Ticket | I76: BAYERWALD-TICKET | J76: n.v. | K76: n.v. | M76: Bayerwald | O76: 11 | P76: Tag | Q76: 1 | R76: DTV IndiPlus | S76: 5 | T76: Angebote nicht provisionsrelevant | U76: H | V76: 44562 | W76: 45072 | X76: Inaktiv
A77: 3006 | C77: 3 | D77: NAHVERKEHR | E77: 6 | F77: BLB-TAGESTICKET | I77: BERCHTESGADEN - FREILASSING FIN-GATTUNG GEHÖRT ZU GATTUNG 4/18 !!!!!!!!! | J77: n.v. | K77: n.v. | M77: Haustarife | O77: 11 | Q77: 1 | R77: DTV Kernsortiment | S77: 3 | T77: Pauschalpreistickets DTV | U77: D | V77: 44562 | W77: 44542 | X77: Inaktiv
A78: 3007 | C78: 3 | D78: NAHVERKEHR | E78: 7 | F78: BLB-TAGEST.+SALZBURG | I78: BERCHTESGADEN - SALZBURG FIN-GATTUNG GKMV GEHÖRT ZU GATTUNG 4/19!!!!!!!!! | J78: n.v. | K78: n.v. | M78: Haustarife | O78: 11 | Q78: 1 | R78: DTV Kernsortiment | S78: 3 | T78: Pauschalpreistickets DTV | U78: D | V78: 44562 | W78: 44542 | X78: Inaktiv
A79: 3375 | C79: 3 | D79: NAHVERKEHR | E79: 375 | F79: BOUZONVILLE-TICKET | I79: BOUZONVILLE-TICKET GILT AUF BESTIMMTE STRECKE ZWISC HEN DILLINGEN UND NIDALTDORF NUR MT GKKV | J79: n.v. | K79: n.v. | M79: Aktion | O79: 11 | Q79: 0 | R79: DTV Kernsortiment | S79: 3 | T79: Pauschalpreistickets DTV | U79: D | V79: 44562 | W79: 45657 | X79: Inaktiv
A80: 3376 | C80: 3 | D80: NAHVERKEHR | E80: 376 | F80: BOUZONVILLE-T.(FAM) | I80: BOUZONVILLE-TICKET GILT AUF BESTIMMTE STRECKE ZWISC HEN DILLINGEN UND NIDALTDORF NUR MT GKKV | J80: n.v. | K80: n.v. | M80: Aktion | O80: 11 | Q80: 0 | R80: DTV Kernsortiment | S80: 3 | T80: Pauschalpreistickets DTV | U80: D | V80: 44562 | W80: 45657 | X80: Inaktiv
A81: 3513 | C81: 3 | D81: NAHVERKEHR | E81: 513 | F81: BRANDENB.-BERLIN-T. | G81: 4 | H81: Brandenburg-Berlin-Ticket | I81: BRANDENBURG-BERLIN-TICKET GKKV PREISBILDUNG SEEON-LOGIK FÜR PBV GATT. FÜR BUNDESLAND BB-B!!!!!! | J81: n.v. | K81: n.v. | M81: Brandenburg-Berlin-Ticket | N81: ja | O81: 11 | Q81: 1 | R81: DTV Kernsortiment | S81: 5 | T81: Angebote nicht provisionsrelevant | U81: H | V81: 44562 | W81: 54788 | X81: Aktiv
A82: 3517 | C82: 3 | D82: NAHVERKEHR | E82: 517 | F82: BRAND-BLN.-T.-NACHT | G82: 10 | H82: Brandenburg-Berlin-Ticket Nacht | I82: BRANDENBURG-BERLIN-TICKET NACHT GKKV PREISBILDUNG SEEON-LOGIK FÜR PBV GATT. FÜR BUNDESLAND BB-B!!!! | J82: n.v. | K82: n.v. | M82: Brandenburg-Berlin-Ticket | N82: ja | O82: 11 | Q82: 1 | R82: DTV Kernsortiment | S82: 5 | T82: Angebote nicht provisionsrelevant | U82: H | V82: 44562 | W82: 54788 | X82: Aktiv
A83: 180109 | C83: 180 | D83: DTV Haustarif | E83: 109 | F83: D-Semesterticket | G83: 183 | H83: Deutschlandsemesterticket im Vollsolidarmodell | I83: Deutschlandsemesterticket im Vollsolidarmodell | J83: n.v. | K83: n.v. | M83: Deutschlandticket_Semesterticket | N83: Postleitzahl | O83: 11 | P83: Monat | Q83: 1 | R83: DTV Kernsortiment | S83: 16 | T83: D-TICKET / 9-EURO | U83: D | V83: 45452 | W83: 54788 | X83: Aktiv
A84: 102229 | C84: 102 | D84: BINNENVERKEHR | E84: 229 | F84: DEUTSCHLANDTICKET JT | G84: 172 | H84: Deutschland-Ticket | I84: DEUTSCHLANDTICKET ALS JOBTICKET ALS JAHRESKARTE IM ABO 10% PREISBILDUNG F]R 1 X J[HRLICHE ABBUCHUNG DES GESAMTBETRAGS | J84: n.v. | K84: n.v. | M84: Deutschlandticket_JobTicket | O84: 11 | P84: Jahr | Q84: 1 | R84: DTV Kernsortiment | S84: 16 | T84: D-TICKET / 9-EURO | U84: D | V84: 44894 | W84: 45047 | X84: Inaktiv
A85: 102254 | C85: 102 | D85: BINNENVERKEHR | E85: 254 | F85: DEUTSCHLANDTICKET JT | G85: 172 | H85: Deutschland-Ticket | I85: DEUTSCHLANDTICKET ALS JOBTICKET ALS JAHRESKARTE IM ABO 10% PREISBILDUNG F]R MONATLICHE ABBUCHUNG DES BETRAGS | J85: n.v. | K85: n.v. | M85: Deutschlandticket_JobTicket | O85: 11 | P85: Monat | Q85: 1 | R85: DTV Kernsortiment | S85: 16 | T85: D-TICKET / 9-EURO | U85: D | V85: 44893 | W85: 45047 | X85: Inaktiv
A86: 102225 | C86: 102 | D86: BINNENVERKEHR | E86: 225 | F86: DEUTSCHLANDTICKET JT | G86: 172 | H86: Deutschland-Ticket | I86: DEUTSCHLANDTICKET ALS JOBTICKET ALS JAHRESKARTE IM ABO 5% PREISBILDUNG F]R 1 X J[HRLICHE ABBUCHUNG DES GESAMTBETRAGS | J86: n.v. | K86: n.v. | M86: Deutschlandticket_JobTicket | O86: 11 | P86: Jahr | Q86: 1 | R86: DTV Kernsortiment | S86: 16 | T86: D-TICKET / 9-EURO | U86: D | V86: 44652 | W86: 45041 | X86: Inaktiv
A87: 102224 | C87: 102 | D87: BINNENVERKEHR | E87: 224 | F87: DEUTSCHLANDTICKET JT | G87: 172 | H87: Deutschland-Ticket | I87: DEUTSCHLANDTICKET ALS JOBTICKET ALS JAHRESKARTE IM ABO 5% PREISBILDUNG F]R MONATLICHE ABBUCHUNG DES BETRAGS | J87: n.v. | K87: n.v. | M87: Deutschlandticket_JobTicket | O87: 11 | P87: Monat | Q87: 1 | R87: DTV Kernsortiment | S87: 16 | T87: D-TICKET / 9-EURO | U87: D | V87: 44652 | W87: 54788 | X87: Inaktiv
A88: 102069 | C88: 102 | D88: BINNENVERKEHR | E88: 69 | F88: DEUTSCHLANDTICKET JT | G88: 172 | H88: Deutschland-Ticket | I88: DEUTSCHLANDTICKET ALS JOBTICKET ALS MONATSKARTE IM ABO 10% ABOVERFAHREN PREISBILDUNG F]R MONATLICHE ABBUCHUNG DES BETRAGS | J88: n.v. | K88: n.v. | M88: Deutschlandticket_JobTicket | O88: 11 | P88: Monat | Q88: 1 | R88: DTV Kernsortiment | S88: 16 | T88: D-TICKET / 9-EURO | U88: D | V88: 44894 | W88: 45047 | X88: Inaktiv
A89: 102253 | C89: 102 | D89: BINNENVERKEHR | E89: 253 | F89: DEUTSCHLANDTICKET JT | G89: 172 | H89: Deutschland-Ticket | I89: DEUTSCHLANDTICKET ALS JOBTICKET ALS MONATSKARTE IM ABO 5% ABOVERFAHREN PREISBILDUNG F]R MONATLICHE ABBUCHUNG DES BETRAGS | J89: n.v. | K89: n.v. | M89: Deutschlandticket_JobTicket | O89: 11 | P89: Monat | Q89: 1 | R89: DTV Kernsortiment | S89: 16 | T89: D-TICKET / 9-EURO | U89: D | V89: 44652 | W89: 54788 | X89: Aktiv
A90: 35857 | C90: 35 | D90: WECHSELVERKEHR DB/NE | E90: 857 | F90: PERS JK ABO NE_DIG | G90: 304 | H90: persönliche Jahreskarte | I90: DIGITAL ABOVERFAHREN PREISBILDUNG FÜR 1 X JÄHRLICHE ABBUCHUNG DES GESAMTBETRAGS | J90: n.v. | K90: n.v. | M90: Zeitkarte_Jahr | O90: 32 | P90: Jahr | Q90: 1 | R90: DTV Kernsortiment | S90: 2 | T90: Zeitkarten DTV | U90: D | V90: 44562 | W90: 45639 | X90: Inaktiv
A91: 3713 | C91: 3 | D91: NAHVERKEHR | E91: 713 | F91: DRESDEN-WROCLAW SPEZ | G91: 127 | H91: Dresden-Wrocław-Spezial | I91: DRESDEN-WROCLAW-SPEZIAL GKMV BEACHTEN | J91: n.v. | K91: n.v. | M91: Aktion | O91: 11 | Q91: 2 | R91: DTV IndiPlus | S91: 5 | T91: Angebote nicht provisionsrelevant | U91: H | V91: 44562 | W91: 54788 | X91: Aktiv
A92: 3078 | C92: 3 | D92: NAHVERKEHR | E92: 78 | F92: EGRONET-TICKET | G92: 25 | H92: EgroNet-Ticket | I92: EGRONET-TICKET GKMV - FEPV | J92: n.v. | K92: n.v. | M92: Aktion | O92: 11 | Q92: 1 | R92: DTV Kernsortiment | S92: 3 | T92: Pauschalpreistickets DTV | U92: D | V92: 44562 | W92: 54788 | X92: Aktiv
A93: 142001 | C93: 142 | D93: SAAR-LORRAINE-TARIF | E93: 1 | F93: EINFACHE FAHRT | G93: 93 | H93: Saar-Lorraine-Tarif (als einfache Fahrt und Hin- und Rückfahrt) | I93: EINFACHE FAHRT IM SAAR-LORRAINE- TARIF / METROLOR DUMMY FÜR FIRE; NTA | J93: n.v. | K93: n.v. | M93: Haustarife | O93: 32 | Q93: 1 | R93: DTV Kernsortiment | S93: 1 | T93: Normalpreis DTV | U93: D | V93: 44562 | W93: 54788 | X93: Aktiv
A94: 3346 | C94: 3 | D94: NAHVERKEHR | E94: 346 | F94: ÜT RIO EINZELFRT ERM | G94: 80 | H94: Übergangstarif Riesa (TZ 41)-Oschatz (T 127) (ÜT RiO) | I94: EINZELFAHRKARTE ÜBERGANGSTARIF RIESA-OSCHATZ ERM PEP-GATTUNG PANDA | J94: n.v. | K94: n.v. | M94: Sonstige | O94: 32 | Q94: 1 | R94: DTV IndiPlus | S94: 5 | T94: Angebote nicht provisionsrelevant | U94: H | V94: 44562 | W94: 54788 | X94: Inaktiv
A95: 180015 | C95: 180 | D95: DTV Haustarif | E95: 15 | F95: Chemnitz-Dresden-Bestpreis Einzelfahrt | G95: 112 | H95: Chemnitz – Dresden Bestpreis | I95: Einzelfahrt | J95: n.v. | K95: n.v. | M95: Aktion | O95: 11 | Q95: 1 | R95: DTV IndiPlus | S95: 5 | T95: Angebote nicht provisionsrelevant | U95: H | V95: 44562 | W95: 45270 | X95: Inaktiv
A96: 180013 | C96: 180 | D96: DTV Haustarif | E96: 13 | F96: Dresden-Freiberg-Bestpreis Einzelfahrt | G96: 111 | H96: Dresden – Freiberg Bestpreis | I96: Einzelfahrt | J96: n.v. | K96: n.v. | M96: Aktion | O96: 11 | Q96: 1 | R96: DTV IndiPlus | S96: 5 | T96: Angebote nicht provisionsrelevant | U96: H | V96: 44562 | W96: 45270 | X96: Inaktiv
A97: 180017 | C97: 180 | D97: DTV Haustarif | E97: 17 | F97: Plauen (Vogtl)-Chemnitz-Bestpreis Einzelfahrt | G97: 113 | H97: Chemnitz – Plauen Bestpreis | I97: Einzelfahrt | J97: n.v. | K97: n.v. | M97: Aktion | O97: 11 | Q97: 1 | R97: DTV IndiPlus | S97: 5 | T97: Angebote nicht provisionsrelevant | U97: H | V97: 44562 | W97: 45270 | X97: Inaktiv
A98: 102776 | C98: 102 | D98: BINNENVERKEHR | E98: 776 | F98: DEUTSCHLANDTICKET digital Jahr | G98: 172 | H98: Deutschland-Ticket | I98: ERSTELLUNGSGATTUNG ZUM ABO Deutschlandticket JAHRESZAHLUNG | J98: n.v. | K98: n.v. | M98: Deutschlandticket | O98: 11 | P98: Jahr | Q98: 1 | R98: DTV Kernsortiment | S98: 16 | T98: D-TICKET / 9-EURO | U98: D | V98: 44852 | W98: 45041 | X98: Inaktiv
A99: 102443 | C99: 102 | D99: BINNENVERKEHR | E99: 443 | F99: ABO JK VITAL | G99: 304 | H99: persönliche Jahreskarte | I99: ERSTELLUNGSGATTUNG ZUM ABO VITAL | J99: n.v. | K99: n.v. | M99: Zeitkarte_Jahr | O99: 32 | Q99: 1 | R99: DTV Kernsortiment | S99: 2 | T99: Zeitkarten DTV | U99: D | V99: 44562 | W99: 45640 | X99: Inaktiv
A100: 3520 | C100: 3 | D100: NAHVERKEHR | E100: 520 | F100: FAHR & SPAR SÜDPFALZ | G100: 27 | H100: Fahr&Spar Südpfalz | I100: FAHR&SPAR SÜDPFALZ GKMV! GKKV! 15.12.19-12.12.2020 | J100: n.v. | K100: n.v. | M100: Aktion | O100: 11 | Q100: 2 | R100: DTV Kernsortiment | S100: 3 | T100: Pauschalpreistickets DTV | U100: D | V100: 44562 | W100: 54788 | X100: Aktiv
A101: 3455 | C101: 3 | D101: NAHVERKEHR | E101: 455 | F101: FAHRRADKARTE DELUX | G101: 95 | H101: Fahrradtageskarte DeLux | I101: FAHRRADKARTE DELUX NUR MT FP = 6,00EURO | J101: n.v. | K101: n.v. | M101: Fahrrad | O101: 11 | Q101: 1 | R101: DTV Kernsortiment | S101: 4 | T101: Sonstige Angebote DTV | U101: D | V101: 44562 | W101: 45269 | X101: inaktiv
A102: 180139 | C102: 180 | D102: DTV Haustarif | E102: 139 | F102: FAHRRAD-KURZ BAY.EF Anstoß | G102: 98 | H102: Fahrrad-Kurzstreckenkarte Bayern | I102: Fahrradkurzstreckenkarte Bayern einfache Fahrt für Wechselverkehr | J102: n.v. | K102: n.v. | M102: Fahrrad | O102: 32 | Q102: 0 | R102: DTV Kernsortiment | S102: 4 | T102: Sonstige Angebote DTV | U102: D | V102: 44562 | W102: 54788 | X102: Aktiv
A103: 3139 | C103: 3 | D103: NAHVERKEHR | E103: 139 | F103: FAHRRAD-KURZ BAY.EF | G103: 98 | H103: Fahrrad-Kurzstreckenkarte Bayern | I103: FAHRRADKURZSTRECKENKARTE BAYERN EINFACHE FAHRT PEP BIS ZUM HÖCHSTPREIS DER FAHRRAD- TAGESKARTE BAYERN | J103: 180 | K103: 139 | L103: DTV Haustarif | M103: Fahrrad | O103: 32 | Q103: 0 | R103: DTV Kernsortiment | S103: 4 | T103: Sonstige Angebote DTV | U103: D | V103: 44562 | W103: 54788 | X103: Aktiv
A104: 3241 | C104: 3 | D104: NAHVERKEHR | E104: 241 | F104: REGIO-T. WERDENFELS | G104: 62 | H104: Regio-Ticket Werdenfels | I104: FIN-GATTUNG GRBV 212 GKMV AKTION AB 0.UHR UMBENNENUNG VON WERDENFELS IN REGIO TICKET WERDENFELS | J104: n.v. | K104: n.v. | M104: Regio-Tickets (Bayern) | O104: 11 | Q104: 1 | R104: DTV Kernsortiment | S104: 3 | T104: Pauschalpreistickets DTV | U104: D | V104: 44562 | W104: 54788 | X104: Aktiv
...

Sheet Legende VerkGatt
B2: Angebote des DTV Kernsortiments
B4: Angebote des DTV Individualsortiments Plus
B6: abgelaufene /inaktive Gattungen
B8: DB interne Gattungen oder Pilotangebote Dritte
A10: einzelne Felder | B10: Besonderheiten oder Prüfungen

Sheet Ticketcluster DTV
A1: Ticketcluster_ID | B1: Ticketcluster
A2: 1 | B2: Normalpreis DTV
A3: 2 | B3: Zeitkarten DTV
A4: 3 | B4: Pauschalpreistickets DTV
A5: 4 | B5: Sonstige Angebote DTV
A6: 5 | B6: Angebote nicht provisionsrelevant
A7: 6 | B7: Flexpreis FV
A8: 7 | B8: Sparpreis FV
A9: 8 | B9: Zeitkarten FV
A10: 9 | B10: Sonstige Angebote FV
A11: 10 | B11: BC 25 / BC 50 FV
A12: 11 | B12: Korrektur relationsbezogene Regeln
A13: 12 | B13: Korrektur relationslose Regeln
... A25: 19 | B25: Korrektur Flexpreise FV

Sheet Verkaufsart
A1: VART Nr | B1: Vart_Name | C1: Vertriebskanal | D1: Memo
A2: 05 | B2: Ticketautomat | C2: Klassisch
A3: 08 | B3: Automat im Zug | C3: Klassisch
A4: 09 | B4: Diverse | C4: OMA (Online, Mobile, Abo)
A5: 35 | B5: personalbedienter Verkauf | C5: Klassisch | D5: Reisezentren, Agenturen
A6: 50 | B6: Web-Verkauf | C6: OMA (Online, Mobile, Abo) | D6: Web-Verkauf, Internet, Browser -> in Korrekturen für OMA verwendet
A7: 56 | B7: In-/Out-Verkauf | C7: OMA (Online, Mobile, Abo) | D7: In-/Out-Verkauf (z.B. Check In / Check Out)
A8: 64 | B8: Abo-Verkauf | C8: OMA (Online, Mobile, Abo) | D8: nicht die Aquise, sondern Folgemonate
A9: 78 | B9: Mobiles Terminal, Verkauf im Zug | C9: Klassisch | D9: Mobiles Terminal, Verkauf im Zug
A10: 89 | B10: Mobile-Verkauf | C10: OMA (Online, Mobile, Abo) | D10: z.B. MD Mobil, HanseCom, HandyTicket Deutschland

Sheet Zahlungsart
A1: ZART Nr | B1: ZART | C1: Memo | D1: DTV-relevant
A2: 51 | B2: BARZAHLUNG | C2: Bar,Gutschein,Rechnung | D2: Ja
A3: 55 | B3: KREDITKART | C3: Kreditkarte | D3: Ja
A4: 60 | B4: LASTSCHR. | C4: Lastschrift | D4: Ja
A5: 68 | B5: PAYPAL | C5: PayPal | D5: Ja
A6: 69 | B6: SOF.ÜBERW. | C6: Sofort-Überweisung | D6: Ja
A7: 71 | B7: GIROCARD | C7: Girocard | D7: ja
A8: 78 | B8: PAYDIREKT | C8: Paydirekt | D8: Ja
A9: 99 | B9: Diverse | C9: nur für Fälle in denen die Zahlungsart nicht ermittelbar ist verwenden | D9: Ja

Sheet Ermäßigung
A1: ErmArt | B1: Ermäßigung | C1: DTV-relevant | D1: Info | E1: Memo
A2: 0 | B2: Unbekannt | C2: ja | E2: nur für Fälle in denen die Ermäßigungsart nicht ermittelbar ist verwenden
A3: 1 | B3: Keine | C3: ja
A4: 2 | B4: KIND | C4: ja | D4: Reisendentyp | E4: Bei Kind mit BC wird als Ermäßigung die BC (19 oder 49) angegeben, bei Kindern ohne BC wird als Ermäßigung 2 eingetragen. Die Anzahl der Kinder steht in Feld 39, die Anzahl der ermäßigten Kinder mit BC steht in Feld 49
A5: 5 | B5: HUND | C5: ja | D5: Reisendentyp
A6: 19 | B6: BC 50 | C6: ja | D6: DB | E6: BahnCard 50
A7: 41 | B7: RAILPLUS | C7: Ja | D7: international | E7: RAILPLUS
A8: 48 | B8: BEGLEIT | C8: ja | D8: Reisendentyp | E8: In Deutschland ohne Ticket mit Schwerbehindertenausweis, international ist ein Ticket notwendig
A9: 49 | B9: BC 25 | C9: ja | E9: BahnCard 25
A10: 50 | B10: BC 100 | C10: Ja | E10: BahnCard 100

Sheet Klasse
A1: Codierung | B1: Bezeichnung | C1: DTV-relevant
A2: 1 | B2: 1. Klasse | C2: ja
A3: 2 | B3: 2. Klasse | C3: ja | D3: Default-Wert
A4: 3 | B4: Übergang 2. in 1. Klasse | C4: ja

Sheet VN-PLZ-ORT
A1: VK | B1: BEZ | C1: Langtext Datenbank P Langname Verbund
A2: 005 | B2: DING | C2: Donau-Iller-Nahverkehrsverbund
A3: 006 | B3: TGO | C3: Tarifgemeinschaft Ortenau
A4: 007 | B4: VPE | C4: Verkehrsverbund Pforzheim-Enzkreis
A5: 009 | B5: HNV | C5: Heilbronner Hohenloher Haller Nahverkehr
A6: 013 | B6: WTV | C6: Waldshuter Tarifverbund
A7: 015 | B7: RVF | C7: Regio-Verkehrsverbund Freiburg
A8: 017 | B8: AVV | C8: Aachener Verkehrsverbund
A9: 021 | B9: RMV | C9: Rhein-Main Verkehrsverbund
A10: 022 | B10: SVV | C10: Salzburger Verkehrsverbund
A11: 024 | B11: RVL | C11: Regio Verkehrsverbund Lörrach
A12: 025 | B12: VHB | C12: Verkehrsunternehmen Hegau-Bodensee Verbund
... A44: 086 | B44: HTV | C44: Heidenheimer Tarifverbund
A45: 103 | B45: VLP | C45: Verkehrsgemeinschaft Landkreis Passau
A46: 104 | B46: VGM | C46: Verkehrsgemeinschaft Münsterland
A47: 106 | B47: BODO | C47: Bodensee-Oberschwaben Verkehrsverbund
A48: 107 | B48: RTK | C48: Regionale Tarifkooperation
A49: 108 | B49: VVL | C49: Verkehrsverbund Vogtland
A50: 110 | B50: SHT | C50: Schleswig-Holstein-Tarif
A51: 111 | B51: VAB | C51: Verkehrsgemeinschaft am Bayerischen Untermain
A52: 112 | B52: VVR | C52: Verkehrsverbund Rottweil
A53: 114 | B53: VGW | C53: Verkehrsgemeinschaft Westfalen Süd
A54: 115 | B54: VRT | C54: Verkehrsverbund Region Trier
A55: 116 | B55: NALDO | C55: Verkehrsverbund Neckar-Alb-Donau
A56: 117 | B56: VLC | C56: Verkehrsgemeinschaft Landkreis Cham
... A78: 238 | B78: LTBW | C78: Landestarif Baden-Würtemberg
